 Dungeon Sprint DCSS version 0.30.1-9-gdf580d7c3d (webtiles) character file.

Game seed: 8829249250748703811

13847 BadtimePacifist the Carver (level 11, -4/99 (101) HPs) *EXPLORE*
             Began as a Demigod Gladiator on May 16, 2023.
             Slain by Mennas
             ... wielding a +1 sacred scourge of holy wrath
              (10 damage)
             ... in the Dungeon (Sprint III: "The Ten Rune Challenge") on Oct 13, 2023.
             The game lasted 00:55:21 (4912 turns).

BadtimePacifist the Carver (Demigod Gladiator)      Turns: 4912, Time: 00:55:23

HP:   -4/99 (101)   AC:  9    Str: 27    XL:     11   Next: 52%
MP:   27/27         EV: 12    Int:  8    God:
Gold: 1375          SH:  0    Dex: 15    Spells: 24/25 levels left

rFire   . . .        o - +0 scimitar
rCold   . . .        (no shield)
rNeg    . . .        p - +0 plate armour
rPois   .            c - +0 helmet
rElec   .            (no cloak)
rCorr   .            (no gloves)
SInv    .            (no boots)
Will    +....        (no amulet) Stlth
                     (no ring)
HPRegen 0.36/turn    (no ring)
MPRegen 0.20/turn

%: no teleportation
@: glowing, silenced, lightly drained, unable to read, unable to drink
A: high MP 1, forlorn, divine attributes, deformed body, dopey 1, screaming 1,
subdued magic 1, inability to drink after injury 1, inability to read after
injury 1
a: no special abilities


You were in the Dungeon.
You visited 1 branch You collected 2975 gold pieces.
You spent 1600 gold pieces at shops.

Inventory:

Hand Weapons
 a - a +0 rapier
 j - a +1 dire flail of distortion
 l - a +1 long sword of holy wrath
 n - a +0 dagger
 o - a +0 scimitar (weapon)
 q - a +1 hand axe of venom
Missiles
 d - 2 throwing nets (quivered)
 e - a javelin
Armour
 b - a +0 leather armour
 c - a +0 helmet (worn)
 p - a +0 plate armour (worn)
 r - a +0 chain mail
 s - a +0 scale mail
 t - a +0 ring mail
Wands
 m - a wand of digging (8)
Scrolls
 k - a scroll of blinking
Potions
 f - 3 potions of curing
 g - 2 potions of heal wounds
 h - a potion of haste
 i - 2 potions of magic


   Skills:
 + Level 10.7 Fighting
 * Level 9.7(12.0) Short Blades
 * Level 11.3(12.8) Long Blades
 * Level 1.2 Maces & Flails
 * Level 9.2 Throwing
 + Level 7.8 Armour
 + Level 9.9 Dodging
 * Level 9.6 Stealth
 * Level 8.7 Unarmed Combat
 * Level 7.8 Spellcasting
 * Level 4.0 Transmutations
 * Level 1.1 Evocations


You had 24 spell levels left.
You knew the following spells:

 Your Spells              Type           Power      Damage    Failure   Level
a - Beastly Appendage     Tmut           14%        N/A       32%         1

Your spell library contained the following spells:

 Spells                   Type           Power      Damage    Failure   Level
 Wereblood                Tmut           7%         N/A       45%         2
 Passwall                 Tmut/Erth      3%         N/A       75%         2
 Freeze                   Ice            8%         1d3       87%         1
 Kiss of Death            Conj/Necr      8%         2d6       87%         1
 Sandblast                Erth           4%         2d4       87%         1
 Spider Form              Tmut/Pois      4%         N/A       93%         3
 Cigotuvi's Dreadful Rot  Necr/Pois/Air  4%         N/A       95%         2
 Ensorcelled Hibernation  Hex/Ice        4%         N/A       95%         2
 Poisonous Vapours        Pois/Air       4%         N/A       95%         2
 Static Discharge         Conj/Air       4%         2-3/arc   95%         2
 Confusing Touch          Hex            2%         N/A       99%         3
 Frozen Ramparts          Ice            4%         1d1       99%         3
 Hailstorm                Conj/Ice       2%         3d3       99%         3
 Stone Arrow              Conj/Erth      4%         3d7       99%         3
 Swiftness                Air            2%         N/A       99%         3
 Vhi's Electric Charge    Tloc/Air       4%         N/A       99%         3
 Dispel Undead            Necr           2%         3d7       100%        4
 Arcjolt                  Conj/Air       1%         1d11      100%        5
 Death Channel            Necr           1%         N/A       100%        6
 Plasma Beam              Fire/Air       1%         2x1d12    100%        6
 Statue Form              Tmut/Erth      2%         N/A       100%        6


Dungeon Overview and Level Annotations

Branches:
Dungeon (1/1)

Annotations:
D Mennas


Innate Abilities, Weirdness & Mutations

You have an increased reservoir of magic. (+10% MP)
You shall have no god before yourself.
Your divine heritage dramatically boosts your attributes as you level up.
Armour fits poorly on your strangely shaped body.
You are dopey. (Int -2)
You occasionally shout uncontrollably at your foes.
Your spells are a little easier to cast, but a little less powerful.
You occasionally lose the ability to drink potions when taking damage.
You occasionally lose the ability to read scrolls when taking damage.


Message History

Mennas hits you with a +1 sacred scourge of holy wrath!
Mennas barely misses you.
Mennas hits you with a +1 sacred scourge of holy wrath!! x2
* * * LOW HITPOINT WARNING * * *
Unknown command.
You bump into the stone wall.
Mennas closely misses you.
Mennas hits you with a +1 sacred scourge of holy wrath!
* * * LOW HITPOINT WARNING * * *
Unknown command.
Mennas blocks your attack.
Mennas hits you with a +1 sacred scourge of holy wrath.
* * * LOW HITPOINT WARNING * * *
Mennas hits you with a +1 sacred scourge of holy wrath!
Die? [Y]es or [N]o only, please.
Die?
Thought so.
Mennas hits you with a +1 sacred scourge of holy wrath!!
Mennas hits you with a +1 sacred scourge of holy wrath.
Unknown command.
You're too confused to move!
Mennas misses you.
Mennas hits you with a +1 sacred scourge of holy wrath.
Unknown command.
Unknown command.
You bump into the stone wall.
You feel less confused.
Mennas hits you with a +1 sacred scourge of holy wrath!!
Mennas hits you but does no damage.
Mennas hits you with a +1 sacred scourge of holy wrath!!
* * * LOW HITPOINT WARNING * * *
Mennas hits you with a +1 sacred scourge of holy wrath!!
* * * LOW HITPOINT WARNING * * *
Unknown command.
Unknown command.
Unknown command.
Unknown command.
Unknown command.
Mennas hits you with a +1 sacred scourge of holy wrath!
Die?
You die...

♣PP##.#.#.## ♣♣
##'########
#...'.§§≈≈#
#...#.≈≈≈§#
#...#.#≈≈§#
#####)#c≈≈≈# #.....#
#≈≈≈≈ ##### #....)#
c§≈≈ #...# #...A@#
#≈§ #...# #...[.# §
##'## #'#####
###.... #.....+
##.#.###
#.#############..'.#
#.#[.....÷....'..###
#.#.......########
#.#))...###
#.#.).###.#


You could see Mennas (silencing).

Vanquished Creatures
  Harold (D)
  Snorg (D)
  A fire dragon (D)
  A centaur warrior (D)
  A deep elf knight (D)
  A shadow wraith (D)
  An orange crystal statue (D)
  Joseph (D)
  3 deep elf pyromancers (D)
  2 deep elf zephyrmancers (D)
  4 crystal guardians (D)
  An orc sorcerer (D)
  4 statues (D)
  2 unseen horrors (D)
  4 spriggan defenders (D)
  An orc high priest (D)
  3 hornets (D)
  A slime creature (D)
  A shadow (D)
  A spatial vortex (D)
  3 orc warriors (D)
  2 centaurs (D)
  An earth elemental (D)
  A scorpion (D)
  A water elemental (D)
  6 orc priests (D)
  A jelly (D)
  Jessica (D)
  2 orc wizards (D)
  3 humans (D)
  A kobold demonologist (D)
  5 orcs (D)
  An endoplasm (D)
  2 rats (D)
65 creatures vanquished.

Vanquished Creatures (others)
  Mara (D)
  An orc high priest (D)
  A wizard (D)
  3 orcs (D)
  A ballistomycete spore (D)
7 creatures vanquished.

Grand Total: 72 creatures vanquished

Notes
Turn   | Place    | Note
-------+----------+-------------------------------------------
     0 | D        | BadtimePacifist the Demigod Gladiator began the quest for
                  | the Orb.
     0 | D        | Reached XP level 1. HP: 17/17 MP: 3/3
     0 | D        | Entered explore mode.
    16 | D        | Noticed Jessica
    21 | D        | Killed by nerve-wracking pain
                  | ... invoked by Jessica
                  | (14 damage)
    22 | D        | Killed Jessica
    23 | D        | Reached skill level 1 in Long Blades
    23 | D        | Reached skill level 1 in Armour
    23 | D        | Reached skill level 1 in Stealth
    23 | D        | Reached skill level 1 in Unarmed Combat
    23 | D        | Reached skill level 1 in Spellcasting
    23 | D        | Reached XP level 2. HP: 24/24 MP: 3/5
    78 | D        | Reached XP level 3. HP: 5/30 MP: 5/7
    88 | D        | Noticed a water elemental
    96 | D        | Mangled by a water elemental (11 damage)
    99 | D        | Slain by a water elemental (14 damage)
   103 | D        | Drowned by a water elemental (8 damage)
   105 | D        | Drowned by a water elemental (9 damage)
   108 | D        | Killed a water elemental
   109 | D        | Reached skill level 2 in Long Blades
   109 | D        | Reached XP level 4. HP: 16/38 MP: 7/9
   126 | D        | Noticed an ice devil
   127 | D        | Mangled by an ice devil (13 damage)
                  | ... summoned by a kobold demonologist
   132 | D        | Mangled by an ice devil (13 damage)
                  | ... summoned by a kobold demonologist
   134 | D        | Slain by a wizard
                  | ... wielding a +0 dagger
                  | (5 damage)
   139 | D        | Slain by a wizard
                  | ... wielding a +0 dagger
                  | (5 damage)
   170 | D        | Noticed a deep elf pyromancer
   175 | D        | Slain by a deep elf pyromancer
                  | ... wielding a +1 long sword of holy wrath
                  | (3 damage)
   180 | D        | Killed a deep elf pyromancer
   181 | D        | Reached skill level 5 in Fighting
   181 | D        | Reached skill level 4 in Long Blades
   181 | D        | Reached skill level 5 in Dodging
   181 | D        | Reached XP level 5. HP: 13/48 MP: 10/13
   181 | D        | Reached XP level 6. HP: 15/56 MP: 10/14
   197 | D        | Noticed a human
   198 | D        | Noticed a human
   203 | D        | HP: 2/56 [human (13)]
   203 | D        | Mangled by a human (8 damage)
   208 | D        | Mangled by a human (10 damage)
   214 | D        | Slain by a human (10 damage)
   220 | D        | Killed a human
   221 | D        | Reached skill level 5 in Throwing
   221 | D        | Reached XP level 7. HP: 19/62 MP: 14/16
   228 | D        | Slain by a human (11 damage)
   232 | D        | Killed a human
   233 | D        | Reached skill level 5 in Armour
   233 | D        | Reached skill level 5 in Stealth
   251 | D        | Noticed a shadow
   256 | D        | Killed a shadow
   257 | D        | Reached skill level 5 in Long Blades
   270 | D        | Noticed Snorg
   275 | D        | Slain by Snorg (15 damage)
   277 | D        | Slain by Snorg (15 damage)
   279 | D        | Mangled by Snorg (23 damage)
   281 | D        | HP: 1/64 [Snorg (5)]
   282 | D        | Mangled by Snorg (10 damage)
   284 | D        | Slain by Snorg (8 damage)
   286 | D        | Mangled by Snorg (12 damage)
   287 | D        | HP: 3/64 [Snorg (16)]
   287 | D        | Annihilated by Snorg (25 damage)
   292 | D        | Slain by Snorg (5 damage)
   303 | D        | Slain by Snorg (12 damage)
   309 | D        | Slain by Snorg (11 damage)
   312 | D        | Slain by Snorg (11 damage)
   314 | D        | Slain by Snorg (23 damage)
   319 | D        | Slain by Snorg (15 damage)
   321 | D        | Slain by Snorg (19 damage)
   323 | D        | Slain by Snorg (5 damage)
   325 | D        | Slain by Snorg (9 damage)
   327 | D        | Slain by Snorg (11 damage)
   330 | D        | HP: 3/64 [Snorg (10)]
   332 | D        | Slain by Snorg (5 damage)
   339 | D        | Killed Snorg
   340 | D        | Reached skill level 6 in Long Blades
   340 | D        | Reached skill level 5 in Unarmed Combat
   340 | D        | Reached XP level 8. HP: 14/73 MP: 16/18
   346 | D        | Mangled by an earth elemental (29 damage)
   356 | D        | HP: 3/73 [earth elemental (37)]
   358 | D        | Annihilated by an earth elemental (35 damage)
   372 | D        | Demolished by an earth elemental (22 damage)
   388 | D        | Noticed a centaur warrior
   393 | D        | HP: 3/74 [centaur (2)]
   394 | D        | Slain by a centaur warrior (6 damage)
   400 | D        | Slain by a centaur warrior (8 damage)
   406 | D        | Killed a centaur warrior
   407 | D        | Reached skill level 5 in Spellcasting
   412 | D        | Reached XP level 9. HP: 16/81 MP: 18/20
   416 | D        | Reached skill level 7 in Long Blades
   465 | D        | HP: 3/81 [something (6)]
   466 | D        | Slain by an unseen horror (3 damage)
   484 | D        | Slain by an unseen horror (10 damage)
   493 | D        | Slain by an unseen horror (5 damage)
   502 | D        | Killed an unseen horror
   508 | D        | HP: 4/81 [something (2)]
   508 | D        | Slain by an unseen horror (7 damage)
   522 | D        | HP: 4/81 [something (5)]
   524 | D        | Slain by an unseen horror (8 damage)
   545 | D        | HP: 4/81 [something (4)]
   546 | D        | Slain by an unseen horror (7 damage)
   569 | D        | HP: 1/81 [something (4)]
   570 | D        | Slain by an unseen horror (5 damage)
   589 | D        | Found Kirch's Book Boutique.
   589 | D        | Noticed an orc sorcerer
   594 | D        | HP: 3/77 [orc sorcerer/bolt of fire (27)]
   594 | D        | Killed by divine providence
                  | ... invoked by an orc priest
                  | (13 damage)
   606 | D        | HP: 3/77 [orc sorcerer/+0 dagger (5)]
   606 | D        | Killed by divine providence
                  | ... invoked by an orc priest
                  | (12 damage)
   615 | D        | Paralysed by an orc sorcerer for 4 turns
   615 | D        | Killed by divine providence
                  | ... invoked by an orc priest
                  | (14 damage)
                  | ... while paralysed by an orc sorcerer
   620 | D        | Slain by an orc warrior
                  | ... wielding a +0 hand axe
                  | (8 damage)
   622 | D        | Killed an orc sorcerer
   625 | D        | Slain by an orc warrior
                  | ... wielding a +0 mace
                  | (9 damage)
   633 | D        | Slain by an orc warrior
                  | ... wielding a +0 scimitar
                  | (13 damage)
   644 | D        | Slain by an orc warrior
                  | ... wielding a +0 scimitar
                  | (8 damage)
   658 | D        | Killed by divine providence
                  | ... invoked by an orc priest
                  | (10 damage)
   664 | D        | HP: 1/82 [orc priest/divine providence (12)]
   664 | D        | Killed by divine providence
                  | ... invoked by an orc priest
                  | (13 damage)
   678 | D        | HP: 4/82 [orc/+2 dagger of speed (2)]
   678 | D        | Demolished by an orc warrior
                  | ... wielding a +0 scimitar
                  | (21 damage)
   692 | D        | Slain by an orc warrior
                  | ... wielding a +0 scimitar
                  | (13 damage)
   701 | D        | HP: 4/82 [orc warrior/+0 scimitar (10)]
   702 | D        | Mangled by an orc warrior
                  | ... wielding a +0 scimitar
                  | (11 damage)
   712 | D        | Reached skill level 8 in Long Blades
   716 | D        | HP: 1/82 [something (8)]
   720 | D        | Slain by an unseen horror (6 damage)
   748 | D        | HP: 4/82 [something (6)]
   749 | D        | Mangled by an unseen horror (10 damage)
   781 | D        | HP: 3/82 [something (2)]
   783 | D        | Slain by an unseen horror (5 damage)
   802 | D        | Bought a book of Frost for 200 gold pieces
   802 | D        | Bought a book of Touch for 220 gold pieces
   802 | D        | Bought a book of Geomancy for 180 gold pieces
   802 | D        | Bought a book of Changes for 180 gold pieces
   802 | D        | Bought the Discourse on Electric Transmigration for 320
                  | gold pieces
   802 | D        | Bought a book of Burglary for 200 gold pieces
   802 | D        | Bought a book of Decay for 300 gold pieces
   804 | D        | Learned a level 1 spell: Beastly Appendage
   815 | D        | HP: 3/82 [something (4)]
   816 | D        | HP: 1/82 [something (2)]
   816 | D        | Slain by an unseen horror (6 damage)
   855 | D        | Slain by an unseen horror (5 damage)
   877 | D        | HP: 3/82 [something (9)]
   882 | D        | Slain by an unseen horror (5 damage)
   910 | D        | Slain by an unseen horror (7 damage)
   947 | D        | Slain by an unseen horror (10 damage)
  1014 | D        | Noticed a deep elf zephyrmancer
  1014 | D        | Noticed a deep elf knight
  1014 | D        | Noticed a deep elf pyromancer
  1014 | D        | Noticed a deep elf pyromancer
  1014 | D        | Noticed a deep elf zephyrmancer
  1025 | D        | Noticed a deep elf zephyrmancer
  1027 | D        | Mangled by a deep elf knight
                  | ... wielding a +0 short sword
                  | (15 damage)
  1029 | D        | Noticed a deep elf demonologist
  1031 | D        | Noticed a deep elf death mage
  1031 | D        | Killed from afar by a deep elf zephyrmancer (42 damage)
                  | ... with a bolt of lightning
  1033 | D        | Killed from afar by a deep elf knight (38 damage)
                  | ... with a shard of ice
  1041 | D        | Killed from afar by a deep elf knight (28 damage)
                  | ... with a lance of force
  1044 | D        | Slain by a fire elemental (12 damage)
                  | ... summoned by a deep elf pyromancer
  1048 | D        | HP: 3/82 [fire elemental[a deep elf pyromancer] (7)]
  1048 | D        | Killed from afar by a deep elf knight (18 damage)
                  | ... with a lance of force
  1051 | D        | Mangled by a fire elemental (12 damage)
                  | ... summoned by a deep elf pyromancer
  1055 | D        | Slain by a fire elemental (11 damage)
                  | ... summoned by a deep elf pyromancer
  1061 | D        | Killed from afar by a deep elf knight (30 damage)
                  | ... with a shard of ice
  1062 | D        | Killed a deep elf knight
  1066 | D        | HP: 2/82 [fire elemental[a deep elf pyromancer] (9)]
  1067 | D        | Mangled by a fire elemental (13 damage)
                  | ... summoned by a deep elf pyromancer
  1081 | D        | HP: 3/82 [burnt (5)]
  1081 | D        | Slain by a deep elf zephyrmancer
                  | ... wielding a +0 rapier
                  | (5 damage)
  1088 | D        | Killed a deep elf pyromancer
  1090 | D        | Killed from afar by a deep elf zephyrmancer (27 damage)
                  | ... with a bolt of lightning
  1104 | D        | Killed a deep elf zephyrmancer
  1104 | D        | Noticed a deep elf master archer
  1105 | D        | Reached XP level 10. HP: 41/91 MP: 23/23
  1105 | D        | Killed from afar by a deep elf zephyrmancer (23 damage)
                  | ... with a bolt of lightning
  1107 | D        | Shot with an arrow by a deep elf master archer (45 damage)
  1117 | D        | Killed a deep elf zephyrmancer
  1118 | D        | Reached skill level 9 in Long Blades
  1120 | D        | Noticed a deep elf death mage
  1123 | D        | Succumbed to barbed spike wounds
  1128 | D        | Identified the +6 great sword "Uhazumafuo" {freeze, Int+3
                  | SInv}
  1128 | D        | Identified the ring "Ruige" {Drain rPois Str-5 SInv Stlth+}
  1128 | D        | Noticed a deep elf demonologist
  1130 | D        | HP: 1/91 [hellwing[a deep elf demonologist] (8)]
  1130 | D        | Slain by a hellwing (5 damage)
                  | ... summoned by a deep elf demonologist
  1131 | D        | Noticed a Hell Sentinel
  1131 | D        | Noticed a deep elf demonologist
  1134 | D        | Noticed a rust devil
  1141 | D        | Noticed a Brimstone Fiend
  1142 | D        | Noticed a sun demon
  1142 | D        | Noticed a sun demon
  1144 | D        | Noticed an Ice Fiend
  1144 | D        | Noticed a Tzitzimitl
  1146 | D        | HP: 1/91 [sun demon[a deep elf demonologist] (23)]
  1146 | D        | Demolished by a sun demon (18 damage)
                  | ... summoned by a deep elf demonologist
  1150 | D        | Mangled by a sun demon (12 damage)
                  | ... summoned by a deep elf demonologist
  1153 | D        | Demolished by a sun demon (22 damage)
                  | ... summoned by a deep elf demonologist
  1156 | D        | Slain by a sun demon (18 damage)
                  | ... summoned by a deep elf demonologist
  1158 | D        | Demolished by a sun demon (19 damage)
                  | ... summoned by a deep elf demonologist
  1161 | D        | Mangled by a sun demon (17 damage)
                  | ... summoned by a deep elf demonologist
  1162 | D        | Killed a deep elf pyromancer
  1162 | D        | Killed from afar by a Tzitzimitl (62 damage)
                  | ... with a bolt of negative energy
                  | ... summoned by a deep elf demonologist
  1163 | D        | Demolished by a sun demon (22 damage)
                  | ... summoned by a deep elf demonologist
  1166 | D        | Noticed a rust devil
  1166 | D        | Mangled by a sun demon (18 damage)
                  | ... summoned by a deep elf demonologist
  1169 | D        | Killed from afar by a Tzitzimitl (33 damage)
                  | ... with a bolt of negative energy
                  | ... summoned by a deep elf demonologist
  1169 | D        | Annihilated by an Ice Fiend (45 damage)
                  | ... summoned by a deep elf demonologist
  1170 | D        | Mangled by a sun demon (12 damage)
                  | ... summoned by a deep elf demonologist
  1171 | D        | Slain by an Ice Fiend (17 damage)
                  | ... summoned by a deep elf demonologist
  1171 | D        | Mangled by an Ice Fiend (43 damage)
                  | ... summoned by a deep elf demonologist
  1172 | D        | Noticed a shadow demon
  1172 | D        | Mangled by an Ice Fiend (45 damage)
                  | ... summoned by a deep elf demonologist
  1172 | D        | HP: 1/78 [Tzitzimitl[a deep elf demonologist] (9)]
  1172 | D        | Mangled by an Ice Fiend (13 damage)
                  | ... summoned by a deep elf demonologist
  1173 | D        | Mangled by a Tzitzimitl (21 damage)
                  | ... summoned by a deep elf demonologist
  1175 | D        | Killed from afar by a Tzitzimitl (34 damage)
                  | ... with a bolt of negative energy
                  | ... summoned by a deep elf demonologist
  1182 | D        | Noticed a soul eater
  1184 | D        | Killed from afar by a deep elf death mage (41 damage)
                  | ... with a bolt of negative energy
  1189 | D        | Slain by a neqoxec (5 damage)
                  | ... summoned by a deep elf demonologist
  1190 | D        | Noticed a hell beast
  1190 | D        | Noticed an Ice Fiend
  1190 | D        | Noticed a shadow demon
  1191 | D        | Gained mutation: Armour fits poorly on your strangely
                  | shaped body. [a neqoxec]
  1195 | D        | Gained mutation: You occasionally lose the ability to read
                  | scrolls when taking damage. [a neqoxec]
  1195 | D        | Killed from afar by a deep elf death mage (30 damage)
                  | ... with a bolt of negative energy
  1198 | D        | HP: 2/53 [soul eater[a deep elf demonologist] (6)]
  1198 | D        | Slain by a soul eater (2 damage)
                  | ... summoned by a deep elf demonologist
  1199 | D        | Annihilated by an Ice Fiend (41 damage)
                  | ... summoned by a deep elf demonologist
  1201 | D        | Mangled by an Ice Fiend (8 damage)
                  | ... summoned by a deep elf demonologist
  1202 | D        | Slain by an Ice Fiend (6 damage)
                  | ... summoned by a deep elf demonologist
  1202 | D        | Mangled by an Ice Fiend (21 damage)
                  | ... summoned by a deep elf demonologist
  1205 | D        | Mangled by an Ice Fiend (10 damage)
                  | ... summoned by a deep elf demonologist
  1205 | D        | Mangled by an Ice Fiend (53 damage)
                  | ... summoned by a deep elf demonologist
  1206 | D        | Annihilated by an Ice Fiend (52 damage)
                  | ... summoned by a deep elf demonologist
  1206 | D        | Slain by an Ice Fiend (28 damage)
                  | ... summoned by a deep elf demonologist
  1208 | D        | Noticed an Executioner
  1208 | D        | Noticed a sun demon
  1209 | D        | Mangled by an Ice Fiend (15 damage)
                  | ... summoned by a deep elf demonologist
  1209 | D        | Annihilated by an Ice Fiend (42 damage)
                  | ... summoned by a deep elf demonologist
  1212 | D        | Annihilated by an Ice Fiend (38 damage)
                  | ... summoned by a deep elf demonologist
  1213 | D        | Noticed a blizzard demon
  1213 | D        | HP: 1/47 [Ice Fiend[a deep elf demonologist] (44)]
  1213 | D        | Demolished by a red devil
                  | ... wielding a +0 trident
                  | ... summoned by a deep elf demonologist
                  | (21 damage)
  1215 | D        | Slain by an Ice Fiend (22 damage)
                  | ... summoned by a deep elf demonologist
  1215 | D        | Annihilated by an Ice Fiend (53 damage)
                  | ... summoned by a deep elf demonologist
  1217 | D        | Gained mutation: You occasionally shout uncontrollably at
                  | your foes. [a neqoxec]
  1219 | D        | Mangled by a sun demon (10 damage)
                  | ... summoned by a deep elf demonologist
  1219 | D        | Gained mutation: You have hidden genetic defects. [a
                  | neqoxec]
  1220 | D        | Mangled by a red devil
                  | ... wielding a +0 trident
                  | ... summoned by a deep elf demonologist
                  | (24 damage)
  1220 | D        | Annihilated by an Ice Fiend (52 damage)
                  | ... summoned by a deep elf demonologist
  1222 | D        | Demolished by a sun demon (17 damage)
                  | ... summoned by a deep elf demonologist
  1223 | D        | Slain by a sun demon (16 damage)
                  | ... summoned by a deep elf demonologist
  1224 | D        | Killed from afar by a blizzard demon (10 damage)
                  | ... with a bolt of lightning
                  | ... summoned by a deep elf demonologist
  1226 | D        | Mangled by a sun demon (20 damage)
                  | ... summoned by a deep elf demonologist
  1227 | D        | HP: 1/47 [blizzard demon[a deep elf demonologist] (15)]
  1227 | D        | Slain by a blizzard demon (5 damage)
                  | ... summoned by a deep elf demonologist
  1229 | D        | Slain by a sun demon (13 damage)
                  | ... summoned by a deep elf demonologist
  1232 | D        | HP: 1/47 [blizzard demon[a deep elf demonologist] (9)]
  1232 | D        | Demolished by a sun demon (16 damage)
                  | ... summoned by a deep elf demonologist
  1234 | D        | Noticed a soul eater
  1234 | D        | Mangled by a blizzard demon (16 damage)
                  | ... summoned by a deep elf demonologist
  1235 | D        | Gained mutation: Your spells are a little easier to cast,
                  | but a little less powerful. [a neqoxec]
  1237 | D        | Slain by a blizzard demon (10 damage)
                  | ... summoned by a deep elf demonologist
  1241 | D        | Noticed a balrug
  1242 | D        | Killed from afar by a blizzard demon (26 damage)
                  | ... with a bolt of lightning
                  | ... summoned by a deep elf demonologist
  1245 | D        | Mangled by a soul eater (16 damage)
                  | ... summoned by a deep elf demonologist
  1247 | D        | HP: 1/47 [balrug/+2 demon whip of draining[a deep elf
                  | demonologist] (32)]
  1247 | D        | Demolished by a balrug
                  | ... wielding a +2 demon whip of draining
                  | ... summoned by a deep elf demonologist
                  | (17 damage)
  1248 | D        | Demolished by a balrug
                  | ... wielding a +2 demon whip of draining
                  | ... summoned by a deep elf demonologist
                  | (25 damage)
  1249 | D        | Shot with an arrow by a deep elf master archer (12 damage)
  1252 | D        | Killed from afar by a balrug (16 damage)
                  | ... with a sticky flame
                  | ... summoned by a deep elf demonologist
  1253 | D        | Noticed a Tzitzimitl
  1254 | D        | Mangled by a balrug
                  | ... wielding a +2 demon whip of draining
                  | ... summoned by a deep elf demonologist
                  | (27 damage)
  1254 | D        | Mangled by a soul eater (23 damage)
                  | ... summoned by a deep elf demonologist
  1254 | D        | Shot with an arrow by a deep elf master archer (35 damage)
  1255 | D        | Slain by a soul eater (4 damage)
                  | ... summoned by a deep elf demonologist
  1256 | D        | Killed from afar by a balrug (11 damage)
                  | ... with a sticky flame
                  | ... summoned by a deep elf demonologist
  1256 | D        | Shot with an arrow by a deep elf master archer (25 damage)
  1257 | D        | Killed from afar by a balrug (8 damage)
                  | ... with a sticky flame
                  | ... summoned by a deep elf demonologist
  1257 | D        | Shot with an arrow by a deep elf master archer (28 damage)
  1257 | D        | Killed from afar by a Tzitzimitl (55 damage)
                  | ... with a bolt of negative energy
                  | ... summoned by a deep elf demonologist
  1258 | D        | Incinerated by a balrug (6 damage)
                  | ... with a sticky flame
  1258 | D        | Mangled by a balrug
                  | ... wielding a +2 demon whip of draining
                  | ... summoned by a deep elf demonologist
                  | (30 damage)
  1258 | D        | Mangled by a balrug
                  | ... wielding a +2 demon whip of draining
                  | ... summoned by a deep elf demonologist
                  | (26 damage)
  1258 | D        | Slain by a balrug
                  | ... wielding a +2 demon whip of draining
                  | ... summoned by a deep elf demonologist
                  | (10 damage)
  1258 | D        | Mangled by a balrug
                  | ... wielding a +2 demon whip of draining
                  | ... summoned by a deep elf demonologist
                  | (22 damage)
  1259 | D        | Killed from afar by a balrug (9 damage)
                  | ... with a sticky flame
                  | ... summoned by a deep elf demonologist
  1259 | D        | Killed from afar by a Tzitzimitl (40 damage)
                  | ... with a bolt of negative energy
                  | ... summoned by a deep elf demonologist
  1260 | D        | Incinerated by a balrug (4 damage)
                  | ... with a sticky flame
  1261 | D        | Incinerated by a balrug (4 damage)
                  | ... with a sticky flame
  1261 | D        | Killed from afar by a balrug (26 damage)
                  | ... with a fireball
                  | ... summoned by a deep elf demonologist
  1262 | D        | Incinerated by a balrug (6 damage)
                  | ... with a sticky flame
  1262 | D        | Demolished by a balrug
                  | ... wielding a +2 demon whip of draining
                  | ... summoned by a deep elf demonologist
                  | (19 damage)
  1262 | D        | Mangled by a balrug
                  | ... wielding a +2 demon whip of draining
                  | ... summoned by a deep elf demonologist
                  | (17 damage)
  1262 | D        | Mangled by a balrug
                  | ... wielding a +2 demon whip of draining
                  | ... summoned by a deep elf demonologist
                  | (8 damage)
  1263 | D        | Incinerated by a balrug (1 damage)
                  | ... with a sticky flame
  1263 | D        | Killed from afar by a balrug (29 damage)
                  | ... with a bolt of fire
                  | ... summoned by a deep elf demonologist
  1263 | D        | Noticed a sun demon
  1266 | D        | Slain by a Tzitzimitl (4 damage)
                  | ... summoned by a deep elf demonologist
  1266 | D        | Slain by a Tzitzimitl (1 damage)
                  | ... summoned by a deep elf demonologist
  1268 | D        | Killed from afar by a Tzitzimitl (45 damage)
                  | ... with a bolt of negative energy
                  | ... summoned by a deep elf demonologist
  1269 | D        | Noticed an Ice Fiend
  1269 | D        | Mangled by a Tzitzimitl (10 damage)
                  | ... summoned by a deep elf demonologist
  1270 | D        | Demolished by a Tzitzimitl (20 damage)
                  | ... summoned by a deep elf demonologist
  1270 | D        | Slain by a Tzitzimitl (6 damage)
                  | ... summoned by a deep elf demonologist
  1270 | D        | Mangled by a sun demon (8 damage)
                  | ... summoned by a deep elf demonologist
  1270 | D        | Mangled by a sun demon (10 damage)
                  | ... summoned by a deep elf demonologist
  1270 | D        | Noticed a green death
  1271 | D        | Annihilated by a sun demon (25 damage)
                  | ... summoned by a deep elf demonologist
  1271 | D        | Demolished by a sun demon (16 damage)
                  | ... summoned by a deep elf demonologist
  1272 | D        | Demolished by a Tzitzimitl (18 damage)
                  | ... summoned by a deep elf demonologist
  1273 | D        | Noticed a balrug
  1273 | D        | Mangled by a Tzitzimitl (13 damage)
                  | ... summoned by a deep elf demonologist
  1273 | D        | Slain by a sun demon (2 damage)
                  | ... summoned by a deep elf demonologist
  1273 | D        | Mangled by a sun demon (12 damage)
                  | ... summoned by a deep elf demonologist
  1274 | D        | Slain by a sun demon (5 damage)
                  | ... summoned by a deep elf demonologist
  1274 | D        | Mangled by a sun demon (13 damage)
                  | ... summoned by a deep elf demonologist
  1274 | D        | Demolished by a Tzitzimitl (18 damage)
                  | ... summoned by a deep elf demonologist
  1274 | D        | Demolished by a Tzitzimitl (21 damage)
                  | ... summoned by a deep elf demonologist
  1275 | D        | Mangled by a Tzitzimitl (14 damage)
                  | ... summoned by a deep elf demonologist
  1275 | D        | Killed from afar by an Ice Fiend (46 damage)
                  | ... with a bolt of cold
                  | ... summoned by a deep elf demonologist
  1275 | D        | Annihilated by a sun demon (25 damage)
                  | ... summoned by a deep elf demonologist
  1275 | D        | Demolished by a sun demon (19 damage)
                  | ... summoned by a deep elf demonologist
  1276 | D        | Mangled by a Tzitzimitl (8 damage)
                  | ... summoned by a deep elf demonologist
  1276 | D        | Annihilated by a sun demon (24 damage)
                  | ... summoned by a deep elf demonologist
  1276 | D        | Demolished by a sun demon (15 damage)
                  | ... summoned by a deep elf demonologist
  1276 | D        | Killed from afar by a Tzitzimitl (55 damage)
                  | ... with a bolt of negative energy
                  | ... summoned by a deep elf demonologist
  1277 | D        | Annihilated by a sun demon (24 damage)
                  | ... summoned by a deep elf demonologist
  1277 | D        | Mangled by a sun demon (13 damage)
                  | ... summoned by a deep elf demonologist
  1277 | D        | Mangled by an Ice Fiend (8 damage)
                  | ... summoned by a deep elf demonologist
  1277 | D        | Demolished by an Ice Fiend (22 damage)
                  | ... summoned by a deep elf demonologist
  1277 | D        | Slain by an Ice Fiend (3 damage)
                  | ... summoned by a deep elf demonologist
  1277 | D        | Annihilated by an Ice Fiend (49 damage)
                  | ... summoned by a deep elf demonologist
  1277 | D        | Mangled by a balrug
                  | ... wielding a +1 vampiric demon whip
                  | ... summoned by a deep elf demonologist
                  | (14 damage)
  1277 | D        | Annihilated by a balrug
                  | ... wielding a +1 vampiric demon whip
                  | ... summoned by a deep elf demonologist
                  | (23 damage)
  1277 | D        | Slain by a sun demon (2 damage)
                  | ... summoned by a deep elf demonologist
  1277 | D        | Mangled by a sun demon (13 damage)
                  | ... summoned by a deep elf demonologist
  1277 | D        | Mangled by an Ice Fiend (14 damage)
                  | ... summoned by a deep elf demonologist
  1277 | D        | Annihilated by an Ice Fiend (46 damage)
                  | ... summoned by a deep elf demonologist
  1278 | D        | Demolished by a balrug
                  | ... wielding a +1 vampiric demon whip
                  | ... summoned by a deep elf demonologist
                  | (15 damage)
  1278 | D        | Annihilated by a balrug
                  | ... wielding a +1 vampiric demon whip
                  | ... summoned by a deep elf demonologist
                  | (27 damage)
  1278 | D        | Slain by a sun demon (5 damage)
                  | ... summoned by a deep elf demonologist
  1278 | D        | Mangled by a sun demon (14 damage)
                  | ... summoned by a deep elf demonologist
  1278 | D        | Mangled by an Ice Fiend (14 damage)
                  | ... summoned by a deep elf demonologist
  1278 | D        | Annihilated by an Ice Fiend (48 damage)
                  | ... summoned by a deep elf demonologist
  1278 | D        | Mangled by an Ice Fiend (12 damage)
                  | ... summoned by a deep elf demonologist
  1278 | D        | Annihilated by an Ice Fiend (39 damage)
                  | ... summoned by a deep elf demonologist
  1278 | D        | Mangled by a balrug
                  | ... wielding a +1 vampiric demon whip
                  | ... summoned by a deep elf demonologist
                  | (12 damage)
  1278 | D        | Demolished by a balrug
                  | ... wielding a +1 vampiric demon whip
                  | ... summoned by a deep elf demonologist
                  | (21 damage)
  1279 | D        | Killed from afar by an Ice Fiend (53 damage)
                  | ... with a bolt of cold
                  | ... summoned by a deep elf demonologist
  1279 | D        | Demolished by a balrug
                  | ... wielding a +1 vampiric demon whip
                  | ... summoned by a deep elf demonologist
                  | (17 damage)
  1279 | D        | Annihilated by a balrug
                  | ... wielding a +1 vampiric demon whip
                  | ... summoned by a deep elf demonologist
                  | (27 damage)
  1280 | D        | Killed by divine providence
                  | ... invoked by a balrug
                  | ... summoned by a deep elf demonologist
                  | (10 damage)
  1280 | D        | Annihilated by a sun demon (24 damage)
                  | ... summoned by a deep elf demonologist
  1280 | D        | Mangled by a sun demon (13 damage)
                  | ... summoned by a deep elf demonologist
  1280 | D        | Annihilated by a balrug
                  | ... wielding a +1 vampiric demon whip
                  | ... summoned by a deep elf demonologist
                  | (29 damage)
  1280 | D        | Annihilated by a balrug
                  | ... wielding a +1 vampiric demon whip
                  | ... summoned by a deep elf demonologist
                  | (26 damage)
  1280 | D        | Slain by a sun demon (5 damage)
                  | ... summoned by a deep elf demonologist
  1280 | D        | Demolished by a sun demon (18 damage)
                  | ... summoned by a deep elf demonologist
  1281 | D        | Demolished by an Ice Fiend (22 damage)
                  | ... summoned by a deep elf demonologist
  1281 | D        | Demolished by an Ice Fiend (22 damage)
                  | ... summoned by a deep elf demonologist
  1282 | D        | Demolished by a balrug
                  | ... wielding a +1 vampiric demon whip
                  | ... summoned by a deep elf demonologist
                  | (17 damage)
  1282 | D        | Annihilated by a balrug
                  | ... wielding a +1 vampiric demon whip
                  | ... summoned by a deep elf demonologist
                  | (26 damage)
  1282 | D        | Annihilated by a sun demon (24 damage)
                  | ... summoned by a deep elf demonologist
  1282 | D        | Demolished by a sun demon (17 damage)
                  | ... summoned by a deep elf demonologist
  1282 | D        | Noticed a sun demon
  1282 | D        | Annihilated by a balrug
                  | ... wielding a +1 vampiric demon whip
                  | ... summoned by a deep elf demonologist
                  | (30 damage)
  1282 | D        | Annihilated by a balrug
                  | ... wielding a +1 vampiric demon whip
                  | ... summoned by a deep elf demonologist
                  | (25 damage)
  1283 | D        | Slain by an Ice Fiend (2 damage)
                  | ... summoned by a deep elf demonologist
  1283 | D        | Annihilated by an Ice Fiend (39 damage)
                  | ... summoned by a deep elf demonologist
  1283 | D        | Mangled by a balrug
                  | ... wielding a +1 vampiric demon whip
                  | ... summoned by a deep elf demonologist
                  | (13 damage)
  1283 | D        | Mangled by a balrug
                  | ... wielding a +1 vampiric demon whip
                  | ... summoned by a deep elf demonologist
                  | (14 damage)
  1283 | D        | Noticed a sun demon
  1283 | D        | Annihilated by a balrug
                  | ... wielding a +1 vampiric demon whip
                  | ... summoned by a deep elf demonologist
                  | (23 damage)
  1283 | D        | Annihilated by a balrug
                  | ... wielding a +1 vampiric demon whip
                  | ... summoned by a deep elf demonologist
                  | (26 damage)
  1283 | D        | Slain by an Ice Fiend (6 damage)
                  | ... summoned by a deep elf demonologist
  1283 | D        | Annihilated by an Ice Fiend (40 damage)
                  | ... summoned by a deep elf demonologist
  1284 | D        | Demolished by a balrug
                  | ... wielding a +1 vampiric demon whip
                  | ... summoned by a deep elf demonologist
                  | (16 damage)
  1284 | D        | Annihilated by a balrug
                  | ... wielding a +1 vampiric demon whip
                  | ... summoned by a deep elf demonologist
                  | (23 damage)
  1284 | D        | Demolished by a sun demon (17 damage)
                  | ... summoned by a deep elf demonologist
  1284 | D        | Mangled by a sun demon (11 damage)
                  | ... summoned by a deep elf demonologist
  1284 | D        | Mangled by an Ice Fiend (12 damage)
                  | ... summoned by a deep elf demonologist
  1284 | D        | Annihilated by an Ice Fiend (30 damage)
                  | ... summoned by a deep elf demonologist
  1284 | D        | Slain by an Ice Fiend (2 damage)
                  | ... summoned by a deep elf demonologist
  1284 | D        | Annihilated by an Ice Fiend (45 damage)
                  | ... summoned by a deep elf demonologist
  1285 | D        | Killed from afar by a balrug (6 damage)
                  | ... with a sticky flame
                  | ... summoned by a deep elf demonologist
  1285 | D        | Slain by a sun demon (3 damage)
                  | ... summoned by a deep elf demonologist
  1285 | D        | Demolished by a sun demon (17 damage)
                  | ... summoned by a deep elf demonologist
  1285 | D        | Demolished by an Ice Fiend (21 damage)
                  | ... summoned by a deep elf demonologist
  1285 | D        | Annihilated by an Ice Fiend (36 damage)
                  | ... summoned by a deep elf demonologist
  1286 | D        | Incinerated by a balrug (9 damage)
                  | ... with a sticky flame
  1286 | D        | Mangled by an Ice Fiend (11 damage)
                  | ... summoned by a deep elf demonologist
  1286 | D        | Annihilated by an Ice Fiend (37 damage)
                  | ... summoned by a deep elf demonologist
  1286 | D        | Annihilated by an Ice Fiend (23 damage)
                  | ... summoned by a deep elf demonologist
  1286 | D        | Annihilated by an Ice Fiend (38 damage)
                  | ... summoned by a deep elf demonologist
  1286 | D        | Killed from afar by a balrug (41 damage)
                  | ... with a bolt of fire
                  | ... summoned by a deep elf demonologist
  1287 | D        | Noticed a sixfirhy
  1287 | D        | Incinerated by a balrug (6 damage)
                  | ... with a sticky flame
  1287 | D        | Killed from afar by a balrug (13 damage)
                  | ... with a sticky flame
                  | ... summoned by a deep elf demonologist
  1287 | D        | Slain by a sun demon (2 damage)
                  | ... summoned by a deep elf demonologist
  1287 | D        | Demolished by a sun demon (16 damage)
                  | ... summoned by a deep elf demonologist
  1287 | D        | Noticed a rust devil
  1287 | D        | Annihilated by a balrug
                  | ... wielding a +1 vampiric demon whip
                  | ... summoned by a deep elf demonologist
                  | (29 damage)
  1287 | D        | Annihilated by a balrug
                  | ... wielding a +1 vampiric demon whip
                  | ... summoned by a deep elf demonologist
                  | (25 damage)
  1287 | D        | Demolished by an Ice Fiend (18 damage)
                  | ... summoned by a deep elf demonologist
  1287 | D        | Demolished by an Ice Fiend (19 damage)
                  | ... summoned by a deep elf demonologist
  1288 | D        | Incinerated by a balrug (6 damage)
                  | ... with a sticky flame
  1288 | D        | Mangled by a sun demon (8 damage)
                  | ... summoned by a deep elf demonologist
  1288 | D        | Demolished by a sun demon (15 damage)
                  | ... summoned by a deep elf demonologist
  1288 | D        | Killed by divine providence
                  | ... invoked by a balrug
                  | ... summoned by a deep elf demonologist
                  | (12 damage)
  1288 | D        | Slain by a sun demon (3 damage)
                  | ... summoned by a deep elf demonologist
  1288 | D        | Demolished by a sun demon (17 damage)
                  | ... summoned by a deep elf demonologist
  1288 | D        | Slain by a sun demon (4 damage)
                  | ... summoned by a deep elf demonologist
  1288 | D        | Mangled by a sun demon (10 damage)
                  | ... summoned by a deep elf demonologist
  1289 | D        | Noticed an Ice Fiend
  1289 | D        | Incinerated by a balrug (5 damage)
                  | ... with a sticky flame
  1289 | D        | Killed from afar by a balrug (54 damage)
                  | ... with a bolt of fire
                  | ... summoned by a deep elf demonologist
  1289 | D        | Mangled by a sun demon (8 damage)
                  | ... summoned by a deep elf demonologist
  1289 | D        | Demolished by a sun demon (18 damage)
                  | ... summoned by a deep elf demonologist
  1289 | D        | Mangled by a hellwing (8 damage)
                  | ... summoned by a deep elf demonologist
  1289 | D        | Demolished by an Ice Fiend (21 damage)
                  | ... summoned by a deep elf demonologist
  1289 | D        | Annihilated by an Ice Fiend (49 damage)
                  | ... summoned by a deep elf demonologist
  1289 | D        | Mangled by an Ice Fiend (13 damage)
                  | ... summoned by a deep elf demonologist
  1289 | D        | Annihilated by an Ice Fiend (35 damage)
                  | ... summoned by a deep elf demonologist
  1289 | D        | Slain by a sun demon (3 damage)
                  | ... summoned by a deep elf demonologist
  1289 | D        | Demolished by a sun demon (17 damage)
                  | ... summoned by a deep elf demonologist
  1290 | D        | Incinerated by a balrug (7 damage)
                  | ... with a sticky flame
  1290 | D        | Demolished by a hellwing (16 damage)
                  | ... summoned by a deep elf demonologist
  1290 | D        | Slain by a hellwing (1 damage)
                  | ... summoned by a deep elf demonologist
  1290 | D        | Mangled by a balrug
                  | ... wielding a +1 vampiric demon whip
                  | ... summoned by a deep elf demonologist
                  | (14 damage)
  1290 | D        | Demolished by a balrug
                  | ... wielding a +1 vampiric demon whip
                  | ... summoned by a deep elf demonologist
                  | (17 damage)
  1290 | D        | Mangled by a sun demon (8 damage)
                  | ... summoned by a deep elf demonologist
  1290 | D        | Demolished by a sun demon (15 damage)
                  | ... summoned by a deep elf demonologist
  1290 | D        | Slain by a hellwing (6 damage)
                  | ... summoned by a deep elf demonologist
  1290 | D        | Demolished by a balrug
                  | ... wielding a +1 vampiric demon whip
                  | ... summoned by a deep elf demonologist
                  | (19 damage)
  1290 | D        | Demolished by a balrug
                  | ... wielding a +1 vampiric demon whip
                  | ... summoned by a deep elf demonologist
                  | (22 damage)
  1291 | D        | Killed from afar by a balrug (36 damage)
                  | ... with a bolt of fire
                  | ... summoned by a deep elf demonologist
  1292 | D        | Mangled by a hellwing (12 damage)
                  | ... summoned by a deep elf demonologist
  1292 | D        | Slain by a hellwing (4 damage)
                  | ... summoned by a deep elf demonologist
  1292 | D        | Mangled by a sun demon (13 damage)
                  | ... summoned by a deep elf demonologist
  1292 | D        | Mangled by a sun demon (11 damage)
                  | ... summoned by a deep elf demonologist
  1292 | D        | Killed from afar by a balrug (6 damage)
                  | ... with a sticky flame
                  | ... summoned by a deep elf demonologist
  1292 | D        | Mangled by a sun demon (10 damage)
                  | ... summoned by a deep elf demonologist
  1292 | D        | Demolished by a sun demon (17 damage)
                  | ... summoned by a deep elf demonologist
  1293 | D        | Incinerated by a balrug (8 damage)
                  | ... with a sticky flame
  1293 | D        | Mangled by a sun demon (13 damage)
                  | ... summoned by a deep elf demonologist
  1293 | D        | Mangled by a sun demon (10 damage)
                  | ... summoned by a deep elf demonologist
  1293 | D        | Demolished by a balrug
                  | ... wielding a +1 vampiric demon whip
                  | ... summoned by a deep elf demonologist
                  | (15 damage)
  1293 | D        | Demolished by a balrug
                  | ... wielding a +1 vampiric demon whip
                  | ... summoned by a deep elf demonologist
                  | (18 damage)
  1293 | D        | Mangled by a sun demon (9 damage)
                  | ... summoned by a deep elf demonologist
  1293 | D        | Mangled by a sun demon (10 damage)
                  | ... summoned by a deep elf demonologist
  1293 | D        | Demolished by a sun demon (17 damage)
                  | ... summoned by a deep elf demonologist
  1293 | D        | Mangled by a sun demon (11 damage)
                  | ... summoned by a deep elf demonologist
  1293 | D        | Slain by a hellwing (2 damage)
                  | ... summoned by a deep elf demonologist
  1293 | D        | Slain by a hellwing (3 damage)
                  | ... summoned by a deep elf demonologist
  1293 | D        | Killed from afar by a balrug (30 damage)
                  | ... with a bolt of fire
                  | ... summoned by a deep elf demonologist
  1294 | D        | Incinerated by a balrug (4 damage)
                  | ... with a sticky flame
  1294 | D        | Demolished by a sun demon (22 damage)
                  | ... summoned by a deep elf demonologist
  1294 | D        | Mangled by a sun demon (13 damage)
                  | ... summoned by a deep elf demonologist
  1294 | D        | Mangled by a hellwing (14 damage)
                  | ... summoned by a deep elf demonologist
  1294 | D        | Killed from afar by a balrug (8 damage)
                  | ... with a sticky flame
                  | ... summoned by a deep elf demonologist
  1294 | D        | Mangled by a sun demon (13 damage)
                  | ... summoned by a deep elf demonologist
  1294 | D        | Demolished by a sun demon (17 damage)
                  | ... summoned by a deep elf demonologist
  1295 | D        | Incinerated by a balrug (5 damage)
                  | ... with a sticky flame
  1295 | D        | Annihilated by a balrug
                  | ... wielding a +1 vampiric demon whip
                  | ... summoned by a deep elf demonologist
                  | (25 damage)
  1295 | D        | Annihilated by a balrug
                  | ... wielding a +1 vampiric demon whip
                  | ... summoned by a deep elf demonologist
                  | (26 damage)
  1295 | D        | Mangled by a hellwing (11 damage)
                  | ... summoned by a deep elf demonologist
  1295 | D        | Slain by a sun demon (3 damage)
                  | ... summoned by a deep elf demonologist
  1295 | D        | Demolished by a sun demon (19 damage)
                  | ... summoned by a deep elf demonologist
  1295 | D        | Slain by a sun demon (5 damage)
                  | ... summoned by a deep elf demonologist
  1295 | D        | Mangled by a sun demon (10 damage)
                  | ... summoned by a deep elf demonologist
  1295 | D        | Killed from afar by a balrug (14 damage)
                  | ... with a sticky flame
                  | ... summoned by a deep elf demonologist
  1295 | D        | Annihilated by a sun demon (27 damage)
                  | ... summoned by a deep elf demonologist
  1295 | D        | Mangled by a sun demon (13 damage)
                  | ... summoned by a deep elf demonologist
  1296 | D        | Incinerated by a balrug (6 damage)
                  | ... with a sticky flame
  1296 | D        | Killed from afar by a balrug (10 damage)
                  | ... with a sticky flame
                  | ... summoned by a deep elf demonologist
  1296 | D        | Annihilated by a sun demon (27 damage)
                  | ... summoned by a deep elf demonologist
  1296 | D        | Demolished by a sun demon (17 damage)
                  | ... summoned by a deep elf demonologist
  1296 | D        | Mangled by a hellwing (7 damage)
                  | ... summoned by a deep elf demonologist
  1296 | D        | Slain by a hellwing (6 damage)
                  | ... summoned by a deep elf demonologist
  1297 | D        | Incinerated by a balrug (6 damage)
                  | ... with a sticky flame
  1297 | D        | Killed from afar by a balrug (31 damage)
                  | ... with a bolt of fire
                  | ... summoned by a deep elf demonologist
  1298 | D        | Incinerated by a balrug (5 damage)
                  | ... with a sticky flame
  1298 | D        | Killed from afar by a balrug (8 damage)
                  | ... with a sticky flame
                  | ... summoned by a deep elf demonologist
  1298 | D        | Slain by a hellwing (4 damage)
                  | ... summoned by a deep elf demonologist
  1298 | D        | Demolished by a sun demon (19 damage)
                  | ... summoned by a deep elf demonologist
  1298 | D        | Demolished by a sun demon (15 damage)
                  | ... summoned by a deep elf demonologist
  1298 | D        | Killed from afar by a balrug (46 damage)
                  | ... with a bolt of fire
                  | ... summoned by a deep elf demonologist
  1299 | D        | Incinerated by a balrug (2 damage)
                  | ... with a sticky flame
  1299 | D        | Mangled by a hellwing (14 damage)
                  | ... summoned by a deep elf demonologist
  1299 | D        | Slain by a hellwing (5 damage)
                  | ... summoned by a deep elf demonologist
  1299 | D        | Mangled by a balrug
                  | ... wielding a +1 vampiric demon whip
                  | ... summoned by a deep elf demonologist
                  | (11 damage)
  1299 | D        | Demolished by a balrug
                  | ... wielding a +1 vampiric demon whip
                  | ... summoned by a deep elf demonologist
                  | (19 damage)
  1299 | D        | Mangled by a hellwing (13 damage)
                  | ... summoned by a deep elf demonologist
  1300 | D        | Incinerated by a balrug (6 damage)
                  | ... with a sticky flame
  1300 | D        | Mangled by a balrug
                  | ... wielding a +1 vampiric demon whip
                  | ... summoned by a deep elf demonologist
                  | (12 damage)
  1300 | D        | Demolished by a balrug
                  | ... wielding a +1 vampiric demon whip
                  | ... summoned by a deep elf demonologist
                  | (18 damage)
  1300 | D        | Slain by a hellwing (1 damage)
                  | ... summoned by a deep elf demonologist
  1301 | D        | Incinerated by a balrug (1 damage)
                  | ... with a sticky flame
  1301 | D        | Slain by a balrug
                  | ... wielding a +1 vampiric demon whip
                  | ... summoned by a deep elf demonologist
                  | (6 damage)
  1301 | D        | Annihilated by a balrug
                  | ... wielding a +1 vampiric demon whip
                  | ... summoned by a deep elf demonologist
                  | (27 damage)
  1301 | D        | Mangled by a hellwing (10 damage)
                  | ... summoned by a deep elf demonologist
  1301 | D        | Killed from afar by a balrug (10 damage)
                  | ... with a sticky flame
                  | ... summoned by a deep elf demonologist
  1302 | D        | Incinerated by a balrug (2 damage)
                  | ... with a sticky flame
  1302 | D        | Annihilated by an Ice Fiend (23 damage)
                  | ... summoned by a deep elf demonologist
  1302 | D        | Annihilated by an Ice Fiend (43 damage)
                  | ... summoned by a deep elf demonologist
  1302 | D        | Slain by an Ice Fiend (5 damage)
                  | ... summoned by a deep elf demonologist
  1302 | D        | Annihilated by an Ice Fiend (30 damage)
                  | ... summoned by a deep elf demonologist
  1303 | D        | Incinerated by a balrug (3 damage)
                  | ... with a sticky flame
  1303 | D        | Slain by an Ice Fiend (4 damage)
                  | ... summoned by a deep elf demonologist
  1303 | D        | Annihilated by an Ice Fiend (48 damage)
                  | ... summoned by a deep elf demonologist
  1303 | D        | Slain by a hellwing (6 damage)
                  | ... summoned by a deep elf demonologist
  1304 | D        | Incinerated by a balrug (4 damage)
                  | ... with a sticky flame
  1305 | D        | Incinerated by a balrug (1 damage)
                  | ... with a sticky flame
  1305 | D        | Mangled by an Ice Fiend (13 damage)
                  | ... summoned by a deep elf demonologist
  1305 | D        | Annihilated by an Ice Fiend (47 damage)
                  | ... summoned by a deep elf demonologist
  1305 | D        | Demolished by an Ice Fiend (22 damage)
                  | ... summoned by a deep elf demonologist
  1305 | D        | Annihilated by an Ice Fiend (41 damage)
                  | ... summoned by a deep elf demonologist
  1306 | D        | Killed from afar by an Ice Fiend (45 damage)
                  | ... with a bolt of cold
                  | ... summoned by a deep elf demonologist
  1310 | D        | Mangled by an Ice Fiend (7 damage)
                  | ... summoned by a deep elf demonologist
  1310 | D        | Annihilated by an Ice Fiend (48 damage)
                  | ... summoned by a deep elf demonologist
  1310 | D        | Mangled by an Ice Fiend (11 damage)
                  | ... summoned by a deep elf demonologist
  1310 | D        | Demolished by an Ice Fiend (18 damage)
                  | ... summoned by a deep elf demonologist
  1312 | D        | Slain by an Ice Fiend (3 damage)
                  | ... summoned by a deep elf demonologist
  1312 | D        | Annihilated by an Ice Fiend (52 damage)
                  | ... summoned by a deep elf demonologist
  1404 | D        | Killed from afar by a deep elf zephyrmancer (27 damage)
                  | ... with a bolt of lightning
  1409 | D        | Noticed an Ice Fiend
  1411 | D        | Killed from afar by an Ice Fiend (73 damage)
                  | ... with a bolt of cold
                  | ... summoned by a deep elf demonologist
  1419 | D        | Slain by a red devil
                  | ... wielding a +0 trident
                  | ... summoned by a deep elf demonologist
                  | (5 damage)
  1419 | D        | Demolished by an Ice Fiend (17 damage)
                  | ... summoned by a deep elf demonologist
  1419 | D        | Demolished by an Ice Fiend (21 damage)
                  | ... summoned by a deep elf demonologist
  1421 | D        | Slain by a red devil
                  | ... wielding a +0 trident
                  | ... summoned by a deep elf demonologist
                  | (6 damage)
  1421 | D        | Mangled by an Ice Fiend (12 damage)
                  | ... summoned by a deep elf demonologist
  1421 | D        | Annihilated by an Ice Fiend (46 damage)
                  | ... summoned by a deep elf demonologist
  1422 | D        | Slain by an Ice Fiend (6 damage)
                  | ... summoned by a deep elf demonologist
  1422 | D        | Demolished by an Ice Fiend (18 damage)
                  | ... summoned by a deep elf demonologist
  1422 | D        | Demolished by an Ice Fiend (19 damage)
                  | ... summoned by a deep elf demonologist
  1422 | D        | Annihilated by an Ice Fiend (36 damage)
                  | ... summoned by a deep elf demonologist
  1422 | D        | Slain by a red devil
                  | ... wielding a +0 trident
                  | ... summoned by a deep elf demonologist
                  | (4 damage)
  1423 | D        | Killed from afar by an Ice Fiend (48 damage)
                  | ... with a bolt of cold
                  | ... summoned by a deep elf demonologist
  1424 | D        | Demolished by an Ice Fiend (21 damage)
                  | ... summoned by a deep elf demonologist
  1424 | D        | Annihilated by an Ice Fiend (35 damage)
                  | ... summoned by a deep elf demonologist
  1424 | D        | Demolished by an Ice Fiend (16 damage)
                  | ... summoned by a deep elf demonologist
  1424 | D        | Annihilated by an Ice Fiend (32 damage)
                  | ... summoned by a deep elf demonologist
  1424 | D        | Mangled by a red devil
                  | ... wielding a +0 trident
                  | ... summoned by a deep elf demonologist
                  | (13 damage)
  1425 | D        | Killed from afar by an Ice Fiend (26 damage)
                  | ... with a bolt of cold
                  | ... summoned by a deep elf demonologist
  1426 | D        | Mangled by an Ice Fiend (9 damage)
                  | ... summoned by a deep elf demonologist
  1426 | D        | Annihilated by an Ice Fiend (30 damage)
                  | ... summoned by a deep elf demonologist
  1426 | D        | Demolished by an Ice Fiend (20 damage)
                  | ... summoned by a deep elf demonologist
  1426 | D        | Annihilated by an Ice Fiend (45 damage)
                  | ... summoned by a deep elf demonologist
  1426 | D        | Mangled by a red devil
                  | ... wielding a +0 trident
                  | ... summoned by a deep elf demonologist
                  | (14 damage)
  1428 | D        | Mangled by an Ice Fiend (9 damage)
                  | ... summoned by a deep elf demonologist
  1428 | D        | Annihilated by an Ice Fiend (24 damage)
                  | ... summoned by a deep elf demonologist
  1428 | D        | Demolished by an Ice Fiend (21 damage)
                  | ... summoned by a deep elf demonologist
  1428 | D        | Annihilated by an Ice Fiend (45 damage)
                  | ... summoned by a deep elf demonologist
  1428 | D        | Slain by a red devil
                  | ... wielding a +0 trident
                  | ... summoned by a deep elf demonologist
                  | (5 damage)
  1429 | D        | Mangled by an Ice Fiend (9 damage)
                  | ... summoned by a deep elf demonologist
  1429 | D        | Annihilated by an Ice Fiend (30 damage)
                  | ... summoned by a deep elf demonologist
  1429 | D        | Mangled by an Ice Fiend (10 damage)
                  | ... summoned by a deep elf demonologist
  1429 | D        | Annihilated by an Ice Fiend (40 damage)
                  | ... summoned by a deep elf demonologist
  1430 | D        | Demolished by an Ice Fiend (21 damage)
                  | ... summoned by a deep elf demonologist
  1430 | D        | Annihilated by an Ice Fiend (33 damage)
                  | ... summoned by a deep elf demonologist
  1431 | D        | Slain by an Ice Fiend (4 damage)
                  | ... summoned by a deep elf demonologist
  1431 | D        | Annihilated by an Ice Fiend (25 damage)
                  | ... summoned by a deep elf demonologist
  1432 | D        | Slain by an Ice Fiend (1 damage)
                  | ... summoned by a deep elf demonologist
  1432 | D        | Annihilated by an Ice Fiend (34 damage)
                  | ... summoned by a deep elf demonologist
  1435 | D        | Mangled by an Ice Fiend (9 damage)
                  | ... summoned by a deep elf demonologist
  1435 | D        | Annihilated by an Ice Fiend (37 damage)
                  | ... summoned by a deep elf demonologist
  1435 | D        | Slain by an Ice Fiend (4 damage)
                  | ... summoned by a deep elf demonologist
  1435 | D        | Annihilated by an Ice Fiend (47 damage)
                  | ... summoned by a deep elf demonologist
  1436 | D        | Killed from afar by an Ice Fiend (69 damage)
                  | ... with a bolt of cold
                  | ... summoned by a deep elf demonologist
  1437 | D        | Annihilated by an Ice Fiend (23 damage)
                  | ... summoned by a deep elf demonologist
  1437 | D        | Annihilated by an Ice Fiend (23 damage)
                  | ... summoned by a deep elf demonologist
  1439 | D        | Demolished by an Ice Fiend (21 damage)
                  | ... summoned by a deep elf demonologist
  1439 | D        | Annihilated by an Ice Fiend (50 damage)
                  | ... summoned by a deep elf demonologist
  1439 | D        | Mangled by an Ice Fiend (12 damage)
                  | ... summoned by a deep elf demonologist
  1439 | D        | Annihilated by an Ice Fiend (35 damage)
                  | ... summoned by a deep elf demonologist
  1441 | D        | Demolished by an Ice Fiend (17 damage)
                  | ... summoned by a deep elf demonologist
  1441 | D        | Annihilated by an Ice Fiend (27 damage)
                  | ... summoned by a deep elf demonologist
  1442 | D        | Slain by an Ice Fiend (1 damage)
                  | ... summoned by a deep elf demonologist
  1442 | D        | Annihilated by an Ice Fiend (35 damage)
                  | ... summoned by a deep elf demonologist
  1443 | D        | Demolished by an Ice Fiend (20 damage)
                  | ... summoned by a deep elf demonologist
  1443 | D        | Annihilated by an Ice Fiend (52 damage)
                  | ... summoned by a deep elf demonologist
  1444 | D        | Slain by an Ice Fiend (5 damage)
                  | ... summoned by a deep elf demonologist
  1444 | D        | Annihilated by an Ice Fiend (24 damage)
                  | ... summoned by a deep elf demonologist
  1444 | D        | Demolished by an Ice Fiend (19 damage)
                  | ... summoned by a deep elf demonologist
  1444 | D        | Annihilated by an Ice Fiend (40 damage)
                  | ... summoned by a deep elf demonologist
  1445 | D        | Demolished by an Ice Fiend (22 damage)
                  | ... summoned by a deep elf demonologist
  1445 | D        | Annihilated by an Ice Fiend (53 damage)
                  | ... summoned by a deep elf demonologist
  1445 | D        | Mangled by an Ice Fiend (10 damage)
                  | ... summoned by a deep elf demonologist
  1445 | D        | Annihilated by an Ice Fiend (34 damage)
                  | ... summoned by a deep elf demonologist
  1459 | D        | Noticed a rust devil
  1459 | D        | Identified the +1 battleaxe of Wealth {flame, rElec rF+
                  | Str+3}
  1465 | D        | Killed from afar by a deep elf death mage (37 damage)
                  | ... with a bolt of negative energy
  1474 | D        | Killed from afar by a ynoxinul (28 damage)
                  | ... with an iron shot
                  | ... summoned by a deep elf demonologist
  1477 | D        | Slain by an ufetubus (3 damage)
                  | ... summoned by a ynoxinul
                  | ... summoned by a deep elf demonologist
  1480 | D        | Mangled by a ynoxinul (7 damage)
                  | ... summoned by a deep elf demonologist
  1481 | D        | Slain by an ufetubus (2 damage)
                  | ... summoned by a ynoxinul
                  | ... summoned by a deep elf demonologist
  1481 | D        | Slain by an ufetubus (1 damage)
                  | ... summoned by a ynoxinul
                  | ... summoned by a deep elf demonologist
  1482 | D        | Slain by an ufetubus (1 damage)
                  | ... summoned by a ynoxinul
                  | ... summoned by a deep elf demonologist
  1482 | D        | Slain by an ufetubus (2 damage)
                  | ... summoned by a ynoxinul
                  | ... summoned by a deep elf demonologist
  1482 | D        | Slain by an ufetubus (2 damage)
                  | ... summoned by a ynoxinul
                  | ... summoned by a deep elf demonologist
  1541 | D        | Noticed Harold
  1541 | D        | Noticed Joseph
  1544 | D        | Asphyxiated
  1545 | D        | Succumbed to Joseph's curare-tipped dart
  1545 | D        | Mangled by Harold
                  | ... wielding a +1 dire flail of distortion
                  | (9 damage)
  1545 | D        | Slain by Harold
                  | ... wielding a +1 dire flail of distortion
                  | (5 damage)
  1546 | D        | Succumbed to Joseph's curare-tipped dart
  1546 | D        | Demolished by Harold
                  | ... wielding a +1 dire flail of distortion
                  | (16 damage)
  1546 | D        | Mangled by Joseph
                  | ... wielding a +0 quarterstaff of freezing
                  | (8 damage)
  1546 | D        | Slain by Joseph
                  | ... wielding a +0 quarterstaff of freezing
                  | (4 damage)
  1547 | D        | Succumbed to Joseph's curare-tipped dart
  1547 | D        | Demolished by Joseph
                  | ... wielding a +0 quarterstaff of freezing
                  | (15 damage)
  1547 | D        | Slain by Joseph
                  | ... wielding a +0 quarterstaff of freezing
                  | (2 damage)
  1548 | D        | Succumbed to Joseph's curare-tipped dart
  1549 | D        | Succumbed to Joseph's curare-tipped dart
  1550 | D        | Noticed a yaktaur captain
  1550 | D        | Noticed a yaktaur captain
  1550 | D        | Succumbed to Joseph's curare-tipped dart
  1550 | D        | Killed from afar by Harold (35 damage)
                  | ... with a poison arrow
  1551 | D        | Demolished by Joseph
                  | ... wielding a +0 quarterstaff of freezing
                  | (17 damage)
  1551 | D        | Slain by Joseph
                  | ... wielding a +0 quarterstaff of freezing
                  | (5 damage)
  1551 | D        | Succumbed to Harold's poison arrow
  1552 | D        | Succumbed to Harold's poison arrow
  1552 | D        | Asphyxiated
  1553 | D        | Succumbed to Joseph's curare-tipped dart
  1554 | D        | Succumbed to Joseph's curare-tipped dart
  1555 | D        | Succumbed to Joseph's curare-tipped dart
  1555 | D        | Killed by divine providence
                  | ... invoked by an orc priest
                  | (9 damage)
  1556 | D        | Succumbed to Joseph's curare-tipped dart
  1556 | D        | Mangled by Harold
                  | ... wielding a +1 dire flail of distortion
                  | (7 damage)
  1556 | D        | Slain by Harold
                  | ... wielding a +1 dire flail of distortion
                  | (3 damage)
  1557 | D        | Succumbed to Joseph's curare-tipped dart
  1557 | D        | Annihilated by Harold
                  | ... wielding a +1 dire flail of distortion
                  | (27 damage)
  1557 | D        | Mangled by Harold
                  | ... wielding a +1 dire flail of distortion
                  | (14 damage)
  1557 | D        | Killed by divine providence
                  | ... invoked by an orc priest
                  | (15 damage)
  1558 | D        | Succumbed to Joseph's curare-tipped dart
  1558 | D        | Killed from afar by Harold (31 damage)
                  | ... with a poison arrow
  1558 | D        | Slain by an orc high priest
                  | ... wielding a +0 short sword
                  | (4 damage)
  1558 | D        | Annihilated by Harold
                  | ... wielding a +1 dire flail of distortion
                  | (28 damage)
  1558 | D        | Mangled by Harold
                  | ... wielding a +1 dire flail of distortion
                  | (9 damage)
  1558 | D        | Slain by an orc priest
                  | ... wielding a +0 whip
                  | (3 damage)
  1559 | D        | Succumbed to Harold's poison arrow
  1559 | D        | Demolished by Harold
                  | ... wielding a +1 dire flail of distortion
                  | (19 damage)
  1559 | D        | Mangled by Harold
                  | ... wielding a +1 dire flail of distortion
                  | (14 damage)
  1559 | D        | Slain by an orc high priest
                  | ... wielding a +0 short sword
                  | (2 damage)
  1560 | D        | Succumbed to Harold's poison arrow
  1560 | D        | Killed from afar by Harold (49 damage)
                  | ... with a poison arrow
  1560 | D        | Slain by an orc priest
                  | ... wielding a +0 whip
                  | (6 damage)
  1560 | D        | Mangled by an orc high priest
                  | ... wielding a +0 short sword
                  | (7 damage)
  1561 | D        | Succumbed to Harold's poison arrow
  1561 | D        | Slain by an orc high priest
                  | ... wielding a +0 mace
                  | (2 damage)
  1562 | D        | Succumbed to Harold's poison arrow
  1562 | D        | Mangled by an orc priest
                  | ... wielding a +0 whip
                  | (7 damage)
  1562 | D        | Mangled by Harold
                  | ... wielding a +1 dire flail of distortion
                  | (12 damage)
  1562 | D        | Slain by an orc high priest
                  | ... wielding a +0 short sword
                  | (5 damage)
  1562 | D        | Slain by an orc priest
                  | ... wielding a +0 whip
                  | (3 damage)
  1562 | D        | Mangled by an orc high priest
                  | ... wielding a +0 mace
                  | (11 damage)
  1563 | D        | Noticed a soul eater
  1563 | D        | Succumbed to Harold's poison arrow
  1563 | D        | Demolished by Harold
                  | ... wielding a +1 dire flail of distortion
                  | (15 damage)
  1563 | D        | Mangled by a soul eater (13 damage)
                  | ... summoned by an orc high priest
  1563 | D        | Slain by an orc priest
                  | ... wielding a +0 whip
                  | (3 damage)
  1564 | D        | Succumbed to Harold's poison arrow
  1564 | D        | Slain by Harold
                  | ... wielding a +1 dire flail of distortion
                  | (6 damage)
  1564 | D        | Mangled by Harold
                  | ... wielding a +1 dire flail of distortion
                  | (7 damage)
  1564 | D        | Killed by nerve-wracking pain
                  | ... invoked by an orc high priest
                  | (11 damage)
  1564 | D        | Slain by an orc priest
                  | ... wielding a +0 whip
                  | (1 damage)
  1565 | D        | Noticed a soul eater
  1565 | D        | Succumbed to Harold's poison arrow
  1565 | D        | Mangled by Harold
                  | ... wielding a +1 dire flail of distortion
                  | (13 damage)
  1565 | D        | Slain by Harold
                  | ... wielding a +1 dire flail of distortion
                  | (4 damage)
  1565 | D        | Mangled by a soul eater (8 damage)
                  | ... summoned by an orc high priest
  1565 | D        | Mangled by an orc high priest
                  | ... wielding a +0 short sword
                  | (7 damage)
  1566 | D        | Succumbed to Harold's poison arrow
  1566 | D        | Mangled by Harold
                  | ... wielding a +1 dire flail of distortion
                  | (7 damage)
  1566 | D        | Mangled by Harold
                  | ... wielding a +1 dire flail of distortion
                  | (10 damage)
  1566 | D        | Slain by an orc high priest
                  | ... wielding a +0 short sword
                  | (2 damage)
  1566 | D        | Mangled by an orc high priest
                  | ... wielding a +0 short sword
                  | (8 damage)
  1566 | D        | Mangled by Harold
                  | ... wielding a +1 dire flail of distortion
                  | (14 damage)
  1566 | D        | Slain by Harold
                  | ... wielding a +1 dire flail of distortion
                  | (3 damage)
  1566 | D        | Slain by an orc priest
                  | ... wielding a +0 whip
                  | (6 damage)
  1567 | D        | Succumbed to Harold's poison arrow
  1567 | D        | Demolished by a soul eater (21 damage)
                  | ... summoned by an orc high priest
  1568 | D        | Succumbed to Harold's poison arrow
  1568 | D        | Demolished by Harold
                  | ... wielding a +1 dire flail of distortion
                  | (17 damage)
  1568 | D        | Slain by Harold
                  | ... wielding a +1 dire flail of distortion
                  | (2 damage)
  1568 | D        | Annihilated by a soul eater (23 damage)
                  | ... summoned by an orc high priest
  1568 | D        | Slain by a soul eater (6 damage)
                  | ... summoned by an orc high priest
  1568 | D        | Mangled by a soul eater (13 damage)
                  | ... summoned by an orc high priest
  1569 | D        | Succumbed to Harold's poison arrow
  1569 | D        | Demolished by Harold
                  | ... wielding a +1 dire flail of distortion
                  | (18 damage)
  1569 | D        | Slain by an orc priest
                  | ... wielding a +0 whip
                  | (4 damage)
  1569 | D        | Demolished by Harold
                  | ... wielding a +1 dire flail of distortion
                  | (18 damage)
  1570 | D        | Succumbed to Harold's poison arrow
  1570 | D        | Annihilated by a soul eater (23 damage)
                  | ... summoned by an orc high priest
  1570 | D        | Slain by a soul eater (5 damage)
                  | ... summoned by an orc high priest
  1570 | D        | Slain by Harold
                  | ... wielding a +1 dire flail of distortion
                  | (2 damage)
  1570 | D        | Slain by Harold
                  | ... wielding a +1 dire flail of distortion
                  | (1 damage)
  1570 | D        | Demolished by a soul eater (15 damage)
                  | ... summoned by an orc high priest
  1571 | D        | Mangled by a soul eater (7 damage)
                  | ... summoned by an orc high priest
  1571 | D        | Slain by a soul eater (3 damage)
                  | ... summoned by an orc high priest
  1571 | D        | Slain by a soul eater (2 damage)
                  | ... summoned by an orc high priest
  1571 | D        | Slain by an orc priest
                  | ... wielding a +0 whip
                  | (5 damage)
  1571 | D        | Killed by divine providence
                  | ... invoked by an orc priest
                  | (16 damage)
  1571 | D        | Slain by a soul eater (6 damage)
                  | ... summoned by an orc high priest
  1572 | D        | Demolished by Harold
                  | ... wielding a +1 dire flail of distortion
                  | (21 damage)
  1572 | D        | Slain by Harold
                  | ... wielding a +1 dire flail of distortion
                  | (3 damage)
  1572 | D        | Slain by a soul eater (3 damage)
                  | ... summoned by an orc high priest
  1572 | D        | Demolished by a soul eater (15 damage)
                  | ... summoned by an orc high priest
  1573 | D        | Demolished by Harold
                  | ... wielding a +1 dire flail of distortion
                  | (19 damage)
  1573 | D        | Annihilated by a soul eater (23 damage)
                  | ... summoned by an orc high priest
  1573 | D        | Mangled by a soul eater (9 damage)
                  | ... summoned by an orc high priest
  1573 | D        | Slain by an orc priest
                  | ... wielding a +0 whip
                  | (3 damage)
  1573 | D        | Mangled by Harold
                  | ... wielding a +1 dire flail of distortion
                  | (10 damage)
  1573 | D        | Slain by Harold
                  | ... wielding a +1 dire flail of distortion
                  | (4 damage)
  1573 | D        | Killed by nerve-wracking pain
                  | ... invoked by an orc high priest
                  | (4 damage)
  1574 | D        | Demolished by Harold
                  | ... wielding a +1 dire flail of distortion
                  | (21 damage)
  1574 | D        | Mangled by Harold
                  | ... wielding a +1 dire flail of distortion
                  | (8 damage)
  1575 | D        | Slain by Joseph
                  | ... wielding a +0 quarterstaff of freezing
                  | (6 damage)
  1575 | D        | Demolished by Harold
                  | ... wielding a +1 dire flail of distortion
                  | (17 damage)
  1575 | D        | Killed by nerve-wracking pain
                  | ... invoked by an orc high priest
                  | (12 damage)
  1575 | D        | Slain by a soul eater (6 damage)
                  | ... summoned by an orc high priest
  1576 | D        | Noticed a soul eater
  1576 | D        | Slain by Harold
                  | ... wielding a +1 dire flail of distortion
                  | (9 damage)
  1576 | D        | Mangled by Harold
                  | ... wielding a +1 dire flail of distortion
                  | (18 damage)
  1576 | D        | Slain by an orc high priest
                  | ... wielding a +0 short sword
                  | (5 damage)
  1576 | D        | Mangled by Harold
                  | ... wielding a +1 dire flail of distortion
                  | (15 damage)
  1576 | D        | Slain by Harold
                  | ... wielding a +1 dire flail of distortion
                  | (5 damage)
  1577 | D        | Killed from afar by Harold (42 damage)
                  | ... with a poison arrow
  1577 | D        | Slain by a ynoxinul (8 damage)
                  | ... summoned by an orc high priest
  1578 | D        | Succumbed to Harold's poison arrow
  1578 | D        | Slain by a soul eater (7 damage)
                  | ... summoned by an orc high priest
  1578 | D        | Mangled by Joseph
                  | ... wielding a +0 quarterstaff of freezing
                  | (18 damage)
  1578 | D        | Slain by Joseph
                  | ... wielding a +0 quarterstaff of freezing
                  | (7 damage)
  1578 | D        | Killed from afar by a ynoxinul (21 damage)
                  | ... with an iron shot
                  | ... summoned by an orc high priest
  1579 | D        | Succumbed to Harold's poison arrow
  1579 | D        | Mangled by Joseph
                  | ... wielding a +0 quarterstaff of freezing
                  | (12 damage)
  1579 | D        | Demolished by Harold
                  | ... wielding a +1 dire flail of distortion
                  | (22 damage)
  1579 | D        | Demolished by Harold
                  | ... wielding a +1 dire flail of distortion
                  | (24 damage)
  1580 | D        | Succumbed to Harold's poison arrow
  1581 | D        | Mangled by Joseph
                  | ... wielding a +0 quarterstaff of freezing
                  | (13 damage)
  1581 | D        | Slain by Harold
                  | ... wielding a +1 dire flail of distortion
                  | (6 damage)
  1581 | D        | Mangled by a soul eater (13 damage)
                  | ... summoned by an orc high priest
  1582 | D        | Slain by Joseph
                  | ... wielding a +0 quarterstaff of freezing
                  | (8 damage)
  1582 | D        | Annihilated by Harold
                  | ... wielding a +1 dire flail of distortion
                  | (25 damage)
  1582 | D        | Demolished by a soul eater (16 damage)
                  | ... summoned by an orc high priest
  1582 | D        | Mangled by Joseph
                  | ... wielding a +0 quarterstaff of freezing
                  | (18 damage)
  1582 | D        | Slain by Joseph
                  | ... wielding a +0 quarterstaff of freezing
                  | (8 damage)
  1582 | D        | Demolished by Harold
                  | ... wielding a +1 dire flail of distortion
                  | (20 damage)
  1583 | D        | Slain by a soul eater (9 damage)
                  | ... summoned by an orc high priest
  1583 | D        | Slain by Joseph
                  | ... wielding a +0 quarterstaff of freezing
                  | (1 damage)
  1583 | D        | Mangled by Harold
                  | ... wielding a +1 dire flail of distortion
                  | (13 damage)
  1583 | D        | Killed by divine providence
                  | ... invoked by an orc high priest
                  | (11 damage)
  1584 | D        | Demolished by a soul eater (19 damage)
                  | ... summoned by an orc high priest
  1584 | D        | Slain by a soul eater (6 damage)
                  | ... summoned by an orc high priest
  1585 | D        | Succumbed to Harold's poison arrow
  1585 | D        | Mangled by Joseph
                  | ... wielding a +0 quarterstaff of freezing
                  | (11 damage)
  1585 | D        | Demolished by Harold
                  | ... wielding a +1 dire flail of distortion
                  | (17 damage)
  1585 | D        | Slain by Harold
                  | ... wielding a +1 dire flail of distortion
                  | (2 damage)
  1585 | D        | Mangled by a soul eater (13 damage)
                  | ... summoned by an orc high priest
  1585 | D        | Slain by a soul eater (2 damage)
                  | ... summoned by an orc high priest
  1586 | D        | Noticed a sun demon
  1586 | D        | Succumbed to Harold's poison arrow
  1586 | D        | Mangled by Joseph
                  | ... wielding a +0 quarterstaff of freezing
                  | (14 damage)
  1586 | D        | Slain by Joseph
                  | ... wielding a +0 quarterstaff of freezing
                  | (2 damage)
  1586 | D        | Annihilated by Harold
                  | ... wielding a +1 dire flail of distortion
                  | (29 damage)
  1586 | D        | Slain by Harold
                  | ... wielding a +1 dire flail of distortion
                  | (5 damage)
  1587 | D        | Mangled by a soul eater (10 damage)
                  | ... summoned by an orc high priest
  1587 | D        | Mangled by Joseph
                  | ... wielding a +0 quarterstaff of freezing
                  | (7 damage)
  1587 | D        | Slain by Joseph
                  | ... wielding a +0 quarterstaff of freezing
                  | (1 damage)
  1588 | D        | Demolished by Joseph
                  | ... wielding a +0 quarterstaff of freezing
                  | (19 damage)
  1588 | D        | Mangled by Joseph
                  | ... wielding a +0 quarterstaff of freezing
                  | (7 damage)
  1588 | D        | Demolished by a soul eater (15 damage)
                  | ... summoned by an orc high priest
  1589 | D        | Slain by a soul eater (1 damage)
                  | ... summoned by an orc high priest
  1589 | D        | Demolished by Joseph
                  | ... wielding a +0 quarterstaff of freezing
                  | (15 damage)
  1589 | D        | Slain by Joseph
                  | ... wielding a +0 quarterstaff of freezing
                  | (5 damage)
  1589 | D        | Killed from afar by Harold (41 damage)
                  | ... with a poison arrow
  1589 | D        | Demolished by a sun demon (16 damage)
                  | ... summoned by an orc high priest
  1589 | D        | Mangled by a sun demon (12 damage)
                  | ... summoned by an orc high priest
  1590 | D        | Succumbed to Harold's poison arrow
  1590 | D        | Mangled by a soul eater (10 damage)
                  | ... summoned by an orc high priest
  1590 | D        | Demolished by a sun demon (18 damage)
                  | ... summoned by an orc high priest
  1590 | D        | Demolished by a sun demon (15 damage)
                  | ... summoned by an orc high priest
  1591 | D        | Succumbed to Harold's poison arrow
  1591 | D        | Slain by a sun demon (1 damage)
                  | ... summoned by an orc high priest
  1591 | D        | Demolished by a sun demon (18 damage)
                  | ... summoned by an orc high priest
  1591 | D        | Mangled by Joseph
                  | ... wielding a +0 quarterstaff of freezing
                  | (11 damage)
  1591 | D        | Slain by Joseph
                  | ... wielding a +0 quarterstaff of freezing
                  | (3 damage)
  1591 | D        | Killed from afar by Harold (35 damage)
                  | ... with a poison arrow
  1591 | D        | Slain by a soul eater (3 damage)
                  | ... summoned by an orc high priest
  1591 | D        | Mangled by Joseph
                  | ... wielding a +0 quarterstaff of freezing
                  | (12 damage)
  1591 | D        | Slain by Joseph
                  | ... wielding a +0 quarterstaff of freezing
                  | (6 damage)
  1592 | D        | Succumbed to Harold's poison arrow
  1592 | D        | Mangled by Joseph
                  | ... wielding a +0 quarterstaff of freezing
                  | (9 damage)
  1592 | D        | Slain by Joseph
                  | ... wielding a +0 quarterstaff of freezing
                  | (4 damage)
  1593 | D        | Succumbed to Harold's poison arrow
  1593 | D        | Mangled by Harold
                  | ... wielding a +1 dire flail of distortion
                  | (8 damage)
  1593 | D        | Annihilated by a red devil
                  | ... wielding a +0 trident
                  | ... summoned by an orc high priest
                  | (23 damage)
  1594 | D        | Succumbed to Harold's poison arrow
  1594 | D        | Demolished by a sun demon (21 damage)
                  | ... summoned by an orc high priest
  1594 | D        | Demolished by a sun demon (19 damage)
                  | ... summoned by an orc high priest
  1594 | D        | Demolished by Joseph
                  | ... wielding a +0 quarterstaff of freezing
                  | (16 damage)
  1594 | D        | Slain by Joseph
                  | ... wielding a +0 quarterstaff of freezing
                  | (6 damage)
  1594 | D        | Annihilated by Harold
                  | ... wielding a +1 dire flail of distortion
                  | (23 damage)
  1594 | D        | Mangled by Harold
                  | ... wielding a +1 dire flail of distortion
                  | (11 damage)
  1594 | D        | Mangled by an orc high priest
                  | ... wielding a +0 short sword
                  | (7 damage)
  1594 | D        | Mangled by a red devil
                  | ... wielding a +0 trident
                  | ... summoned by an orc high priest
                  | (8 damage)
  1595 | D        | Succumbed to Harold's poison arrow
  1595 | D        | Mangled by Joseph
                  | ... wielding a +0 quarterstaff of freezing
                  | (13 damage)
  1595 | D        | Slain by Joseph
                  | ... wielding a +0 quarterstaff of freezing
                  | (4 damage)
  1595 | D        | Slain by Harold
                  | ... wielding a +1 dire flail of distortion
                  | (4 damage)
  1595 | D        | Slain by Harold
                  | ... wielding a +1 dire flail of distortion
                  | (4 damage)
  1595 | D        | Slain by an orc high priest
                  | ... wielding a +0 short sword
                  | (2 damage)
  1595 | D        | Annihilated by Harold
                  | ... wielding a +1 dire flail of distortion
                  | (23 damage)
  1595 | D        | Slain by an orc high priest
                  | ... wielding a +0 short sword
                  | (1 damage)
  1595 | D        | Demolished by a red devil
                  | ... wielding a +0 trident
                  | ... summoned by an orc high priest
                  | (19 damage)
  1596 | D        | Succumbed to Harold's poison arrow
  1596 | D        | Slain by a sun demon (2 damage)
                  | ... summoned by an orc high priest
  1596 | D        | Demolished by a sun demon (19 damage)
                  | ... summoned by an orc high priest
  1596 | D        | Mangled by Joseph
                  | ... wielding a +0 quarterstaff of freezing
                  | (9 damage)
  1596 | D        | Slain by Joseph
                  | ... wielding a +0 quarterstaff of freezing
                  | (4 damage)
  1596 | D        | Demolished by Harold
                  | ... wielding a +1 dire flail of distortion
                  | (18 damage)
  1596 | D        | Mangled by Harold
                  | ... wielding a +1 dire flail of distortion
                  | (10 damage)
  1596 | D        | Mangled by an orange demon (12 damage)
                  | ... summoned by an orc high priest
  1597 | D        | Succumbed to Harold's poison arrow
  1597 | D        | Mangled by Harold
                  | ... wielding a +1 dire flail of distortion
                  | (7 damage)
  1597 | D        | Slain by Harold
                  | ... wielding a +1 dire flail of distortion
                  | (5 damage)
  1597 | D        | Mangled by an orange demon (9 damage)
                  | ... summoned by an orc high priest
  1598 | D        | Succumbed to Harold's poison arrow
  1598 | D        | Slain by an orc high priest
                  | ... wielding a +0 short sword
                  | (4 damage)
  1598 | D        | Slain by an orange demon (1 damage)
                  | ... summoned by an orc high priest
  1598 | D        | Mangled by a red devil
                  | ... wielding a +0 trident
                  | ... summoned by an orc high priest
                  | (8 damage)
  1598 | D        | Slain by a sun demon (3 damage)
                  | ... summoned by an orc high priest
  1598 | D        | Demolished by a sun demon (15 damage)
                  | ... summoned by an orc high priest
  1598 | D        | Slain by Joseph
                  | ... wielding a +0 quarterstaff of freezing
                  | (6 damage)
  1598 | D        | Slain by Joseph
                  | ... wielding a +0 quarterstaff of freezing
                  | (2 damage)
  1599 | D        | Succumbed to Harold's poison arrow
  1599 | D        | Mangled by an orange demon (12 damage)
                  | ... summoned by an orc high priest
  1599 | D        | Slain by a red devil
                  | ... wielding a +0 trident
                  | ... summoned by an orc high priest
                  | (6 damage)
  1599 | D        | Mangled by a sun demon (8 damage)
                  | ... summoned by an orc high priest
  1599 | D        | Demolished by a sun demon (17 damage)
                  | ... summoned by an orc high priest
  1599 | D        | Mangled by Joseph
                  | ... wielding a +0 quarterstaff of freezing
                  | (9 damage)
  1599 | D        | Slain by Joseph
                  | ... wielding a +0 quarterstaff of freezing
                  | (2 damage)
  1599 | D        | Annihilated by Harold
                  | ... wielding a +1 dire flail of distortion
                  | (23 damage)
  1599 | D        | Slain by Harold
                  | ... wielding a +1 dire flail of distortion
                  | (4 damage)
  1599 | D        | Slain by an orc high priest
                  | ... wielding a +0 short sword
                  | (1 damage)
  1600 | D        | Succumbed to Harold's poison arrow
  1600 | D        | Slain by an orange demon (3 damage)
                  | ... summoned by an orc high priest
  1600 | D        | Demolished by a red devil
                  | ... wielding a +0 trident
                  | ... summoned by an orc high priest
                  | (16 damage)
  1600 | D        | Annihilated by a sun demon (27 damage)
                  | ... summoned by an orc high priest
  1600 | D        | Mangled by a sun demon (12 damage)
                  | ... summoned by an orc high priest
  1600 | D        | Annihilated by Harold
                  | ... wielding a +1 dire flail of distortion
                  | (26 damage)
  1600 | D        | Mangled by Harold
                  | ... wielding a +1 dire flail of distortion
                  | (13 damage)
  1600 | D        | Killed by divine providence
                  | ... invoked by an orc high priest
                  | (16 damage)
  1600 | D        | Mangled by a red devil
                  | ... wielding a +0 trident
                  | ... summoned by an orc high priest
                  | (10 damage)
  1601 | D        | Noticed a soul eater
  1601 | D        | Succumbed to an orange demon's poison
  1601 | D        | Demolished by Harold
                  | ... wielding a +1 dire flail of distortion
                  | (18 damage)
  1601 | D        | Mangled by an orc high priest
                  | ... wielding a +0 short sword
                  | (7 damage)
  1601 | D        | Mangled by an orange demon (12 damage)
                  | ... summoned by an orc high priest
  1602 | D        | Succumbed to an orange demon's poison
  1602 | D        | Mangled by Joseph
                  | ... wielding a +0 quarterstaff of freezing
                  | (7 damage)
  1602 | D        | Slain by Joseph
                  | ... wielding a +0 quarterstaff of freezing
                  | (4 damage)
  1602 | D        | Slain by an orc high priest
                  | ... wielding a +0 short sword
                  | (4 damage)
  1602 | D        | Mangled by an orange demon (9 damage)
                  | ... summoned by an orc high priest
  1602 | D        | Mangled by Joseph
                  | ... wielding a +0 quarterstaff of freezing
                  | (7 damage)
  1602 | D        | Slain by Joseph
                  | ... wielding a +0 quarterstaff of freezing
                  | (1 damage)
  1602 | D        | Slain by an orc high priest
                  | ... wielding a +0 short sword
                  | (2 damage)
  1602 | D        | Mangled by Harold
                  | ... wielding a +1 dire flail of distortion
                  | (11 damage)
  1602 | D        | Mangled by Harold
                  | ... wielding a +1 dire flail of distortion
                  | (7 damage)
  1603 | D        | Succumbed to an orange demon's poison
  1603 | D        | Slain by an orange demon (2 damage)
                  | ... summoned by an orc high priest
  1604 | D        | Succumbed to an orange demon's poison
  1604 | D        | Demolished by Joseph
                  | ... wielding a +0 quarterstaff of freezing
                  | (17 damage)
  1604 | D        | Slain by Joseph
                  | ... wielding a +0 quarterstaff of freezing
                  | (3 damage)
  1604 | D        | Killed by divine providence
                  | ... invoked by an orc priest
                  | (9 damage)
  1605 | D        | Succumbed to an orange demon's poison
  1605 | D        | Slain by a soul eater (5 damage)
                  | ... summoned by an orc high priest
  1605 | D        | Slain by a soul eater (2 damage)
                  | ... summoned by an orc high priest
  1605 | D        | Demolished by Joseph
                  | ... wielding a +0 quarterstaff of freezing
                  | (16 damage)
  1605 | D        | Slain by Joseph
                  | ... wielding a +0 quarterstaff of freezing
                  | (2 damage)
  1605 | D        | Killed by nerve-wracking pain
                  | ... invoked by an orc high priest
                  | (4 damage)
  1605 | D        | Mangled by a soul eater (11 damage)
                  | ... summoned by an orc high priest
  1605 | D        | Slain by a soul eater (5 damage)
                  | ... summoned by an orc high priest
  1606 | D        | Succumbed to an orange demon's poison
  1606 | D        | Killed from afar by Harold (33 damage)
                  | ... with a poison arrow
  1606 | D        | Slain by a soul eater (5 damage)
                  | ... summoned by an orc high priest
  1606 | D        | Mangled by Joseph
                  | ... wielding a +0 quarterstaff of freezing
                  | (9 damage)
  1606 | D        | Slain by Joseph
                  | ... wielding a +0 quarterstaff of freezing
                  | (3 damage)
  1607 | D        | Succumbed to Harold's poison arrow
  1607 | D        | Slain by Harold
                  | ... wielding a +1 dire flail of distortion
                  | (23 damage)
  1607 | D        | HP: 1/28 [orc high priest/divine providence (11)]
  1607 | D        | Slain by an orange demon (4 damage)
                  | ... summoned by an orc high priest
  1608 | D        | Slain by a soul eater (20 damage)
                  | ... summoned by an orc high priest
  1608 | D        | Slain by an orange demon (6 damage)
                  | ... summoned by an orc high priest
  1609 | D        | Mangled by Harold
                  | ... wielding a +1 dire flail of distortion
                  | (12 damage)
  1609 | D        | Demolished by Harold
                  | ... wielding a +1 dire flail of distortion
                  | (16 damage)
  1611 | D        | Succumbed to Harold's poison arrow
  1611 | D        | Mangled by Harold
                  | ... wielding a +1 dire flail of distortion
                  | (21 damage)
  1611 | D        | Slain by a soul eater (19 damage)
                  | ... summoned by an orc high priest
  1612 | D        | Slain by a hellwing (16 damage)
                  | ... summoned by an orc high priest
  1613 | D        | Mangled by Harold
                  | ... wielding a +1 dire flail of distortion
                  | (24 damage)
  1614 | D        | Mangled by Joseph
                  | ... wielding a +0 quarterstaff of freezing
                  | (17 damage)
  1615 | D        | Slain by Joseph
                  | ... wielding a +0 quarterstaff of freezing
                  | (17 damage)
  1616 | D        | Mangled by an orc high priest
                  | ... wielding a +0 mace
                  | (12 damage)
  1616 | D        | Mangled by Harold
                  | ... wielding a +1 dire flail of distortion
                  | (13 damage)
  1616 | D        | Slain by an orc high priest
                  | ... wielding a +0 mace
                  | (6 damage)
  1617 | D        | Killed from afar by Harold (32 damage)
                  | ... with a poison arrow
  1618 | D        | Mangled by Harold
                  | ... wielding a +1 dire flail of distortion
                  | (20 damage)
  1619 | D        | Mangled by Harold
                  | ... wielding a +1 dire flail of distortion
                  | (25 damage)
  1619 | D        | Demolished by an ice devil (23 damage)
                  | ... summoned by an orc high priest
  1620 | D        | Slain by an ice devil (23 damage)
                  | ... summoned by an orc high priest
  1621 | D        | HP: 1/26 [poisoned by Harold (poison arrow)]
  1621 | D        | Slain by an ice devil (3 damage)
                  | ... summoned by an orc high priest
  1621 | D        | Slain by Joseph
                  | ... wielding a +0 quarterstaff of freezing
                  | (12 damage)
  1621 | D        | Slain by Harold
                  | ... wielding a +1 dire flail of distortion
                  | (24 damage)
  1622 | D        | Demolished by Harold
                  | ... wielding a +1 dire flail of distortion
                  | (23 damage)
  1622 | D        | Killed by divine providence
                  | ... invoked by an orc high priest
                  | (13 damage)
  1623 | D        | Mangled by an orc high priest
                  | ... wielding a +0 mace
                  | (9 damage)
  1623 | D        | Slain by a red devil
                  | ... wielding a +0 trident
                  | ... summoned by an orc high priest
                  | (7 damage)
  1624 | D        | Killed by divine providence
                  | ... invoked by an orc high priest
                  | (14 damage)
  1624 | D        | Slain by an ice devil (11 damage)
                  | ... summoned by an orc high priest
  1625 | D        | Slain by an ice devil (4 damage)
                  | ... summoned by an orc high priest
  1626 | D        | Mangled by Joseph
                  | ... wielding a +0 quarterstaff of freezing
                  | (9 damage)
  1626 | D        | Mangled by a red devil
                  | ... wielding a +0 trident
                  | ... summoned by an orc high priest
                  | (10 damage)
  1626 | D        | Mangled by an ice devil (19 damage)
                  | ... summoned by an orc high priest
  1627 | D        | Mangled by Joseph
                  | ... wielding a +0 quarterstaff of freezing
                  | (15 damage)
  1627 | D        | Killed by nerve-wracking pain
                  | ... invoked by an orc high priest
                  | (12 damage)
  1628 | D        | Slain by an ice devil (21 damage)
                  | ... summoned by an orc high priest
  1628 | D        | Slain by Harold
                  | ... wielding a +1 dire flail of distortion
                  | (22 damage)
  1628 | D        | Slain by an ice devil (9 damage)
                  | ... summoned by an orc high priest
  1629 | D        | Demolished by Harold
                  | ... wielding a +1 dire flail of distortion
                  | (26 damage)
  1630 | D        | Mangled by a red devil
                  | ... wielding a +0 trident
                  | ... summoned by an orc high priest
                  | (17 damage)
  1632 | D        | Demolished by Harold
                  | ... wielding a +1 dire flail of distortion
                  | (16 damage)
  1633 | D        | Mangled by Joseph
                  | ... wielding a +0 quarterstaff of freezing
                  | (9 damage)
  1634 | D        | Noticed a soul eater
  1634 | D        | Killed by divine providence
                  | ... invoked by an orc high priest
                  | (10 damage)
  1635 | D        | Demolished by Joseph
                  | ... wielding a +0 quarterstaff of freezing
                  | (20 damage)
  1635 | D        | Slain by Harold
                  | ... wielding a +1 dire flail of distortion
                  | (11 damage)
  1635 | D        | Demolished by Harold
                  | ... wielding a +1 dire flail of distortion
                  | (26 damage)
  1636 | D        | Slain by a soul eater (18 damage)
                  | ... summoned by an orc high priest
  1638 | D        | Mangled by Joseph
                  | ... wielding a +0 quarterstaff of freezing
                  | (16 damage)
  1639 | D        | Slain by an orc high priest
                  | ... wielding a +0 mace
                  | (12 damage)
  1639 | D        | Mangled by a soul eater (20 damage)
                  | ... summoned by an orc high priest
  1639 | D        | Mangled by Harold
                  | ... wielding a +1 dire flail of distortion
                  | (17 damage)
  1639 | D        | Slain by Joseph
                  | ... wielding a +0 quarterstaff of freezing
                  | (6 damage)
  1640 | D        | Slain by a soul eater (21 damage)
                  | ... summoned by an orc high priest
  1640 | D        | Killed from afar by Harold (21 damage)
                  | ... with a poison arrow
  1641 | D        | Mangled by a soul eater (19 damage)
                  | ... summoned by an orc high priest
  1643 | D        | Succumbed to Harold's poison arrow
  1643 | D        | Mangled by Harold
                  | ... wielding a +1 dire flail of distortion
                  | (18 damage)
  1643 | D        | Mangled by a soul eater (12 damage)
                  | ... summoned by an orc high priest
  1644 | D        | Succumbed to Harold's poison arrow
  1644 | D        | Mangled by a soul eater (22 damage)
                  | ... summoned by an orc high priest
  1644 | D        | Slain by a red devil
                  | ... wielding a +0 demon trident of flaming
                  | ... summoned by an orc high priest
                  | (5 damage)
  1645 | D        | Slain by Joseph
                  | ... wielding a +0 quarterstaff of freezing
                  | (13 damage)
  1646 | D        | Slain by an ufetubus (4 damage)
                  | ... summoned by a ynoxinul
                  | ... summoned by an orc high priest
  1646 | D        | Demolished by Harold
                  | ... wielding a +1 dire flail of distortion
                  | (21 damage)
  1646 | D        | Slain by a red devil
                  | ... wielding a +0 demon trident of flaming
                  | ... summoned by an orc high priest
                  | (19 damage)
  1646 | D        | Slain by Joseph
                  | ... wielding a +0 quarterstaff of freezing
                  | (16 damage)
  1646 | D        | Slain by Harold
                  | ... wielding a +1 dire flail of distortion
                  | (15 damage)
  1647 | D        | Killed by divine providence
                  | ... invoked by an orc high priest
                  | (12 damage)
  1647 | D        | Slain by Harold
                  | ... wielding a +1 dire flail of distortion
                  | (20 damage)
  1648 | D        | Demolished by Harold
                  | ... wielding a +1 dire flail of distortion
                  | (20 damage)
  1649 | D        | Mangled by Harold
                  | ... wielding a +1 dire flail of distortion
                  | (14 damage)
  1649 | D        | Slain by a red devil
                  | ... wielding a +0 demon trident of flaming
                  | ... summoned by an orc high priest
                  | (5 damage)
  1650 | D        | Mangled by Harold
                  | ... wielding a +1 dire flail of distortion
                  | (16 damage)
  1651 | D        | Noticed a rust devil
  1651 | D        | Slain by a red devil
                  | ... wielding a +0 demon trident of flaming
                  | ... summoned by an orc high priest
                  | (10 damage)
  1652 | D        | Demolished by Harold
                  | ... wielding a +1 dire flail of distortion
                  | (22 damage)
  1653 | D        | Mangled by Joseph
                  | ... wielding a +0 quarterstaff of freezing
                  | (14 damage)
  1654 | D        | Mangled by a hellwing (16 damage)
                  | ... summoned by an orc high priest
  1654 | D        | Slain by Joseph
                  | ... wielding a +0 quarterstaff of freezing
                  | (5 damage)
  1654 | D        | Mangled by an orc high priest
                  | ... wielding a +0 mace
                  | (10 damage)
  1655 | D        | Slain by an orc high priest
                  | ... wielding a +0 mace
                  | (7 damage)
  1656 | D        | Slain by an orc high priest
                  | ... wielding a +0 mace
                  | (5 damage)
  1656 | D        | Mangled by a hellwing (16 damage)
                  | ... summoned by an orc high priest
  1656 | D        | Mangled by Harold
                  | ... wielding a +1 dire flail of distortion
                  | (25 damage)
  1656 | D        | Slain by Joseph
                  | ... wielding a +0 quarterstaff of freezing
                  | (14 damage)
  1657 | D        | Noticed a rust devil
  1657 | D        | Annihilated by Harold
                  | ... wielding a +1 dire flail of distortion
                  | (28 damage)
  1657 | D        | Slain by a rust devil (10 damage)
                  | ... summoned by an orc high priest
  1658 | D        | Slain by an orc high priest
                  | ... wielding a +0 mace
                  | (7 damage)
  1659 | D        | Mangled by a hellwing (15 damage)
                  | ... summoned by an orc high priest
  1659 | D        | Slain by a hellwing (13 damage)
                  | ... summoned by an orc high priest
  1660 | D        | Slain by Joseph
                  | ... wielding a +0 quarterstaff of freezing
                  | (22 damage)
  1660 | D        | Mangled by Harold
                  | ... wielding a +1 dire flail of distortion
                  | (24 damage)
  1660 | D        | Slain by a hellwing (5 damage)
                  | ... summoned by an orc high priest
  1661 | D        | Mangled by a hellwing (14 damage)
                  | ... summoned by an orc high priest
  1661 | D        | Slain by Joseph
                  | ... wielding a +0 quarterstaff of freezing
                  | (13 damage)
  1661 | D        | Slain by a rust devil (7 damage)
                  | ... summoned by an orc high priest
  1662 | D        | Slain by Joseph
                  | ... wielding a +0 quarterstaff of freezing
                  | (6 damage)
  1663 | D        | Demolished by Joseph
                  | ... wielding a +0 quarterstaff of freezing
                  | (20 damage)
  1663 | D        | Mangled by a rust devil (10 damage)
                  | ... summoned by an orc high priest
  1663 | D        | Slain by Joseph
                  | ... wielding a +0 quarterstaff of freezing
                  | (18 damage)
  1663 | D        | Mangled by Harold
                  | ... wielding a +1 dire flail of distortion
                  | (15 damage)
  1664 | D        | Slain by Harold
                  | ... wielding a +1 dire flail of distortion
                  | (14 damage)
  1665 | D        | Mangled by Harold
                  | ... wielding a +1 dire flail of distortion
                  | (16 damage)
  1665 | D        | Slain by a hellwing (5 damage)
                  | ... summoned by an orc high priest
  1666 | D        | Slain by a rust devil (8 damage)
                  | ... summoned by an orc high priest
  1666 | D        | Slain by Joseph
                  | ... wielding a +0 quarterstaff of freezing
                  | (5 damage)
  1667 | D        | Noticed a sun demon
  1667 | D        | Succumbed to Harold's poison arrow
  1667 | D        | Slain by Harold
                  | ... wielding a +1 dire flail of distortion
                  | (23 damage)
  1667 | D        | Slain by Harold
                  | ... wielding a +1 dire flail of distortion
                  | (19 damage)
  1668 | D        | Demolished by a sun demon (25 damage)
                  | ... summoned by an orc high priest
  1668 | D        | Slain by a sun demon (19 damage)
                  | ... summoned by an orc high priest
  1668 | D        | Demolished by Joseph
                  | ... wielding a +0 quarterstaff of freezing
                  | (15 damage)
  1668 | D        | Mangled by Harold
                  | ... wielding a +1 dire flail of distortion
                  | (26 damage)
  1668 | D        | Demolished by a sun demon (24 damage)
                  | ... summoned by an orc high priest
  1669 | D        | Succumbed to Harold's poison arrow
  1669 | D        | Demolished by Harold
                  | ... wielding a +1 dire flail of distortion
                  | (24 damage)
  1669 | D        | Slain by a sun demon (18 damage)
                  | ... summoned by an orc high priest
  1670 | D        | Annihilated by a sun demon (27 damage)
                  | ... summoned by an orc high priest
  1670 | D        | Demolished by Harold
                  | ... wielding a +1 dire flail of distortion
                  | (22 damage)
  1670 | D        | Slain by a sun demon (8 damage)
                  | ... summoned by an orc high priest
  1670 | D        | Mangled by Harold
                  | ... wielding a +1 dire flail of distortion
                  | (8 damage)
  1671 | D        | Noticed a soul eater
  1671 | D        | Mangled by a sun demon (22 damage)
                  | ... summoned by an orc high priest
  1671 | D        | Slain by a sun demon (19 damage)
                  | ... summoned by an orc high priest
  1672 | D        | Slain by Joseph
                  | ... wielding a +0 quarterstaff of freezing
                  | (19 damage)
  1672 | D        | Slain by a sun demon (16 damage)
                  | ... summoned by an orc high priest
  1673 | D        | Annihilated by a sun demon (29 damage)
                  | ... summoned by an orc high priest
  1673 | D        | Slain by a sun demon (18 damage)
                  | ... summoned by an orc high priest
  1673 | D        | Slain by Joseph
                  | ... wielding a +0 quarterstaff of freezing
                  | (6 damage)
  1674 | D        | Slain by a sun demon (11 damage)
                  | ... summoned by an orc high priest
  1675 | D        | Slain by a sun demon (4 damage)
                  | ... summoned by an orc high priest
  1675 | D        | Slain by Harold
                  | ... wielding a +1 dire flail of distortion
                  | (9 damage)
  1675 | D        | Slain by a soul eater (22 damage)
                  | ... summoned by an orc high priest
  1676 | D        | Mangled by Harold
                  | ... wielding a +1 dire flail of distortion
                  | (14 damage)
  1676 | D        | Demolished by a sun demon (24 damage)
                  | ... summoned by an orc high priest
  1676 | D        | Slain by a sun demon (19 damage)
                  | ... summoned by an orc high priest
  1677 | D        | Slain by a soul eater (19 damage)
                  | ... summoned by an orc high priest
  1677 | D        | Mangled by a sun demon (13 damage)
                  | ... summoned by an orc high priest
  1677 | D        | Slain by a sun demon (17 damage)
                  | ... summoned by an orc high priest
  1678 | D        | Mangled by a sun demon (18 damage)
                  | ... summoned by an orc high priest
  1678 | D        | Mangled by Joseph
                  | ... wielding a +0 quarterstaff of freezing
                  | (14 damage)
  1678 | D        | Demolished by Harold
                  | ... wielding a +1 dire flail of distortion
                  | (24 damage)
  1678 | D        | Slain by a soul eater (13 damage)
                  | ... summoned by an orc high priest
  1679 | D        | Slain by a sun demon (10 damage)
                  | ... summoned by an orc high priest
  1679 | D        | Mangled by Joseph
                  | ... wielding a +0 quarterstaff of freezing
                  | (7 damage)
  1679 | D        | Slain by a soul eater (17 damage)
                  | ... summoned by an orc high priest
  1679 | D        | Demolished by a sun demon (17 damage)
                  | ... summoned by an orc high priest
  1680 | D        | Killed by divine providence
                  | ... invoked by an orc high priest
                  | (11 damage)
  1680 | D        | Mangled by Harold
                  | ... wielding a +1 dire flail of distortion
                  | (18 damage)
  1680 | D        | Slain by a sun demon (12 damage)
                  | ... summoned by an orc high priest
  1681 | D        | Slain by a sun demon (18 damage)
                  | ... summoned by an orc high priest
  1683 | D        | Demolished by a soul eater (21 damage)
                  | ... summoned by an orc high priest
  1687 | D        | Killed by divine providence
                  | ... invoked by an orc high priest
                  | (12 damage)
  1688 | D        | Killed from afar by a ynoxinul (24 damage)
                  | ... with an iron shot
                  | ... summoned by an orc high priest
  1688 | D        | Mangled by Harold
                  | ... wielding a +1 dire flail of distortion
                  | (25 damage)
  1690 | D        | Slain by Joseph
                  | ... wielding a +0 quarterstaff of freezing
                  | (11 damage)
  1691 | D        | HP: 1/22 [Joseph/+0 quarterstaff of freezing (19)]
  1691 | D        | Mangled by Joseph
                  | ... wielding a +0 quarterstaff of freezing
                  | (8 damage)
  1691 | D        | Killed by divine providence
                  | ... invoked by an orc high priest
                  | (12 damage)
  1691 | D        | Killed from afar by a ynoxinul (29 damage)
                  | ... with an iron shot
                  | ... summoned by an orc high priest
  1692 | D        | Killed from afar by a ynoxinul (13 damage)
                  | ... with an iron shot
                  | ... summoned by an orc high priest
  1693 | D        | Mangled by Harold
                  | ... wielding a +1 dire flail of distortion
                  | (21 damage)
  1694 | D        | Slain by a ynoxinul (9 damage)
                  | ... summoned by an orc high priest
  1695 | D        | Mangled by Harold
                  | ... wielding a +1 dire flail of distortion
                  | (16 damage)
  1696 | D        | Slain by an ufetubus (5 damage)
                  | ... summoned by a ynoxinul
                  | ... summoned by an orc high priest
  1697 | D        | Slain by a ynoxinul (8 damage)
                  | ... summoned by an orc high priest
  1697 | D        | Slain by Harold
                  | ... wielding a +1 dire flail of distortion
                  | (7 damage)
  1698 | D        | Mangled by Joseph
                  | ... wielding a +0 quarterstaff of freezing
                  | (11 damage)
  1698 | D        | Demolished by Harold
                  | ... wielding a +1 dire flail of distortion
                  | (27 damage)
  1699 | D        | Slain by an ufetubus (4 damage)
                  | ... summoned by a ynoxinul
                  | ... summoned by an orc high priest
  1700 | D        | Mangled by Joseph
                  | ... wielding a +0 quarterstaff of freezing
                  | (17 damage)
  1700 | D        | Slain by a ynoxinul (5 damage)
                  | ... summoned by an orc high priest
  1700 | D        | Slain by Harold
                  | ... wielding a +1 dire flail of distortion
                  | (14 damage)
  1700 | D        | Slain by Joseph
                  | ... wielding a +0 quarterstaff of freezing
                  | (18 damage)
  1701 | D        | Mangled by Harold
                  | ... wielding a +1 dire flail of distortion
                  | (12 damage)
  1702 | D        | Demolished by Harold
                  | ... wielding a +1 dire flail of distortion
                  | (22 damage)
  1703 | D        | Slain by Joseph
                  | ... wielding a +0 quarterstaff of freezing
                  | (1 damage)
  1703 | D        | Mangled by Harold
                  | ... wielding a +1 dire flail of distortion
                  | (22 damage)
  1703 | D        | Mangled by Harold
                  | ... wielding a +1 dire flail of distortion
                  | (22 damage)
  1703 | D        | Slain by Joseph
                  | ... wielding a +0 quarterstaff of freezing
                  | (10 damage)
  1703 | D        | Killed by divine providence
                  | ... invoked by an orc high priest
                  | (12 damage)
  1704 | D        | Demolished by Harold
                  | ... wielding a +1 dire flail of distortion
                  | (20 damage)
  1704 | D        | Slain by Harold
                  | ... wielding a +1 dire flail of distortion
                  | (16 damage)
  1705 | D        | Annihilated by Harold
                  | ... wielding a +1 dire flail of distortion
                  | (25 damage)
  1706 | D        | Demolished by Harold
                  | ... wielding a +1 dire flail of distortion
                  | (21 damage)
  1707 | D        | Mangled by Harold
                  | ... wielding a +1 dire flail of distortion
                  | (26 damage)
  1707 | D        | Mangled by Joseph
                  | ... wielding a +0 quarterstaff of freezing
                  | (14 damage)
  1709 | D        | Mangled by Harold
                  | ... wielding a +1 dire flail of distortion
                  | (19 damage)
  1709 | D        | Demolished by Harold
                  | ... wielding a +1 dire flail of distortion
                  | (26 damage)
  1710 | D        | Noticed a rust devil
  1710 | D        | Demolished by Harold
                  | ... wielding a +1 dire flail of distortion
                  | (16 damage)
  1710 | D        | Slain by Harold
                  | ... wielding a +1 dire flail of distortion
                  | (17 damage)
  1710 | D        | Slain by Joseph
                  | ... wielding a +0 quarterstaff of freezing
                  | (18 damage)
  1711 | D        | Slain by Joseph
                  | ... wielding a +0 quarterstaff of freezing
                  | (15 damage)
  1711 | D        | Mangled by Harold
                  | ... wielding a +1 dire flail of distortion
                  | (20 damage)
  1712 | D        | Noticed a smoke demon
  1712 | D        | Mangled by Harold
                  | ... wielding a +1 dire flail of distortion
                  | (18 damage)
  1712 | D        | Slain by Harold
                  | ... wielding a +1 dire flail of distortion
                  | (18 damage)
  1713 | D        | Incinerated by a smoke demon (9 damage)
                  | ... with a sticky flame
  1713 | D        | Demolished by Harold
                  | ... wielding a +1 dire flail of distortion
                  | (20 damage)
  1713 | D        | Slain by a rust devil (7 damage)
                  | ... summoned by an orc high priest
  1713 | D        | Killed from afar by a smoke demon (18 damage)
                  | ... with a ball of steam
                  | ... summoned by an orc high priest
  1713 | D        | Slain by Harold
                  | ... wielding a +1 dire flail of distortion
                  | (18 damage)
  1713 | D        | Mangled by Joseph
                  | ... wielding a +0 quarterstaff of freezing
                  | (12 damage)
  1714 | D        | Incinerated by a smoke demon (7 damage)
                  | ... with a sticky flame
  1714 | D        | Slain by Joseph
                  | ... wielding a +0 quarterstaff of freezing
                  | (11 damage)
  1714 | D        | Mangled by Harold
                  | ... wielding a +1 dire flail of distortion
                  | (18 damage)
  1715 | D        | Succumbed to an orange demon's poison
  1716 | D        | Mangled by Joseph
                  | ... wielding a +0 quarterstaff of freezing
                  | (24 damage)
  1716 | D        | Killed from afar by Harold (61 damage)
                  | ... with a poison arrow
  1720 | D        | Slain by Harold
                  | ... wielding a +1 dire flail of distortion
                  | (11 damage)
  1732 | D        | Noticed an orange crystal statue
  1734 | D        | Killed from afar by Harold (27 damage)
                  | ... with a poison arrow
  1736 | D        | Succumbed to Harold's poison arrow
  1744 | D        | Mangled by Joseph
                  | ... wielding a +0 quarterstaff of freezing
                  | (18 damage)
  1745 | D        | Demolished by Harold
                  | ... wielding a +1 dire flail of distortion
                  | (24 damage)
  1746 | D        | Slain by Harold
                  | ... wielding a +1 dire flail of distortion
                  | (13 damage)
  1747 | D        | Killed from afar by Harold (54 damage)
                  | ... with a poison arrow
  1748 | D        | Mangled by Harold
                  | ... wielding a +1 dire flail of distortion
                  | (28 damage)
  1749 | D        | Slain by Joseph
                  | ... wielding a +0 quarterstaff of freezing
                  | (13 damage)
  1750 | D        | Slain by Joseph
                  | ... wielding a +0 quarterstaff of freezing
                  | (17 damage)
  1753 | D        | Mangled by Harold
                  | ... wielding a +1 dire flail of distortion
                  | (23 damage)
  1753 | D        | Slain by Harold
                  | ... wielding a +1 dire flail of distortion
                  | (16 damage)
  1755 | D        | Demolished by Harold
                  | ... wielding a +1 dire flail of distortion
                  | (17 damage)
  1757 | D        | Mangled by Harold
                  | ... wielding a +1 dire flail of distortion
                  | (13 damage)
  1760 | D        | Slain by Harold
                  | ... wielding a +1 dire flail of distortion
                  | (5 damage)
  1761 | D        | HP: 1/39 [Joseph/+0 quarterstaff of freezing (15)]
  1761 | D        | Slain by Joseph
                  | ... wielding a +0 quarterstaff of freezing
                  | (2 damage)
  1762 | D        | Killed from afar by Harold (31 damage)
                  | ... with a poison arrow
  1763 | D        | Mangled by Harold
                  | ... wielding a +1 dire flail of distortion
                  | (25 damage)
  1765 | D        | Killed from afar by Harold (29 damage)
                  | ... with a poison arrow
  1766 | D        | Succumbed to Harold's poison arrow
  1767 | D        | HP: 1/39 [Joseph/+0 quarterstaff of freezing (14)]
  1767 | D        | Slain by Joseph
                  | ... wielding a +0 quarterstaff of freezing
                  | (2 damage)
  1769 | D        | Mangled by Joseph
                  | ... wielding a +0 quarterstaff of freezing
                  | (13 damage)
  1771 | D        | Slain by Joseph
                  | ... wielding a +0 quarterstaff of freezing
                  | (11 damage)
  1772 | D        | Slain by Joseph
                  | ... wielding a +0 quarterstaff of freezing
                  | (14 damage)
  1773 | D        | Slain by a goblin
                  | ... wielding a +0 club
                  | ... summoned by an orange crystal statue
                  | (4 damage)
  1773 | D        | Mangled by Harold
                  | ... wielding a +1 dire flail of distortion
                  | (18 damage)
  1775 | D        | Mangled by Harold
                  | ... wielding a +1 dire flail of distortion
                  | (8 damage)
  1777 | D        | Slain by Joseph
                  | ... wielding a +0 quarterstaff of freezing
                  | (3 damage)
  1778 | D        | Mangled by Harold
                  | ... wielding a +1 dire flail of distortion
                  | (25 damage)
  1779 | D        | Mangled by Harold
                  | ... wielding a +1 dire flail of distortion
                  | (20 damage)
  1782 | D        | Slain by Harold
                  | ... wielding a +1 dire flail of distortion
                  | (12 damage)
  1785 | D        | Slain by Harold
                  | ... wielding a +1 dire flail of distortion
                  | (14 damage)
  1786 | D        | HP: 1/39 [goblin/+0 dagger[an orange crystal statue] (1)]
  1787 | D        | Slain by Harold
                  | ... wielding a +1 dire flail of distortion
                  | (6 damage)
  1789 | D        | Demolished by Harold
                  | ... wielding a +1 dire flail of distortion
                  | (24 damage)
  1795 | D        | HP: 1/39 [poisoned by Harold (poison arrow)]
  1796 | D        | Succumbed to Harold's poison arrow
  1797 | D        | Annihilated by Harold
                  | ... wielding a +1 dire flail of distortion
                  | (28 damage)
  1799 | D        | Slain by Harold
                  | ... wielding a +1 dire flail of distortion
                  | (15 damage)
  1803 | D        | Slain by Harold
                  | ... wielding a +1 dire flail of distortion
                  | (16 damage)
  1804 | D        | Slain by Harold
                  | ... wielding a +1 dire flail of distortion
                  | (21 damage)
  1805 | D        | Succumbed to Harold's poison arrow
  1806 | D        | Mangled by Harold
                  | ... wielding a +1 dire flail of distortion
                  | (18 damage)
  1809 | D        | Succumbed to Harold's poison arrow
  1811 | D        | Slain by Harold
                  | ... wielding a +1 dire flail of distortion
                  | (11 damage)
  1813 | D        | Slain by Joseph
                  | ... wielding a +0 quarterstaff of freezing
                  | (3 damage)
  1814 | D        | Mangled by Joseph
                  | ... wielding a +0 quarterstaff of freezing
                  | (20 damage)
  1816 | D        | Mangled by Harold
                  | ... wielding a +1 dire flail of distortion
                  | (15 damage)
  1817 | D        | Slain by Harold
                  | ... wielding a +1 dire flail of distortion
                  | (12 damage)
  1818 | D        | Slain by Harold
                  | ... wielding a +1 dire flail of distortion
                  | (14 damage)
  1821 | D        | Mangled by Joseph
                  | ... wielding a +0 quarterstaff of freezing
                  | (18 damage)
  1822 | D        | Mangled by Joseph
                  | ... wielding a +0 quarterstaff of freezing
                  | (13 damage)
  1823 | D        | Mangled by Harold
                  | ... wielding a +1 dire flail of distortion
                  | (23 damage)
  1824 | D        | Slain by Harold
                  | ... wielding a +1 dire flail of distortion
                  | (7 damage)
  1826 | D        | Killed from afar by Harold (49 damage)
                  | ... with a poison arrow
  1828 | D        | Demolished by Joseph
                  | ... wielding a +0 quarterstaff of freezing
                  | (17 damage)
  1829 | D        | Mangled by Harold
                  | ... wielding a +1 dire flail of distortion
                  | (22 damage)
  1831 | D        | HP: 1/39 [poisoned by Harold (poison arrow)]
  1831 | D        | Demolished by Harold
                  | ... wielding a +1 dire flail of distortion
                  | (18 damage)
  1835 | D        | Demolished by Joseph
                  | ... wielding a +0 quarterstaff of freezing
                  | (19 damage)
  1836 | D        | Mangled by Harold
                  | ... wielding a +1 dire flail of distortion
                  | (27 damage)
  1837 | D        | HP: 1/39 [kobold/+0 dagger[an orange crystal statue] (1)]
  1838 | D        | Succumbed to Harold's poison arrow
  1838 | D        | Mangled by Harold
                  | ... wielding a +1 dire flail of distortion
                  | (15 damage)
  1838 | D        | Demolished by Harold
                  | ... wielding a +1 dire flail of distortion
                  | (22 damage)
  1839 | D        | Killed an orange crystal statue
  1840 | D        | Succumbed to Harold's poison arrow
  1842 | D        | HP: 2/88 [Joseph/+0 quarterstaff of freezing (8)]
  1842 | D        | Slain by Joseph
                  | ... wielding a +0 quarterstaff of freezing
                  | (2 damage)
  1845 | D        | Slain by Joseph
                  | ... wielding a +0 quarterstaff of freezing
                  | (4 damage)
  1847 | D        | Mangled by Harold
                  | ... wielding a +1 dire flail of distortion
                  | (24 damage)
  1850 | D        | Mangled by Joseph
                  | ... wielding a +0 quarterstaff of freezing
                  | (16 damage)
  1851 | D        | Slain by Joseph
                  | ... wielding a +0 quarterstaff of freezing
                  | (17 damage)
  1857 | D        | HP: 1/88 [Joseph/+0 quarterstaff of freezing (6)]
  1857 | D        | Slain by Joseph
                  | ... wielding a +0 quarterstaff of freezing
                  | (2 damage)
  1859 | D        | Killed Joseph
  1861 | D        | Mangled by Harold
                  | ... wielding a +1 dire flail of distortion
                  | (17 damage)
  1866 | D        | Noticed a crystal guardian
  1866 | D        | Noticed a crystal guardian
  1866 | D        | Noticed a crystal guardian
  1866 | D        | HP: 3/91 [poisoned by Harold (poison arrow)]
  1866 | D        | Killed from afar by a crystal guardian (40 damage)
                  | ... with a crystal bolt
  1866 | D        | Gained mutation: You occasionally lose the ability to drink
                  | potions when taking damage. [hidden defects]
  1867 | D        | Noticed a crystal guardian
  1868 | D        | Mangled by a crystal guardian (16 damage)
  1871 | D        | Killed from afar by a crystal guardian (28 damage)
                  | ... with a crystal bolt
  1872 | D        | Mangled by a crystal guardian (34 damage)
  1874 | D        | Killed from afar by a crystal guardian (40 damage)
                  | ... with a crystal bolt
  1876 | D        | Slain by a crystal guardian (16 damage)
  1876 | D        | Slain by Harold
                  | ... wielding a +1 dire flail of distortion
                  | (15 damage)
  1877 | D        | Killed from afar by a crystal guardian (39 damage)
                  | ... with a crystal bolt
  1879 | D        | Killed from afar by a crystal guardian (37 damage)
                  | ... with a crystal bolt
  1880 | D        | Mangled by a crystal guardian (16 damage)
  1881 | D        | Killed from afar by a crystal guardian (24 damage)
                  | ... with a crystal bolt
  1883 | D        | Slain by Harold
                  | ... wielding a +1 dire flail of distortion
                  | (13 damage)
  1885 | D        | Killed a crystal guardian
  1885 | D        | Slain by a crystal guardian (9 damage)
  1886 | D        | Reached skill level 10 in Long Blades
  1887 | D        | Mangled by Harold
                  | ... wielding a +1 dire flail of distortion
                  | (19 damage)
  1888 | D        | Killed from afar by a crystal guardian (21 damage)
                  | ... with a crystal bolt
  1890 | D        | HP: 4/91 [Harold/+1 dire flail of distortion (17)]
  1890 | D        | HP: 1/91 [Harold/+1 dire flail of distortion (3)]
  1890 | D        | Killed from afar by a crystal guardian (17 damage)
                  | ... with a crystal bolt
  1891 | D        | Killed from afar by a crystal guardian (38 damage)
                  | ... with a crystal bolt
  1893 | D        | Mangled by a crystal guardian (29 damage)
  1895 | D        | Slain by Harold
                  | ... wielding a +1 dire flail of distortion
                  | (16 damage)
  1896 | D        | Killed from afar by a crystal guardian (33 damage)
                  | ... with a crystal bolt
  1898 | D        | Annihilated by a crystal guardian (28 damage)
  1899 | D        | Killed a crystal guardian
  1900 | D        | Reached skill level 1 in Transmutations
  1901 | D        | Mangled by Harold
                  | ... wielding a +1 dire flail of distortion
                  | (17 damage)
  1902 | D        | Mangled by a crystal guardian (28 damage)
  1903 | D        | HP: 2/92 [crystal guardian (28)]
  1904 | D        | Annihilated by Harold
                  | ... wielding a +1 dire flail of distortion
                  | (25 damage)
  1907 | D        | Mangled by Harold
                  | ... wielding a +1 dire flail of distortion
                  | (17 damage)
  1909 | D        | HP: 4/92 [Harold/poison arrow (11)]
  1909 | D        | Demolished by a crystal guardian (21 damage)
  1911 | D        | Mangled by Harold
                  | ... wielding a +1 dire flail of distortion
                  | (25 damage)
  1911 | D        | Slain by a crystal guardian (23 damage)
  1913 | D        | Killed from afar by a crystal guardian (44 damage)
                  | ... with a crystal bolt
  1915 | D        | Killed from afar by a crystal guardian (41 damage)
                  | ... with a crystal bolt
  1917 | D        | HP: 3/92 [crystal guardian (4)]
  1917 | D        | HP: 1/92 [crystal guardian (2)]
  1918 | D        | Annihilated by a crystal guardian (30 damage)
  1920 | D        | Killed from afar by a crystal guardian (32 damage)
                  | ... with a crystal bolt
  1922 | D        | Killed from afar by a crystal guardian (33 damage)
                  | ... with a crystal bolt
  1924 | D        | Killed from afar by a crystal guardian (39 damage)
                  | ... with a crystal bolt
  1924 | D        | Slain by a crystal guardian (29 damage)
  1927 | D        | Killed from afar by a crystal guardian (28 damage)
                  | ... with a crystal bolt
  1928 | D        | Killed from afar by a crystal guardian (28 damage)
                  | ... with a crystal bolt
  1929 | D        | Killed from afar by a crystal guardian (40 damage)
                  | ... with a crystal bolt
  1931 | D        | Killed from afar by a crystal guardian (34 damage)
                  | ... with a crystal bolt
  1932 | D        | Killed from afar by a crystal guardian (15 damage)
                  | ... with a crystal bolt
  1933 | D        | Killed from afar by a crystal guardian (48 damage)
                  | ... with a crystal bolt
  1936 | D        | Killed from afar by a crystal guardian (27 damage)
                  | ... with a crystal bolt
  1937 | D        | Mangled by a crystal guardian (18 damage)
  1939 | D        | Killed from afar by a crystal guardian (18 damage)
                  | ... with a crystal bolt
  1941 | D        | Killed a crystal guardian
  1941 | D        | Demolished by Harold
                  | ... wielding a +1 dire flail of distortion
                  | (28 damage)
  1944 | D        | HP: 3/92 [crystal guardian (27)]
  1945 | D        | Succumbed to Harold's poison arrow
  1949 | D        | Succumbed to Harold's poison arrow
  1950 | D        | Slain by a crystal guardian (27 damage)
  1952 | D        | HP: 4/92 [poisoned by Harold (poison arrow)]
  1952 | D        | Killed from afar by Harold (13 damage)
                  | ... with a poison arrow
  1955 | D        | Gained mutation: You are dopey. (Int -2) [hidden defects]
  1955 | D        | Lost mutation: You have hidden genetic defects. [hidden
                  | defects expressed]
  1957 | D        | Mangled by a crystal guardian (18 damage)
  1959 | D        | HP: 1/92 [crystal guardian/crystal bolt (37)]
  1960 | D        | Succumbed to Harold's poison arrow
  1962 | D        | Killed from afar by a crystal guardian (44 damage)
                  | ... with a crystal bolt
  1965 | D        | Killed from afar by a crystal guardian (23 damage)
                  | ... with a crystal bolt
  1967 | D        | Killed a crystal guardian
  1972 | D        | Slain by Harold
                  | ... wielding a +1 dire flail of distortion
                  | (17 damage)
  1978 | D        | Slain by Harold
                  | ... wielding a +1 dire flail of distortion
                  | (5 damage)
  1989 | D        | Mangled by Harold
                  | ... wielding a +1 dire flail of distortion
                  | (21 damage)
  1995 | D        | Noticed a fire elementalist statue
  1995 | D        | Noticed a water elementalist statue
  1995 | D        | Noticed an earth elementalist statue
  1995 | D        | Noticed an air elementalist statue
  1997 | D        | HP: 4/93 [poisoned by Harold (poison arrow)]
  1997 | D        | Paralysed by an air elemental for 1 turns
  1997 | D        | Killed from afar by an air elemental (10 damage)
                  | ... with a stunning burst
                  | ... summoned by an air elementalist statue
                  | ... while paralysed by an air elemental
  2000 | D        | Killed from afar by an air elemental (16 damage)
                  | ... with a stunning burst
                  | ... summoned by an air elementalist statue
  2001 | D        | Paralysed by an air elemental for 1 turns
  2002 | D        | HP: 3/93 [Harold/+1 dire flail of distortion (20)]
  2002 | D        | Slain by Harold
                  | ... wielding a +1 dire flail of distortion
                  | (4 damage)
  2005 | D        | Paralysed by an air elemental for 1 turns
  2006 | D        | Demolished by Harold
                  | ... wielding a +1 dire flail of distortion
                  | (26 damage)
  2008 | D        | Paralysed by an air elemental for 1 turns
  2008 | D        | Mangled by Harold
                  | ... wielding a +1 dire flail of distortion
                  | (14 damage)
                  | ... while paralysed by an air elemental
  2010 | D        | Slain by Harold
                  | ... wielding a +1 dire flail of distortion
                  | (14 damage)
  2011 | D        | Paralysed by an air elemental for 1 turns
  2011 | D        | HP: 1/93 [air elemental/stunning burst[an air elementalist
                  | statue] (13)]
  2011 | D        | Demolished by Harold
                  | ... wielding a +1 dire flail of distortion
                  | (15 damage)
                  | ... while paralysed by an air elemental
  2015 | D        | Paralysed by an air elemental for 1 turns
  2015 | D        | Killed from afar by an air elemental (13 damage)
                  | ... with a stunning burst
                  | ... summoned by an air elementalist statue
                  | ... while paralysed by an air elemental
  2018 | D        | Killed from afar by an air elemental (11 damage)
                  | ... with a stunning burst
                  | ... summoned by an air elementalist statue
  2020 | D        | Killed Harold
  2021 | D        | Reached skill level 10 in Fighting
  2021 | D        | Reached XP level 11. HP: 25/99 MP: 26/26
  2022 | D        | HP: 4/99 [fire elemental[a fire elementalist statue] (8)]
  2023 | D        | Paralysed by an air elemental for 1 turns
  2023 | D        | Killed from afar by an air elemental (11 damage)
                  | ... with a stunning burst
                  | ... summoned by an air elementalist statue
                  | ... while paralysed by an air elemental
  2035 | D        | Slain by a fire elemental (11 damage)
                  | ... summoned by a fire elementalist statue
  2037 | D        | Paralysed by an air elemental for 1 turns
  2041 | D        | Paralysed by an air elemental for 1 turns
  2047 | D        | Slain by a fire elemental (9 damage)
                  | ... summoned by a fire elementalist statue
  2053 | D        | Paralysed by an air elemental for 1 turns
  2056 | D        | Paralysed by an air elemental for 1 turns
  2057 | D        | HP: 1/99 [air elemental[an air elementalist statue] (4)]
  2058 | D        | Killed from afar by an air elemental (9 damage)
                  | ... with a stunning burst
                  | ... summoned by an air elementalist statue
  2060 | D        | Paralysed by an air elemental for 1 turns
  2068 | D        | Slain by a fire elemental (12 damage)
                  | ... summoned by a fire elementalist statue
  2077 | D        | Paralysed by an air elemental for 1 turns
  2081 | D        | Paralysed by an air elemental for 1 turns
  2084 | D        | Slain by an air elemental (7 damage)
                  | ... summoned by an air elementalist statue
  2090 | D        | Paralysed by an air elemental for 1 turns
  2094 | D        | Paralysed by an air elemental for 1 turns
  2094 | D        | Killed from afar by an air elemental (10 damage)
                  | ... with a stunning burst
                  | ... summoned by an air elementalist statue
                  | ... while paralysed by an air elemental
  2098 | D        | Paralysed by an air elemental for 1 turns
  2100 | D        | Killed from afar by an air elemental (16 damage)
                  | ... with a stunning burst
                  | ... summoned by an air elementalist statue
  2101 | D        | Paralysed by an air elemental for 1 turns
  2103 | D        | Paralysed by an air elemental for 1 turns
  2104 | D        | Killed from afar by an air elemental (15 damage)
                  | ... with a stunning burst
                  | ... summoned by an air elementalist statue
  2107 | D        | Paralysed by an air elemental for 1 turns
  2108 | D        | Killed from afar by an air elemental (18 damage)
                  | ... with a stunning burst
                  | ... summoned by an air elementalist statue
  2112 | D        | Paralysed by an air elemental for 1 turns
  2114 | D        | Paralysed by an air elemental for 1 turns
  2115 | D        | HP: 3/99 [air elemental/stunning burst[an air elementalist
                  | statue] (8)]
  2116 | D        | Slain by an air elemental (7 damage)
                  | ... summoned by an air elementalist statue
  2117 | D        | Paralysed by an air elemental for 1 turns
  2119 | D        | Paralysed by an air elemental for 1 turns
  2121 | D        | Paralysed by an air elemental for 1 turns
  2121 | D        | HP: 3/99 [air elemental[an air elementalist statue] (7)]
  2122 | D        | Mangled by an air elemental (10 damage)
                  | ... summoned by an air elementalist statue
  2125 | D        | Paralysed by an air elemental for 1 turns
  2126 | D        | Killed from afar by an air elemental (16 damage)
                  | ... with a stunning burst
                  | ... summoned by an air elementalist statue
  2129 | D        | Paralysed by an air elemental for 1 turns
  2133 | D        | HP: 1/99 [air elemental[an air elementalist statue] (10)]
  2135 | D        | Slain by an air elemental (1 damage)
                  | ... summoned by an air elementalist statue
  2137 | D        | Paralysed by an air elemental for 1 turns
  2141 | D        | Slain by an air elemental (11 damage)
                  | ... summoned by an air elementalist statue
  2143 | D        | Paralysed by an air elemental for 1 turns
  2154 | D        | Paralysed by an air elemental for 1 turns
  2154 | D        | Killed from afar by an air elemental (7 damage)
                  | ... with a stunning burst
                  | ... summoned by an air elementalist statue
                  | ... while paralysed by an air elemental
  2161 | D        | Paralysed by an air elemental for 1 turns
  2161 | D        | Killed from afar by an air elemental (16 damage)
                  | ... with a stunning burst
                  | ... summoned by an air elementalist statue
                  | ... while paralysed by an air elemental
  2165 | D        | Paralysed by an air elemental for 1 turns
  2173 | D        | HP: 4/99 [fire elemental[a fire elementalist statue] (11)]
  2174 | D        | Slain by a fire elemental (8 damage)
                  | ... summoned by a fire elementalist statue
  2181 | D        | Paralysed by an air elemental for 1 turns
  2183 | D        | HP: 1/99 [air elemental/stunning burst[an air elementalist
                  | statue] (9)]
  2184 | D        | Slain by an air elemental (6 damage)
                  | ... summoned by an air elementalist statue
  2188 | D        | Paralysed by an air elemental for 1 turns
  2192 | D        | Killed from afar by an air elemental (13 damage)
                  | ... with a stunning burst
                  | ... summoned by an air elementalist statue
  2194 | D        | Paralysed by an air elemental for 1 turns
  2197 | D        | HP: 4/99 [air elemental/stunning burst[an air elementalist
                  | statue] (16)]
  2197 | D        | Killed from afar by an air elemental (6 damage)
                  | ... with a stunning burst
                  | ... summoned by an air elementalist statue
  2200 | D        | Paralysed by an air elemental for 1 turns
  2201 | D        | Killed from afar by an air elemental (17 damage)
                  | ... with a stunning burst
                  | ... summoned by an air elementalist statue
                  | ... while paralysed by an air elemental
  2209 | D        | Paralysed by an air elemental for 1 turns
  2210 | D        | HP: 3/99 [air elemental/stunning burst[an air elementalist
                  | statue] (8)]
  2210 | D        | Killed from afar by an air elemental (18 damage)
                  | ... with a stunning burst
                  | ... summoned by an air elementalist statue
                  | ... while paralysed by an air elemental
  2227 | D        | Slain by a fire elemental (13 damage)
                  | ... summoned by a fire elementalist statue
  2229 | D        | Paralysed by an air elemental for 1 turns
  2230 | D        | HP: 3/99 [air elemental[an air elementalist statue] (10)]
  2231 | D        | Killed from afar by an air elemental (9 damage)
                  | ... with a stunning burst
                  | ... summoned by an air elementalist statue
  2234 | D        | Paralysed by an air elemental for 1 turns
  2239 | D        | Paralysed by an air elemental for 1 turns
  2240 | D        | HP: 4/99 [air elemental/stunning burst[an air elementalist
                  | statue] (18)]
  2240 | D        | Mangled by an air elemental (12 damage)
                  | ... summoned by an air elementalist statue
                  | ... while paralysed by an air elemental
  2243 | D        | Paralysed by an air elemental for 1 turns
  2246 | D        | HP: 3/99 [air elemental/stunning burst[an air elementalist
                  | statue] (4)]
  2247 | D        | Slain by an air elemental (5 damage)
                  | ... summoned by an air elementalist statue
  2249 | D        | Paralysed by an air elemental for 1 turns
  2254 | D        | Paralysed by an air elemental for 1 turns
  2259 | D        | HP: 2/99 [drowned by a water elemental[a water elementalist
                  | statue] (5)]
  2259 | D        | Mangled by a water elemental (13 damage)
                  | ... summoned by a water elementalist statue
  2271 | D        | Paralysed by an air elemental for 1 turns
  2271 | D        | Killed from afar by an air elemental (10 damage)
                  | ... with a stunning burst
                  | ... summoned by an air elementalist statue
                  | ... while paralysed by an air elemental
  2281 | D        | Mangled by a fire elemental (11 damage)
                  | ... summoned by a fire elementalist statue
  2290 | D        | Paralysed by an air elemental for 1 turns
  2295 | D        | Killed from afar by an air elemental (21 damage)
                  | ... with a stunning burst
                  | ... summoned by an air elementalist statue
  2299 | D        | Paralysed by an air elemental for 1 turns
  2308 | D        | Paralysed by an air elemental for 1 turns
  2308 | D        | Killed from afar by an air elemental (10 damage)
                  | ... with a stunning burst
                  | ... summoned by an air elementalist statue
                  | ... while paralysed by an air elemental
  2315 | D        | Paralysed by an air elemental for 1 turns
  2316 | D        | Killed from afar by an air elemental (11 damage)
                  | ... with a stunning burst
                  | ... summoned by an air elementalist statue
                  | ... while paralysed by an air elemental
  2327 | D        | HP: 3/99 [drowned by a water elemental[a water elementalist
                  | statue] (4)]
  2327 | D        | Mangled by a water elemental (11 damage)
                  | ... summoned by a water elementalist statue
  2345 | D        | HP: 3/99 [fire elemental[a fire elementalist statue] (12)]
  2346 | D        | Mangled by a fire elemental (12 damage)
                  | ... summoned by a fire elementalist statue
  2352 | D        | Slain by a fire elemental (11 damage)
                  | ... summoned by a fire elementalist statue
  2357 | D        | Drowned by a water elemental (7 damage)
                  | ... summoned by a water elementalist statue
  2360 | D        | Mangled by a water elemental (18 damage)
                  | ... summoned by a water elementalist statue
  2363 | D        | HP: 1/99 [drowned by a water elemental[a water elementalist
                  | statue] (8)]
  2363 | D        | Mangled by a fire elemental (13 damage)
                  | ... summoned by a fire elementalist statue
  2366 | D        | Drowned by a water elemental (9 damage)
                  | ... summoned by a water elementalist statue
  2370 | D        | HP: 3/99 [drowned by a water elemental[a water elementalist
                  | statue] (9)]
  2370 | D        | Mangled by a fire elemental (11 damage)
                  | ... summoned by a fire elementalist statue
  2375 | D        | Drowned by a water elemental (9 damage)
                  | ... summoned by a water elementalist statue
  2391 | D        | Mangled by a fire elemental (14 damage)
                  | ... summoned by a fire elementalist statue
  2398 | D        | Mangled by a fire elemental (12 damage)
                  | ... summoned by a fire elementalist statue
  2404 | D        | Paralysed by an air elemental for 1 turns
  2405 | D        | HP: 1/99 [air elemental/stunning burst[an air elementalist
                  | statue] (9)]
  2406 | D        | Mangled by a fire elemental (10 damage)
                  | ... summoned by a fire elementalist statue
  2408 | D        | Paralysed by an air elemental for 1 turns
  2409 | D        | Slain by an air elemental (7 damage)
                  | ... summoned by an air elementalist statue
                  | ... while paralysed by an air elemental
  2412 | D        | HP: 3/99 [air elemental[an air elementalist statue] (8)]
  2412 | D        | Slain by an air elemental (5 damage)
                  | ... summoned by an air elementalist statue
  2414 | D        | Paralysed by an air elemental for 1 turns
  2415 | D        | Mangled by an air elemental (12 damage)
                  | ... summoned by an air elementalist statue
                  | ... while paralysed by an air elemental
  2421 | D        | Paralysed by an air elemental for 1 turns
  2421 | D        | HP: 3/99 [fire elemental[a fire elementalist statue] (9)]
  2421 | D        | Slain by an air elemental (5 damage)
                  | ... summoned by an air elementalist statue
                  | ... while paralysed by an air elemental
  2424 | D        | Slain by a fire elemental (9 damage)
                  | ... summoned by a fire elementalist statue
  2426 | D        | Paralysed by an air elemental for 1 turns
  2427 | D        | Slain by an air elemental (13 damage)
                  | ... summoned by an air elementalist statue
                  | ... while paralysed by an air elemental
  2431 | D        | Slain by an air elemental (10 damage)
                  | ... summoned by an air elementalist statue
  2431 | D        | Paralysed by an air elemental for 1 turns
  2433 | D        | Mangled by an air elemental (13 damage)
                  | ... summoned by an air elementalist statue
  2436 | D        | Paralysed by an air elemental for 1 turns
  2437 | D        | Mangled by an air elemental (13 damage)
                  | ... summoned by an air elementalist statue
                  | ... while paralysed by an air elemental
  2441 | D        | HP: 4/99 [water elemental[a water elementalist statue]
                  | (18)]
  2442 | D        | HP: 1/99 [drowned by a water elemental[a water elementalist
                  | statue] (3)]
  2442 | D        | Mangled by a fire elemental (13 damage)
                  | ... summoned by a fire elementalist statue
  2446 | D        | Slain by a fire elemental (11 damage)
                  | ... summoned by a fire elementalist statue
  2450 | D        | HP: 2/99 [drowned by a water elemental[a water elementalist
                  | statue] (6)]
  2451 | D        | Drowned by a water elemental (7 damage)
                  | ... summoned by a water elementalist statue
  2454 | D        | Paralysed by an air elemental for 1 turns
  2456 | D        | HP: 4/99 [air elemental/stunning burst[an air elementalist
                  | statue] (7)]
  2456 | D        | Mangled by an air elemental (10 damage)
                  | ... summoned by an air elementalist statue
  2459 | D        | Killed from afar by an air elemental (12 damage)
                  | ... with a stunning burst
                  | ... summoned by an air elementalist statue
  2460 | D        | Paralysed by an air elemental for 1 turns
  2461 | D        | HP: 4/99 [drowned by a water elemental[a water elementalist
                  | statue] (11)]
  2461 | D        | Killed from afar by an air elemental (11 damage)
                  | ... with a stunning burst
                  | ... summoned by an air elementalist statue
                  | ... while paralysed by an air elemental
  2463 | D        | Slain by a water elemental (15 damage)
                  | ... summoned by a water elementalist statue
  2464 | D        | Paralysed by an air elemental for 1 turns
  2465 | D        | Killed from afar by an air elemental (10 damage)
                  | ... with a stunning burst
                  | ... summoned by an air elementalist statue
                  | ... while paralysed by an air elemental
  2467 | D        | HP: 3/99 [drowned by a water elemental[a water elementalist
                  | statue] (10)]
  2467 | D        | Killed from afar by an air elemental (9 damage)
                  | ... with a stunning burst
                  | ... summoned by an air elementalist statue
  2469 | D        | Paralysed by an air elemental for 1 turns
  2470 | D        | HP: 1/99 [fire elemental[a fire elementalist statue] (1)]
  2470 | D        | Mangled by a fire elemental (9 damage)
                  | ... summoned by a fire elementalist statue
                  | ... while paralysed by an air elemental
  2472 | D        | Killed from afar by an air elemental (10 damage)
                  | ... with a stunning burst
                  | ... summoned by an air elementalist statue
  2476 | D        | Paralysed by an air elemental for 1 turns
  2476 | D        | HP: 1/99 [air elemental/stunning burst[an air elementalist
                  | statue] (6)]
  2476 | D        | Mangled by an air elemental (8 damage)
                  | ... summoned by an air elementalist statue
                  | ... while paralysed by an air elemental
  2479 | D        | Mangled by a fire elemental (9 damage)
                  | ... summoned by a fire elementalist statue
  2482 | D        | Paralysed by an air elemental for 1 turns
  2482 | D        | HP: 2/99 [fire elemental[a fire elementalist statue] (14)]
  2482 | D        | Mangled by a fire elemental (10 damage)
                  | ... summoned by a fire elementalist statue
                  | ... while paralysed by an air elemental
  2486 | D        | Slain by a fire elemental (11 damage)
                  | ... summoned by a fire elementalist statue
  2493 | D        | Slain by an air elemental (9 damage)
                  | ... summoned by an air elementalist statue
  2497 | D        | HP: 3/99 [fire elemental[a fire elementalist statue] (14)]
  2497 | D        | Slain by an air elemental (3 damage)
                  | ... summoned by an air elementalist statue
  2498 | D        | Paralysed by an air elemental for 1 turns
  2501 | D        | Slain by an earth elemental (4 damage)
                  | ... summoned by an earth elementalist statue
  2505 | D        | Paralysed by an air elemental for 1 turns
  2506 | D        | HP: 4/99 [fire elemental[a fire elementalist statue] (1)]
  2506 | D        | Mangled by a fire elemental (13 damage)
                  | ... summoned by a fire elementalist statue
                  | ... while paralysed by an air elemental
  2516 | D        | HP: 2/99 [air elemental[an air elementalist statue] (7)]
  2516 | D        | Mangled by a fire elemental (13 damage)
                  | ... summoned by a fire elementalist statue
  2518 | D        | Paralysed by an air elemental for 1 turns
  2519 | D        | Slain by a fire elemental (14 damage)
                  | ... summoned by a fire elementalist statue
                  | ... while paralysed by an air elemental
  2523 | D        | Paralysed by an air elemental for 1 turns
  2523 | D        | Slain by a fire elemental (14 damage)
                  | ... summoned by a fire elementalist statue
                  | ... while paralysed by an air elemental
  2527 | D        | Killed from afar by an air elemental (15 damage)
                  | ... with a stunning burst
                  | ... summoned by an air elementalist statue
  2528 | D        | Paralysed by an air elemental for 1 turns
  2530 | D        | Mangled by a fire elemental (14 damage)
                  | ... summoned by a fire elementalist statue
  2532 | D        | Paralysed by an air elemental for 1 turns
  2533 | D        | HP: 2/99 [air elemental/stunning burst[an air elementalist
                  | statue] (14)]
  2533 | D        | Mangled by a fire elemental (10 damage)
                  | ... summoned by a fire elementalist statue
                  | ... while paralysed by an air elemental
  2541 | D        | Paralysed by an air elemental for 1 turns
  2542 | D        | Slain by an air elemental (13 damage)
                  | ... summoned by an air elementalist statue
                  | ... while paralysed by an air elemental
  2544 | D        | Annihilated by an earth elemental (38 damage)
                  | ... summoned by an earth elementalist statue
  2546 | D        | Paralysed by an air elemental for 1 turns
  2547 | D        | Killed from afar by an air elemental (10 damage)
                  | ... with a stunning burst
                  | ... summoned by an air elementalist statue
                  | ... while paralysed by an air elemental
  2549 | D        | Slain by an air elemental (9 damage)
                  | ... summoned by an air elementalist statue
  2550 | D        | Paralysed by an air elemental for 1 turns
  2551 | D        | Slain by an earth elemental (32 damage)
                  | ... summoned by an earth elementalist statue
                  | ... while paralysed by an air elemental
  2555 | D        | Killed from afar by an air elemental (7 damage)
                  | ... with a stunning burst
                  | ... summoned by an air elementalist statue
  2557 | D        | Paralysed by an air elemental for 1 turns
  2558 | D        | Slain by an air elemental (9 damage)
                  | ... summoned by an air elementalist statue
                  | ... while paralysed by an air elemental
  2560 | D        | Killed from afar by an air elemental (12 damage)
                  | ... with a stunning burst
                  | ... summoned by an air elementalist statue
  2565 | D        | Paralysed by an air elemental for 1 turns
  2565 | D        | Slain by an air elemental (10 damage)
                  | ... summoned by an air elementalist statue
                  | ... while paralysed by an air elemental
  2567 | D        | Slain by a fire elemental (10 damage)
                  | ... summoned by a fire elementalist statue
  2572 | D        | Paralysed by an air elemental for 1 turns
  2573 | D        | Mangled by a fire elemental (13 damage)
                  | ... summoned by a fire elementalist statue
                  | ... while paralysed by an air elemental
  2576 | D        | HP: 3/99 [air elemental[an air elementalist statue] (12)]
  2576 | D        | Mangled by a fire elemental (9 damage)
                  | ... summoned by a fire elementalist statue
  2578 | D        | Paralysed by an air elemental for 1 turns
  2579 | D        | Mangled by a fire elemental (11 damage)
                  | ... summoned by a fire elementalist statue
                  | ... while paralysed by an air elemental
  2583 | D        | HP: 3/99 [earth elemental[an earth elementalist statue]
                  | (27)]
  2583 | D        | Mangled by an air elemental (9 damage)
                  | ... summoned by an air elementalist statue
  2584 | D        | Paralysed by an air elemental for 1 turns
  2586 | D        | Slain by a fire elemental (9 damage)
                  | ... summoned by a fire elementalist statue
  2590 | D        | Drowned by a water elemental (5 damage)
                  | ... summoned by a water elementalist statue
  2593 | D        | Slain by an air elemental (14 damage)
                  | ... summoned by an air elementalist statue
  2593 | D        | Paralysed by an air elemental for 1 turns
  2595 | D        | Demolished by an earth elemental (25 damage)
                  | ... summoned by an earth elementalist statue
  2601 | D        | HP: 4/99 [drowned by a water elemental[a water elementalist
                  | statue] (8)]
  2601 | D        | Demolished by an earth elemental (23 damage)
                  | ... summoned by an earth elementalist statue
  2606 | D        | Slain by a fire elemental (11 damage)
                  | ... summoned by a fire elementalist statue
  2608 | D        | Slain by a fire elemental (10 damage)
                  | ... summoned by a fire elementalist statue
  2613 | D        | Slain by an air elemental (7 damage)
                  | ... summoned by an air elementalist statue
  2617 | D        | Slain by a fire elemental (14 damage)
                  | ... summoned by a fire elementalist statue
  2619 | D        | Paralysed by an air elemental for 1 turns
  2620 | D        | HP: 1/99 [air elemental[an air elementalist statue] (13)]
  2620 | D        | Slain by an air elemental (4 damage)
                  | ... summoned by an air elementalist statue
                  | ... while paralysed by an air elemental
  2622 | D        | Mangled by a fire elemental (13 damage)
                  | ... summoned by a fire elementalist statue
  2626 | D        | Paralysed by an air elemental for 1 turns
  2626 | D        | Killed from afar by an air elemental (18 damage)
                  | ... with a stunning burst
                  | ... summoned by an air elementalist statue
                  | ... while paralysed by an air elemental
  2627 | D        | Killed from afar by an air elemental (15 damage)
                  | ... with a stunning burst
                  | ... summoned by an air elementalist statue
                  | ... while paralysed by an air elemental
  2632 | D        | Paralysed by an air elemental for 1 turns
  2633 | D        | HP: 1/99 [air elemental[an air elementalist statue] (11)]
  2633 | D        | Mangled by a fire elemental (12 damage)
                  | ... summoned by a fire elementalist statue
                  | ... while paralysed by an air elemental
  2637 | D        | Slain by a fire elemental (9 damage)
                  | ... summoned by a fire elementalist statue
  2641 | D        | Slain by a water elemental (15 damage)
                  | ... summoned by a water elementalist statue
  2646 | D        | HP: 1/99 [drowned by a water elemental[a water elementalist
                  | statue] (7)]
  2646 | D        | Paralysed by an air elemental for 1 turns
  2646 | D        | Killed from afar by an air elemental (13 damage)
                  | ... with a stunning burst
                  | ... summoned by an air elementalist statue
                  | ... while paralysed by an air elemental
  2648 | D        | Drowned by a water elemental (8 damage)
                  | ... summoned by a water elementalist statue
  2651 | D        | Slain by an air elemental (9 damage)
                  | ... summoned by an air elementalist statue
  2652 | D        | Paralysed by an air elemental for 1 turns
  2653 | D        | Slain by a fire elemental (11 damage)
                  | ... summoned by a fire elementalist statue
                  | ... while paralysed by an air elemental
  2657 | D        | Paralysed by an air elemental for 1 turns
  2657 | D        | Killed from afar by an air elemental (20 damage)
                  | ... with a stunning burst
                  | ... summoned by an air elementalist statue
                  | ... while paralysed by an air elemental
  2660 | D        | HP: 1/99 [water elemental[a water elementalist statue] (8)]
  2661 | D        | Killed from afar by an air elemental (15 damage)
                  | ... with a stunning burst
                  | ... summoned by an air elementalist statue
  2663 | D        | Paralysed by an air elemental for 1 turns
  2664 | D        | Slain by a water elemental (20 damage)
                  | ... summoned by a water elementalist statue
                  | ... while paralysed by an air elemental
  2670 | D        | Mangled by a water elemental (16 damage)
                  | ... summoned by a water elementalist statue
  2676 | D        | HP: 4/99 [water elemental[a water elementalist statue] (5)]
  2677 | D        | Drowned by a water elemental (6 damage)
                  | ... summoned by a water elementalist statue
  2680 | D        | Drowned by a water elemental (6 damage)
                  | ... summoned by a water elementalist statue
  2684 | D        | Slain by a water elemental (13 damage)
                  | ... summoned by a water elementalist statue
  2688 | D        | HP: 2/99 [drowned by a water elemental[a water elementalist
                  | statue] (8)]
  2688 | D        | Mangled by a fire elemental (12 damage)
                  | ... summoned by a fire elementalist statue
  2693 | D        | Slain by a fire elemental (11 damage)
                  | ... summoned by a fire elementalist statue
  2694 | D        | Paralysed by an air elemental for 1 turns
  2695 | D        | HP: 1/99 [fire elemental[a fire elementalist statue] (11)]
  2695 | D        | Mangled by an air elemental (9 damage)
                  | ... summoned by an air elementalist statue
                  | ... while paralysed by an air elemental
  2697 | D        | Slain by a water elemental (20 damage)
                  | ... summoned by a water elementalist statue
  2700 | D        | Paralysed by an air elemental for 1 turns
  2700 | D        | HP: 1/99 [air elemental/stunning burst[an air elementalist
                  | statue] (13)]
  2700 | D        | Mangled by a fire elemental (10 damage)
                  | ... summoned by a fire elementalist statue
                  | ... while paralysed by an air elemental
  2702 | D        | Mangled by a fire elemental (12 damage)
                  | ... summoned by a fire elementalist statue
  2705 | D        | Paralysed by an air elemental for 1 turns
  2706 | D        | Killed from afar by an air elemental (11 damage)
                  | ... with a stunning burst
                  | ... summoned by an air elementalist statue
                  | ... while paralysed by an air elemental
  2709 | D        | Paralysed by an air elemental for 1 turns
  2709 | D        | Killed from afar by an air elemental (14 damage)
                  | ... with a stunning burst
                  | ... summoned by an air elementalist statue
                  | ... while paralysed by an air elemental
  2710 | D        | HP: 1/99 [fire elemental[a fire elementalist statue] (12)]
  2710 | D        | Slain by an air elemental (3 damage)
                  | ... summoned by an air elementalist statue
                  | ... while paralysed by an air elemental
  2712 | D        | Killed from afar by an air elemental (10 damage)
                  | ... with a stunning burst
                  | ... summoned by an air elementalist statue
  2715 | D        | HP: 1/99 [drowned by a water elemental[a water elementalist
                  | statue] (7)]
  2715 | D        | Mangled by an air elemental (8 damage)
                  | ... summoned by an air elementalist statue
  2716 | D        | Paralysed by an air elemental for 1 turns
  2717 | D        | Killed from afar by an air elemental (10 damage)
                  | ... with a stunning burst
                  | ... summoned by an air elementalist statue
                  | ... while paralysed by an air elemental
  2718 | D        | Killed from afar by an air elemental (18 damage)
                  | ... with a stunning burst
                  | ... summoned by an air elementalist statue
  2721 | D        | HP: 3/99 [drowned by a water elemental[a water elementalist
                  | statue] (8)]
  2721 | D        | Mangled by an air elemental (13 damage)
                  | ... summoned by an air elementalist statue
  2723 | D        | Paralysed by an air elemental for 1 turns
  2723 | D        | Demolished by a water elemental (21 damage)
                  | ... summoned by a water elementalist statue
                  | ... while paralysed by an air elemental
  2725 | D        | Slain by a water elemental (10 damage)
                  | ... summoned by a water elementalist statue
  2727 | D        | Slain by an earth elemental (27 damage)
                  | ... summoned by an earth elementalist statue
  2729 | D        | Paralysed by an air elemental for 1 turns
  2729 | D        | Demolished by an earth elemental (36 damage)
                  | ... summoned by an earth elementalist statue
                  | ... while paralysed by an air elemental
  2731 | D        | Killed from afar by an air elemental (13 damage)
                  | ... with a stunning burst
                  | ... summoned by an air elementalist statue
  2733 | D        | HP: 1/99 [water elemental[a water elementalist statue]
                  | (18)]
  2734 | D        | Drowned by a water elemental (6 damage)
                  | ... summoned by a water elementalist statue
  2735 | D        | Paralysed by an air elemental for 1 turns
  2736 | D        | Slain by an air elemental (8 damage)
                  | ... summoned by an air elementalist statue
                  | ... while paralysed by an air elemental
  2739 | D        | HP: 4/99 [water elemental[a water elementalist statue]
                  | (19)]
  2740 | D        | Drowned by a water elemental (8 damage)
                  | ... summoned by a water elementalist statue
  2745 | D        | HP: 3/99 [air elemental[an air elementalist statue] (9)]
  2745 | D        | Demolished by an earth elemental (18 damage)
                  | ... summoned by an earth elementalist statue
  2750 | D        | HP: 1/99 [drowned by a water elemental[a water elementalist
                  | statue] (5)]
  2750 | D        | Paralysed by an air elemental for 1 turns
  2750 | D        | Killed from afar by an air elemental (12 damage)
                  | ... with a stunning burst
                  | ... summoned by an air elementalist statue
                  | ... while paralysed by an air elemental
  2751 | D        | Mangled by a water elemental (14 damage)
                  | ... summoned by a water elementalist statue
                  | ... while paralysed by an air elemental
  2754 | D        | Mangled by an air elemental (11 damage)
                  | ... summoned by an air elementalist statue
  2758 | D        | Drowned by a water elemental (7 damage)
                  | ... summoned by a water elementalist statue
  2760 | D        | HP: 1/99 [air elemental[an air elementalist statue] (9)]
  2760 | D        | Mangled by a fire elemental (10 damage)
                  | ... summoned by a fire elementalist statue
  2762 | D        | Paralysed by an air elemental for 1 turns
  2763 | D        | Slain by an air elemental (13 damage)
                  | ... summoned by an air elementalist statue
                  | ... while paralysed by an air elemental
  2765 | D        | Mangled by an earth elemental (14 damage)
                  | ... summoned by an earth elementalist statue
  2769 | D        | Drowned by a water elemental (6 damage)
                  | ... summoned by a water elementalist statue
  2769 | D        | Paralysed by an air elemental for 1 turns
  2771 | D        | Slain by an air elemental (13 damage)
                  | ... summoned by an air elementalist statue
  2779 | D        | Slain by a water elemental (19 damage)
                  | ... summoned by a water elementalist statue
  2780 | D        | Paralysed by an air elemental for 1 turns
  2781 | D        | Mangled by a water elemental (13 damage)
                  | ... summoned by a water elementalist statue
                  | ... while paralysed by an air elemental
  2786 | D        | HP: 4/99 [drowned by a water elemental[a water elementalist
                  | statue] (7)]
  2786 | D        | Annihilated by an earth elemental (34 damage)
                  | ... summoned by an earth elementalist statue
  2789 | D        | Paralysed by an air elemental for 1 turns
  2789 | D        | Slain by a water elemental (10 damage)
                  | ... summoned by a water elementalist statue
                  | ... while paralysed by an air elemental
  2792 | D        | HP: 2/99 [drowned by a water elemental[a water elementalist
                  | statue] (8)]
  2792 | D        | Demolished by an earth elemental (17 damage)
                  | ... summoned by an earth elementalist statue
  2794 | D        | Paralysed by an air elemental for 1 turns
  2794 | D        | Annihilated by an earth elemental (37 damage)
                  | ... summoned by an earth elementalist statue
                  | ... while paralysed by an air elemental
  2796 | D        | Slain by an earth elemental (27 damage)
                  | ... summoned by an earth elementalist statue
  2799 | D        | Paralysed by an air elemental for 1 turns
  2800 | D        | Mangled by an earth elemental (28 damage)
                  | ... summoned by an earth elementalist statue
                  | ... while paralysed by an air elemental
  2804 | D        | Slain by an earth elemental (15 damage)
                  | ... summoned by an earth elementalist statue
  2807 | D        | Paralysed by an air elemental for 1 turns
  2809 | D        | Slain by an air elemental (12 damage)
                  | ... summoned by an air elementalist statue
  2813 | D        | Paralysed by an air elemental for 1 turns
  2813 | D        | Slain by an air elemental (11 damage)
                  | ... summoned by an air elementalist statue
                  | ... while paralysed by an air elemental
  2815 | D        | HP: 1/99 [air elemental[an air elementalist statue] (12)]
  2815 | D        | Killed from afar by an air elemental (6 damage)
                  | ... with a stunning burst
                  | ... summoned by an air elementalist statue
  2818 | D        | Paralysed by an air elemental for 1 turns
  2819 | D        | Killed from afar by an air elemental (10 damage)
                  | ... with a stunning burst
                  | ... summoned by an air elementalist statue
                  | ... while paralysed by an air elemental
  2822 | D        | Paralysed by an air elemental for 1 turns
  2823 | D        | HP: 2/99 [drowned by a water elemental[a water elementalist
                  | statue] (8)]
  2823 | D        | Slain by an air elemental (5 damage)
                  | ... summoned by an air elementalist statue
                  | ... while paralysed by an air elemental
  2826 | D        | Mangled by an air elemental (12 damage)
                  | ... summoned by an air elementalist statue
  2827 | D        | Paralysed by an air elemental for 1 turns
  2828 | D        | HP: 1/99 [air elemental/stunning burst[an air elementalist
                  | statue] (14)]
  2828 | D        | Mangled by an air elemental (11 damage)
                  | ... summoned by an air elementalist statue
                  | ... while paralysed by an air elemental
  2830 | D        | Slain by a water elemental (11 damage)
                  | ... summoned by a water elementalist statue
  2832 | D        | Slain by an air elemental (9 damage)
                  | ... summoned by an air elementalist statue
  2833 | D        | Paralysed by an air elemental for 1 turns
  2834 | D        | HP: 4/99 [water elemental[a water elementalist statue] (3)]
  2834 | D        | Mangled by an air elemental (13 damage)
                  | ... summoned by an air elementalist statue
                  | ... while paralysed by an air elemental
  2837 | D        | Paralysed by an air elemental for 1 turns
  2838 | D        | HP: 1/99 [drowned by a water elemental[a water elementalist
                  | statue] (6)]
  2838 | D        | Mangled by an air elemental (9 damage)
                  | ... summoned by an air elementalist statue
                  | ... while paralysed by an air elemental
  2842 | D        | Slain by a water elemental (4 damage)
                  | ... summoned by a water elementalist statue
  2849 | D        | HP: 3/99 [water elemental[a water elementalist statue]
                  | (16)]
  2850 | D        | Drowned by a water elemental (5 damage)
                  | ... summoned by a water elementalist statue
  2855 | D        | Drowned by a water elemental (7 damage)
                  | ... summoned by a water elementalist statue
  2863 | D        | Drowned by a water elemental (5 damage)
                  | ... summoned by a water elementalist statue
  2868 | D        | HP: 4/99 [water elemental[a water elementalist statue] (9)]
  2869 | D        | Drowned by a water elemental (7 damage)
                  | ... summoned by a water elementalist statue
  2885 | D        | Slain by a water elemental (16 damage)
                  | ... summoned by a water elementalist statue
  2897 | D        | Noticed a skeletal warrior
  2897 | D        | Noticed a skeletal warrior
  2897 | D        | Noticed a mummy priest
  2906 | D        | HP: 1/100 [something (23)]
  2906 | D        | Mangled by a shadow wraith (7 damage)
  2917 | D        | HP: 4/100 [something (18)]
  2917 | D        | Demolished by a shadow wraith (25 damage)
  2922 | D        | Killed a shadow wraith
  2928 | D        | Paralysed by a hornet for 3 turns
  2929 | D        | HP: 4/100 [hornet (13)]
  2930 | D        | Mangled by a hornet (10 damage)
                  | ... while paralysed by a hornet
  2935 | D        | Noticed Mennas
  2939 | D        | Mangled by Mennas
                  | ... wielding a +1 sacred scourge of holy wrath
                  | (20 damage)
  2941 | D        | Mangled by Mennas
                  | ... wielding a +1 sacred scourge of holy wrath
                  | (33 damage)
  2943 | D        | HP: 5/101 [Mennas/+1 sacred scourge of holy wrath (15)]
  2944 | D        | Slain by Mennas
                  | ... wielding a +1 sacred scourge of holy wrath
                  | (8 damage)
  2946 | D        | Mangled by Mennas
                  | ... wielding a +1 sacred scourge of holy wrath
                  | (13 damage)
  2948 | D        | Mangled by Mennas
                  | ... wielding a +1 sacred scourge of holy wrath
                  | (36 damage)
  2950 | D        | HP: 5/101 [Mennas/+1 sacred scourge of holy wrath (1)]
  2950 | D        | Demolished by Mennas
                  | ... wielding a +1 sacred scourge of holy wrath
                  | (23 damage)
  2952 | D        | HP: 2/101 [hornet (1)]
  2952 | D        | Paralysed by a hornet for 1 turns
  2952 | D        | Mangled by Mennas
                  | ... wielding a +1 sacred scourge of holy wrath
                  | (9 damage)
                  | ... while paralysed by a hornet
  2955 | D        | Slain by Mennas
                  | ... wielding a +1 sacred scourge of holy wrath
                  | (7 damage)
  2957 | D        | Paralysed by a hornet for 1 turns
  2957 | D        | Slain by Mennas
                  | ... wielding a +1 sacred scourge of holy wrath
                  | (8 damage)
                  | ... while paralysed by a hornet
  2959 | D        | Mangled by Mennas
                  | ... wielding a +1 sacred scourge of holy wrath
                  | (18 damage)
  2961 | D        | HP: 1/101 [Mennas/+1 sacred scourge of holy wrath (9)]
  2962 | D        | Reached skill level 11 in Long Blades
  2962 | D        | Annihilated by Mennas
                  | ... wielding a +1 sacred scourge of holy wrath
                  | (33 damage)
  2963 | D        | Shot with an arrow by a skeletal warrior (33 damage)
  2965 | D        | Mangled by Mennas
                  | ... wielding a +1 sacred scourge of holy wrath
                  | (28 damage)
  2967 | D        | HP: 2/101 [skeletal warrior/arrow (10)]
  2967 | D        | Demolished by Mennas
                  | ... wielding a +1 sacred scourge of holy wrath
                  | (20 damage)
  2968 | D        | Shot with an arrow by a skeletal warrior (22 damage)
  2969 | D        | Mangled by Mennas
                  | ... wielding a +1 sacred scourge of holy wrath
                  | (14 damage)
  2972 | D        | HP: 2/101 [hornet (12)]
  2972 | D        | Slain by Mennas
                  | ... wielding a +1 sacred scourge of holy wrath
                  | (2 damage)
  2974 | D        | Mangled by Mennas
                  | ... wielding a +1 sacred scourge of holy wrath
                  | (18 damage)
  2975 | D        | Slain by a hornet (15 damage)
  2978 | D        | Slain by Mennas
                  | ... wielding a +1 sacred scourge of holy wrath
                  | (17 damage)
  2979 | D        | Slain by Mennas
                  | ... wielding a +1 sacred scourge of holy wrath
                  | (15 damage)
  2981 | D        | HP: 4/101 [skeletal warrior/arrow (9)]
  2981 | D        | Slain by Mennas
                  | ... wielding a +1 sacred scourge of holy wrath
                  | (6 damage)
  2982 | D        | Shot with an arrow by a skeletal warrior (10 damage)
  2983 | D        | Slain by Mennas
                  | ... wielding a +1 sacred scourge of holy wrath
                  | (38 damage)
  2985 | D        | Slain by Mennas
                  | ... wielding a +1 sacred scourge of holy wrath
                  | (12 damage)
  2987 | D        | Slain by a hornet (13 damage)
  2988 | D        | Mangled by Mennas
                  | ... wielding a +1 sacred scourge of holy wrath
                  | (25 damage)
  2990 | D        | Mangled by Mennas
                  | ... wielding a +1 sacred scourge of holy wrath
                  | (28 damage)
  2991 | D        | Shot with an arrow by a skeletal warrior (11 damage)
  2993 | D        | HP: 2/101 [hornet (15)]
  2994 | D        | Succumbed to a hornet's poison
  2994 | D        | Paralysed by a hornet for 3 turns
  2996 | D        | Slain by Mennas
                  | ... wielding a +1 sacred scourge of holy wrath
                  | (2 damage)
                  | ... while paralysed by a hornet
  2998 | D        | Slain by a hornet (11 damage)
  2999 | D        | Slain by Mennas
                  | ... wielding a +1 sacred scourge of holy wrath
                  | (14 damage)
  3001 | D        | Mangled by Mennas
                  | ... wielding a +1 sacred scourge of holy wrath
                  | (15 damage)
  3002 | D        | Shot with an arrow by a skeletal warrior (27 damage)
  3002 | D        | Paralysed by a hornet for 3 turns
  3003 | D        | Slain by a hornet (11 damage)
                  | ... while paralysed by a hornet
  3004 | D        | Shot with an arrow by a skeletal warrior (25 damage)
                  | ... while paralysed by a hornet
  3005 | D        | HP: 5/101 [hornet (15)]
  3006 | D        | Succumbed to a hornet's poison
  3007 | D        | Slain by Mennas
                  | ... wielding a +1 sacred scourge of holy wrath
                  | (15 damage)
  3009 | D        | Annihilated by Mennas
                  | ... wielding a +1 sacred scourge of holy wrath
                  | (32 damage)
  3009 | D        | Paralysed by a hornet for 2 turns
  3011 | D        | Slain by a hornet (12 damage)
  3012 | D        | Mangled by Mennas
                  | ... wielding a +1 sacred scourge of holy wrath
                  | (20 damage)
  3015 | D        | Annihilated by Mennas
                  | ... wielding a +1 sacred scourge of holy wrath
                  | (33 damage)
  3017 | D        | Slain by Mennas
                  | ... wielding a +1 sacred scourge of holy wrath
                  | (17 damage)
  3019 | D        | Annihilated by Mennas
                  | ... wielding a +1 sacred scourge of holy wrath
                  | (34 damage)
  3022 | D        | Demolished by Mennas
                  | ... wielding a +1 sacred scourge of holy wrath
                  | (33 damage)
  3023 | D        | Mangled by Mennas
                  | ... wielding a +1 sacred scourge of holy wrath
                  | (19 damage)
  3026 | D        | Mangled by Mennas
                  | ... wielding a +1 sacred scourge of holy wrath
                  | (20 damage)
  3027 | D        | Demolished by Mennas
                  | ... wielding a +1 sacred scourge of holy wrath
                  | (21 damage)
  3030 | D        | Slain by Mennas
                  | ... wielding a +1 sacred scourge of holy wrath
                  | (16 damage)
  3032 | D        | HP: 5/101 [Mennas/+1 sacred scourge of holy wrath (9)]
  3033 | D        | Demolished by Mennas
                  | ... wielding a +1 sacred scourge of holy wrath
                  | (24 damage)
  3036 | D        | Mangled by Mennas
                  | ... wielding a +1 sacred scourge of holy wrath
                  | (36 damage)
  3039 | D        | Mangled by Mennas
                  | ... wielding a +1 sacred scourge of holy wrath
                  | (27 damage)
  3041 | D        | Mangled by Mennas
                  | ... wielding a +1 sacred scourge of holy wrath
                  | (25 damage)
  3043 | D        | Slain by Mennas
                  | ... wielding a +1 sacred scourge of holy wrath
                  | (15 damage)
  3045 | D        | Slain by Mennas
                  | ... wielding a +1 sacred scourge of holy wrath
                  | (13 damage)
  3050 | D        | Slain by Mennas
                  | ... wielding a +1 sacred scourge of holy wrath
                  | (28 damage)
  3051 | D        | Mangled by Mennas
                  | ... wielding a +1 sacred scourge of holy wrath
                  | (29 damage)
  3052 | D        | HP: 4/101 [Mennas/+1 sacred scourge of holy wrath (14)]
  3053 | D        | Mangled by Mennas
                  | ... wielding a +1 sacred scourge of holy wrath
                  | (11 damage)
  3056 | D        | Annihilated by Mennas
                  | ... wielding a +1 sacred scourge of holy wrath
                  | (27 damage)
  3058 | D        | Mangled by Mennas
                  | ... wielding a +1 sacred scourge of holy wrath
                  | (23 damage)
  3061 | D        | HP: 3/101 [Mennas/+1 sacred scourge of holy wrath (24)]
  3061 | D        | Slain by Mennas
                  | ... wielding a +1 sacred scourge of holy wrath
                  | (4 damage)
  3065 | D        | Slain by Mennas
                  | ... wielding a +1 sacred scourge of holy wrath
                  | (8 damage)
  3066 | D        | Slain by Mennas
                  | ... wielding a +1 sacred scourge of holy wrath
                  | (14 damage)
  3069 | D        | HP: 2/101 [Mennas/+1 sacred scourge of holy wrath (38)]
  3070 | D        | Annihilated by a spriggan defender
                  | ... wielding a +0 dagger
                  | (29 damage)
  3071 | D        | Mangled by a spriggan defender
                  | ... wielding a +0 dagger
                  | (25 damage)
  3073 | D        | Annihilated by a spriggan defender
                  | ... wielding a +0 dagger
                  | (31 damage)
  3074 | D        | Slain by a spriggan defender
                  | ... wielding a +0 dagger
                  | (28 damage)
  3077 | D        | Mangled by a spriggan defender
                  | ... wielding a +0 dagger
                  | (22 damage)
  3078 | D        | Mangled by a spriggan defender
                  | ... wielding a +0 dagger
                  | (28 damage)
  3078 | D        | Mangled by a spriggan defender
                  | ... wielding a +0 dagger
                  | (25 damage)
  3080 | D        | HP: 5/101 [spriggan defender/+0 dagger (9)]
  3080 | D        | Mangled by a spriggan defender
                  | ... wielding a +0 dagger
                  | (18 damage)
  3081 | D        | Slain by a spriggan defender
                  | ... wielding a +0 dagger
                  | (25 damage)
  3083 | D        | Mangled by a spriggan defender
                  | ... wielding a +0 dagger
                  | (23 damage)
  3084 | D        | Mangled by a spriggan defender
                  | ... wielding a +0 dagger
                  | (17 damage)
  3086 | D        | Slain by a spriggan defender
                  | ... wielding a +0 dagger
                  | (19 damage)
  3088 | D        | Slain by a spriggan defender
                  | ... wielding a +0 dagger
                  | (20 damage)
  3089 | D        | HP: 1/101 [spriggan defender/+0 dagger (31)]
  3089 | D        | Annihilated by a spriggan defender
                  | ... wielding a +0 dagger
                  | (25 damage)
  3090 | D        | Demolished by a spriggan defender
                  | ... wielding a +0 dagger
                  | (27 damage)
  3091 | D        | Slain by a spriggan defender
                  | ... wielding a +0 dagger
                  | (23 damage)
  3092 | D        | Mangled by a spriggan defender
                  | ... wielding a +0 dagger
                  | (23 damage)
  3094 | D        | Demolished by a spriggan defender
                  | ... wielding a +0 dagger
                  | (27 damage)
  3095 | D        | Mangled by a spriggan defender
                  | ... wielding a +0 dagger
                  | (22 damage)
  3098 | D        | Demolished by a spriggan defender
                  | ... wielding a +0 dagger
                  | (28 damage)
  3100 | D        | Demolished by a spriggan defender
                  | ... wielding a +0 dagger
                  | (29 damage)
  3101 | D        | Demolished by a spriggan defender
                  | ... wielding a +0 dagger
                  | (25 damage)
  3102 | D        | Slain by a spriggan defender
                  | ... wielding a +0 dagger
                  | (28 damage)
  3105 | D        | Slain by a spriggan defender
                  | ... wielding a +0 dagger
                  | (27 damage)
  3106 | D        | HP: 4/101 [spriggan defender/+0 dagger (8)]
  3107 | D        | Mangled by a spriggan defender
                  | ... wielding a +0 dagger
                  | (14 damage)
  3108 | D        | Slain by a spriggan defender
                  | ... wielding a +0 dagger
                  | (27 damage)
  3110 | D        | Slain by a spriggan defender
                  | ... wielding a +0 dagger
                  | (23 damage)
  3112 | D        | HP: 4/101 [spriggan defender/+0 dagger (30)]
  3112 | D        | Mangled by a spriggan defender
                  | ... wielding a +0 dagger
                  | (16 damage)
  3115 | D        | Slain by a spriggan defender
                  | ... wielding a +0 dagger
                  | (30 damage)
  3119 | D        | Mangled by a spriggan defender
                  | ... wielding a +0 dagger
                  | (19 damage)
  3121 | D        | Mangled by a spriggan defender
                  | ... wielding a +0 dagger
                  | (27 damage)
  3123 | D        | Slain by a spriggan defender
                  | ... wielding a +0 dagger
                  | (16 damage)
  3126 | D        | Slain by a spriggan defender
                  | ... wielding a +0 dagger
                  | (10 damage)
  3130 | D        | Slain by a spriggan defender
                  | ... wielding a +0 dagger
                  | (19 damage)
  3131 | D        | Mangled by a spriggan defender
                  | ... wielding a +0 dagger
                  | (17 damage)
  3134 | D        | Annihilated by a spriggan defender
                  | ... wielding a +0 dagger
                  | (29 damage)
  3139 | D        | Mangled by a spriggan defender
                  | ... wielding a +0 dagger
                  | (22 damage)
  3142 | D        | HP: 4/101 [spriggan defender/+0 dagger (14)]
  3142 | D        | Annihilated by a spriggan defender
                  | ... wielding a +0 dagger
                  | (27 damage)
  3145 | D        | Mangled by a spriggan defender
                  | ... wielding a +0 dagger
                  | (21 damage)
  3149 | D        | Mangled by a spriggan defender
                  | ... wielding a +0 dagger
                  | (19 damage)
  3154 | D        | HP: 3/101 [spriggan defender/+0 dagger (25)]
  3154 | D        | Mangled by a spriggan defender
                  | ... wielding a +0 dagger
                  | (13 damage)
  3158 | D        | Mangled by a spriggan defender
                  | ... wielding a +0 dagger
                  | (31 damage)
  3161 | D        | Slain by a spriggan defender
                  | ... wielding a +0 dagger
                  | (7 damage)
  3165 | D        | HP: 5/101 [Mennas/+1 sacred scourge of holy wrath (18)]
  3165 | D        | Demolished by Mennas
                  | ... wielding a +1 sacred scourge of holy wrath
                  | (23 damage)
  3167 | D        | Slain by Mennas
                  | ... wielding a +1 sacred scourge of holy wrath
                  | (35 damage)
  3170 | D        | Mangled by Mennas
                  | ... wielding a +1 sacred scourge of holy wrath
                  | (19 damage)
  3172 | D        | Slain by Mennas
                  | ... wielding a +1 sacred scourge of holy wrath
                  | (21 damage)
  3174 | D        | HP: 4/101 [Mennas/+1 sacred scourge of holy wrath (18)]
  3174 | D        | Mangled by Mennas
                  | ... wielding a +1 sacred scourge of holy wrath
                  | (10 damage)
  3177 | D        | Slain by a spriggan defender
                  | ... wielding a +0 dagger
                  | (20 damage)
  3180 | D        | Demolished by Mennas
                  | ... wielding a +1 sacred scourge of holy wrath
                  | (24 damage)
  3185 | D        | Slain by Mennas
                  | ... wielding a +1 sacred scourge of holy wrath
                  | (14 damage)
  3188 | D        | Mangled by Mennas
                  | ... wielding a +1 sacred scourge of holy wrath
                  | (27 damage)
  3190 | D        | Demolished by Mennas
                  | ... wielding a +1 sacred scourge of holy wrath
                  | (23 damage)
  3192 | D        | Slain by Mennas
                  | ... wielding a +1 sacred scourge of holy wrath
                  | (26 damage)
  3194 | D        | HP: 2/101 [Mennas/+1 sacred scourge of holy wrath (12)]
  3195 | D        | Demolished by Mennas
                  | ... wielding a +1 sacred scourge of holy wrath
                  | (20 damage)
  3197 | D        | Slain by Mennas
                  | ... wielding a +1 sacred scourge of holy wrath
                  | (8 damage)
  3201 | D        | HP: 3/101 [Mennas/+1 sacred scourge of holy wrath (22)]
  3202 | D        | Mangled by Mennas
                  | ... wielding a +1 sacred scourge of holy wrath
                  | (12 damage)
  3204 | D        | Mangled by Mennas
                  | ... wielding a +1 sacred scourge of holy wrath
                  | (27 damage)
  3207 | D        | HP: 4/101 [Mennas/+1 sacred scourge of holy wrath (14)]
  3208 | D        | HP: 1/101 [Mennas/+1 sacred scourge of holy wrath (4)]
  3208 | D        | Annihilated by Mennas
                  | ... wielding a +1 sacred scourge of holy wrath
                  | (24 damage)
  3211 | D        | Slain by Mennas
                  | ... wielding a +1 sacred scourge of holy wrath
                  | (3 damage)
  3216 | D        | HP: 4/101 [Mennas/+1 sacred scourge of holy wrath (14)]
  3216 | D        | Slain by Mennas
                  | ... wielding a +1 sacred scourge of holy wrath
                  | (5 damage)
  3221 | D        | Demolished by Mennas
                  | ... wielding a +1 sacred scourge of holy wrath
                  | (31 damage)
  3225 | D        | HP: 5/101 [Mennas/+1 sacred scourge of holy wrath (8)]
  3227 | D        | Demolished by Mennas
                  | ... wielding a +1 sacred scourge of holy wrath
                  | (26 damage)
  3229 | D        | Mangled by Mennas
                  | ... wielding a +1 sacred scourge of holy wrath
                  | (21 damage)
  3231 | D        | Slain by Mennas
                  | ... wielding a +1 sacred scourge of holy wrath
                  | (20 damage)
  3235 | D        | Mangled by Mennas
                  | ... wielding a +1 sacred scourge of holy wrath
                  | (25 damage)
  3241 | D        | HP: 1/101 [Mennas/+1 sacred scourge of holy wrath (12)]
  3242 | D        | Demolished by Mennas
                  | ... wielding a +1 sacred scourge of holy wrath
                  | (21 damage)
  3246 | D        | Mangled by Mennas
                  | ... wielding a +1 sacred scourge of holy wrath
                  | (20 damage)
  3250 | D        | Demolished by Mennas
                  | ... wielding a +1 sacred scourge of holy wrath
                  | (36 damage)
  3253 | D        | Killed Mara
  3254 | D        | HP: 5/101 [Mennas/+1 sacred scourge of holy wrath (32)]
  3254 | D        | HP: 1/101 [Mennas/+1 sacred scourge of holy wrath (4)]
  3255 | D        | Mangled by Mennas
                  | ... wielding a +1 sacred scourge of holy wrath
                  | (8 damage)
  3258 | D        | Slain by Mennas
                  | ... wielding a +1 sacred scourge of holy wrath
                  | (24 damage)
  3261 | D        | Slain by Mennas
                  | ... wielding a +1 sacred scourge of holy wrath
                  | (17 damage)
  3265 | D        | Slain by Mennas
                  | ... wielding a +1 sacred scourge of holy wrath
                  | (10 damage)
  3267 | D        | Slain by Mennas
                  | ... wielding a +1 sacred scourge of holy wrath
                  | (22 damage)
  3272 | D        | Demolished by Mennas
                  | ... wielding a +1 sacred scourge of holy wrath
                  | (25 damage)
  3276 | D        | Demolished by Mennas
                  | ... wielding a +1 sacred scourge of holy wrath
                  | (23 damage)
  3279 | D        | Demolished by Mennas
                  | ... wielding a +1 sacred scourge of holy wrath
                  | (32 damage)
  3283 | D        | Slain by Mennas
                  | ... wielding a +1 sacred scourge of holy wrath
                  | (29 damage)
  3289 | D        | Mangled by Mennas
                  | ... wielding a +1 sacred scourge of holy wrath
                  | (30 damage)
  3290 | D        | HP: 2/101 [Mennas/+1 sacred scourge of holy wrath (37)]
  3290 | D        | Annihilated by Mennas
                  | ... wielding a +1 sacred scourge of holy wrath
                  | (24 damage)
  3294 | D        | Demolished by Mennas
                  | ... wielding a +1 sacred scourge of holy wrath
                  | (33 damage)
  3296 | D        | Mangled by Mennas
                  | ... wielding a +1 sacred scourge of holy wrath
                  | (29 damage)
  3301 | D        | Slain by Mennas
                  | ... wielding a +1 sacred scourge of holy wrath
                  | (8 damage)
  3303 | D        | HP: 2/101 [Mennas/+1 sacred scourge of holy wrath (17)]
  3304 | D        | Demolished by Mennas
                  | ... wielding a +1 sacred scourge of holy wrath
                  | (17 damage)
  3306 | D        | Slain by Mennas
                  | ... wielding a +1 sacred scourge of holy wrath
                  | (28 damage)
  3309 | D        | HP: 2/101 [Mennas/+1 sacred scourge of holy wrath (21)]
  3309 | D        | Slain by Mennas
                  | ... wielding a +1 sacred scourge of holy wrath
                  | (7 damage)
  3314 | D        | Demolished by Mennas
                  | ... wielding a +1 sacred scourge of holy wrath
                  | (22 damage)
  3318 | D        | HP: 5/101 [Mennas/+1 sacred scourge of holy wrath (13)]
  3318 | D        | Mangled by Mennas
                  | ... wielding a +1 sacred scourge of holy wrath
                  | (18 damage)
  3322 | D        | Mangled by Mennas
                  | ... wielding a +1 sacred scourge of holy wrath
                  | (37 damage)
  3327 | D        | Annihilated by Mennas
                  | ... wielding a +1 sacred scourge of holy wrath
                  | (34 damage)
  3328 | D        | Mangled by Mennas
                  | ... wielding a +1 sacred scourge of holy wrath
                  | (30 damage)
  3334 | D        | Slain by Mennas
                  | ... wielding a +1 sacred scourge of holy wrath
                  | (13 damage)
  3337 | D        | Slain by Mennas
                  | ... wielding a +1 sacred scourge of holy wrath
                  | (22 damage)
  3340 | D        | Demolished by Mennas
                  | ... wielding a +1 sacred scourge of holy wrath
                  | (22 damage)
  3343 | D        | Demolished by Mennas
                  | ... wielding a +1 sacred scourge of holy wrath
                  | (28 damage)
  3347 | D        | HP: 4/101 [Mennas/+1 sacred scourge of holy wrath (15)]
  3348 | D        | Slain by Mennas
                  | ... wielding a +1 sacred scourge of holy wrath
                  | (9 damage)
  3351 | D        | Demolished by Mennas
                  | ... wielding a +1 sacred scourge of holy wrath
                  | (22 damage)
  3354 | D        | Mangled by Mennas
                  | ... wielding a +1 sacred scourge of holy wrath
                  | (16 damage)
  3356 | D        | HP: 4/101 [Mennas/+1 sacred scourge of holy wrath (22)]
  3356 | D        | Mangled by Mennas
                  | ... wielding a +1 sacred scourge of holy wrath
                  | (12 damage)
  3360 | D        | Mangled by Mennas
                  | ... wielding a +1 sacred scourge of holy wrath
                  | (40 damage)
  3363 | D        | Mangled by Mennas
                  | ... wielding a +1 sacred scourge of holy wrath
                  | (23 damage)
  3366 | D        | Slain by Mennas
                  | ... wielding a +1 sacred scourge of holy wrath
                  | (13 damage)
  3370 | D        | Slain by Mennas
                  | ... wielding a +1 sacred scourge of holy wrath
                  | (20 damage)
  3374 | D        | HP: 1/101 [Mennas/+1 sacred scourge of holy wrath (18)]
  3375 | D        | Demolished by Mennas
                  | ... wielding a +1 sacred scourge of holy wrath
                  | (15 damage)
  3378 | D        | Demolished by Mennas
                  | ... wielding a +1 sacred scourge of holy wrath
                  | (30 damage)
  3381 | D        | Mangled by Mennas
                  | ... wielding a +1 sacred scourge of holy wrath
                  | (27 damage)
  3387 | D        | Slain by Mennas
                  | ... wielding a +1 sacred scourge of holy wrath
                  | (11 damage)
  3392 | D        | HP: 2/101 [Mennas/+1 sacred scourge of holy wrath (21)]
  3392 | D        | Demolished by Mennas
                  | ... wielding a +1 sacred scourge of holy wrath
                  | (20 damage)
  3395 | D        | Slain by Mennas
                  | ... wielding a +1 sacred scourge of holy wrath
                  | (27 damage)
  3399 | D        | Mangled by Mennas
                  | ... wielding a +1 sacred scourge of holy wrath
                  | (31 damage)
  3401 | D        | Slain by Mennas
                  | ... wielding a +1 sacred scourge of holy wrath
                  | (11 damage)
  3405 | D        | Annihilated by Mennas
                  | ... wielding a +1 sacred scourge of holy wrath
                  | (34 damage)
  3407 | D        | Slain by Mennas
                  | ... wielding a +1 sacred scourge of holy wrath
                  | (31 damage)
  3411 | D        | Mangled by Mennas
                  | ... wielding a +1 sacred scourge of holy wrath
                  | (30 damage)
  3413 | D        | Mangled by Mennas
                  | ... wielding a +1 sacred scourge of holy wrath
                  | (18 damage)
  3417 | D        | Slain by Mennas
                  | ... wielding a +1 sacred scourge of holy wrath
                  | (22 damage)
  3420 | D        | HP: 1/101 [Mennas/+1 sacred scourge of holy wrath (11)]
  3420 | D        | Annihilated by Mennas
                  | ... wielding a +1 sacred scourge of holy wrath
                  | (35 damage)
  3424 | D        | Slain by Mennas
                  | ... wielding a +1 sacred scourge of holy wrath
                  | (13 damage)
  3428 | D        | Slain by Mennas
                  | ... wielding a +1 sacred scourge of holy wrath
                  | (25 damage)
  3431 | D        | Mangled by Mennas
                  | ... wielding a +1 sacred scourge of holy wrath
                  | (21 damage)
  3435 | D        | Mangled by Mennas
                  | ... wielding a +1 sacred scourge of holy wrath
                  | (22 damage)
  3438 | D        | Slain by Mennas
                  | ... wielding a +1 sacred scourge of holy wrath
                  | (25 damage)
  3441 | D        | Slain by Mennas
                  | ... wielding a +1 sacred scourge of holy wrath
                  | (15 damage)
  3444 | D        | HP: 3/101 [Mennas/+1 sacred scourge of holy wrath (3)]
  3445 | D        | Mangled by Mennas
                  | ... wielding a +1 sacred scourge of holy wrath
                  | (14 damage)
  3449 | D        | Slain by Mennas
                  | ... wielding a +1 sacred scourge of holy wrath
                  | (17 damage)
  3452 | D        | Slain by Mennas
                  | ... wielding a +1 sacred scourge of holy wrath
                  | (18 damage)
  3454 | D        | Slain by Mennas
                  | ... wielding a +1 sacred scourge of holy wrath
                  | (35 damage)
  3459 | D        | Mangled by Mennas
                  | ... wielding a +1 sacred scourge of holy wrath
                  | (22 damage)
  3464 | D        | HP: 2/101 [Mennas/+1 sacred scourge of holy wrath (6)]
  3465 | D        | Mangled by Mennas
                  | ... wielding a +1 sacred scourge of holy wrath
                  | (12 damage)
  3468 | D        | Slain by Mennas
                  | ... wielding a +1 sacred scourge of holy wrath
                  | (33 damage)
  3472 | D        | Demolished by Mennas
                  | ... wielding a +1 sacred scourge of holy wrath
                  | (28 damage)
  3476 | D        | HP: 3/101 [Mennas/+1 sacred scourge of holy wrath (9)]
  3477 | D        | Slain by Mennas
                  | ... wielding a +1 sacred scourge of holy wrath
                  | (4 damage)
  3480 | D        | Slain by Mennas
                  | ... wielding a +1 sacred scourge of holy wrath
                  | (14 damage)
  3483 | D        | Slain by Mennas
                  | ... wielding a +1 sacred scourge of holy wrath
                  | (32 damage)
  3486 | D        | Slain by Mennas
                  | ... wielding a +1 sacred scourge of holy wrath
                  | (8 damage)
  3489 | D        | Slain by Mennas
                  | ... wielding a +1 sacred scourge of holy wrath
                  | (23 damage)
  3491 | D        | Demolished by Mennas
                  | ... wielding a +1 sacred scourge of holy wrath
                  | (30 damage)
  3495 | D        | HP: 1/101 [Mennas/+1 sacred scourge of holy wrath (16)]
  3496 | D        | Annihilated by Mennas
                  | ... wielding a +1 sacred scourge of holy wrath
                  | (23 damage)
  3499 | D        | Mangled by a slime creature (14 damage)
  3501 | D        | Mangled by Mennas
                  | ... wielding a +1 sacred scourge of holy wrath
                  | (23 damage)
  3503 | D        | Noticed a fire dragon
  3506 | D        | Mangled by Mennas
                  | ... wielding a +1 sacred scourge of holy wrath
                  | (19 damage)
  3509 | D        | Slain by Mennas
                  | ... wielding a +1 sacred scourge of holy wrath
                  | (27 damage)
  3511 | D        | HP: 3/101 [Mennas/+1 sacred scourge of holy wrath (16)]
  3511 | D        | Demolished by Mennas
                  | ... wielding a +1 sacred scourge of holy wrath
                  | (17 damage)
  3513 | D        | Killed from afar by a fire dragon (34 damage)
                  | ... with a blast of flame
  3515 | D        | Slain by Mennas
                  | ... wielding a +1 sacred scourge of holy wrath
                  | (16 damage)
  3517 | D        | HP: 5/101 [fire dragon (9)]
  3517 | D        | HP: 2/101 [fire dragon (3)]
  3517 | D        | Slain by a fire dragon (4 damage)
  3520 | D        | Slain by Mennas
                  | ... wielding a +1 sacred scourge of holy wrath
                  | (30 damage)
  3522 | D        | HP: 5/101 [fire dragon (9)]
  3522 | D        | HP: 2/101 [fire dragon (3)]
  3522 | D        | Mangled by a slime creature (13 damage)
  3523 | D        | Slain by a fire dragon (15 damage)
  3526 | D        | Killed from afar by a fire dragon (62 damage)
                  | ... with a blast of flame
  3529 | D        | HP: 4/101 [fire dragon (8)]
  3529 | D        | Mangled by a slime creature (15 damage)
  3531 | D        | Slain by a slime creature (18 damage)
  3534 | D        | Killed a fire dragon
  3536 | D        | HP: 3/101 [slime creature (17)]
  3536 | D        | Annihilated by Mennas
                  | ... wielding a +1 sacred scourge of holy wrath
                  | (29 damage)
  3540 | D        | Annihilated by Mennas
                  | ... wielding a +1 sacred scourge of holy wrath
                  | (31 damage)
  3542 | D        | HP: 1/101 [Mennas/+1 sacred scourge of holy wrath (25)]
  3542 | D        | Annihilated by Mennas
                  | ... wielding a +1 sacred scourge of holy wrath
                  | (26 damage)
  3545 | D        | Mangled by Mennas
                  | ... wielding a +1 sacred scourge of holy wrath
                  | (28 damage)
  3550 | D        | Mangled by Mennas
                  | ... wielding a +1 sacred scourge of holy wrath
                  | (24 damage)
  3552 | D        | Mangled by Mennas
                  | ... wielding a +1 sacred scourge of holy wrath
                  | (25 damage)
  3556 | D        | HP: 2/101 [Mennas/+1 sacred scourge of holy wrath (26)]
  3556 | D        | Mangled by Mennas
                  | ... wielding a +1 sacred scourge of holy wrath
                  | (12 damage)
  3561 | D        | Mangled by Mennas
                  | ... wielding a +1 sacred scourge of holy wrath
                  | (37 damage)
  3564 | D        | HP: 5/101 [Mennas/+1 sacred scourge of holy wrath (5)]
  3564 | D        | Mangled by Mennas
                  | ... wielding a +1 sacred scourge of holy wrath
                  | (17 damage)
  3568 | D        | HP: 2/101 [Mennas/+1 sacred scourge of holy wrath (24)]
  3572 | D        | Mangled by Mennas
                  | ... wielding a +1 sacred scourge of holy wrath
                  | (11 damage)
  3575 | D        | HP: 4/101 [Mennas/+1 sacred scourge of holy wrath (25)]
  3576 | D        | Mangled by Mennas
                  | ... wielding a +1 sacred scourge of holy wrath
                  | (17 damage)
  3578 | D        | Mangled by Mennas
                  | ... wielding a +1 sacred scourge of holy wrath
                  | (21 damage)
  3584 | D        | Mangled by Mennas
                  | ... wielding a +1 sacred scourge of holy wrath
                  | (28 damage)
  3588 | D        | Mangled by Mennas
                  | ... wielding a +1 sacred scourge of holy wrath
                  | (24 damage)
  3590 | D        | Slain by Mennas
                  | ... wielding a +1 sacred scourge of holy wrath
                  | (13 damage)
  3592 | D        | Slain by Mennas
                  | ... wielding a +1 sacred scourge of holy wrath
                  | (27 damage)
  3597 | D        | Demolished by Mennas
                  | ... wielding a +1 sacred scourge of holy wrath
                  | (32 damage)
  3599 | D        | Mangled by Mennas
                  | ... wielding a +1 sacred scourge of holy wrath
                  | (19 damage)
  3606 | D        | Mangled by Mennas
                  | ... wielding a +1 sacred scourge of holy wrath
                  | (23 damage)
  3609 | D        | Slain by Mennas
                  | ... wielding a +1 sacred scourge of holy wrath
                  | (13 damage)
  3614 | D        | Slain by Mennas
                  | ... wielding a +1 sacred scourge of holy wrath
                  | (17 damage)
  3622 | D        | Slain by Mennas
                  | ... wielding a +1 sacred scourge of holy wrath
                  | (27 damage)
  3626 | D        | HP: 2/101 [Mennas/+1 sacred scourge of holy wrath (27)]
  3626 | D        | Mangled by Mennas
                  | ... wielding a +1 sacred scourge of holy wrath
                  | (12 damage)
  3632 | D        | HP: 1/101 [Mennas/+1 sacred scourge of holy wrath (11)]
  3633 | D        | Mangled by Mennas
                  | ... wielding a +1 sacred scourge of holy wrath
                  | (8 damage)
  3635 | D        | Mangled by Mennas
                  | ... wielding a +1 sacred scourge of holy wrath
                  | (27 damage)
  3639 | D        | Mangled by Mennas
                  | ... wielding a +1 sacred scourge of holy wrath
                  | (20 damage)
  3642 | D        | Slain by Mennas
                  | ... wielding a +1 sacred scourge of holy wrath
                  | (34 damage)
  3645 | D        | HP: 5/101 [Mennas/+1 sacred scourge of holy wrath (26)]
  3645 | D        | Mangled by Mennas
                  | ... wielding a +1 sacred scourge of holy wrath
                  | (16 damage)
  3652 | D        | HP: 3/101 [Mennas/+1 sacred scourge of holy wrath (21)]
  3652 | D        | Annihilated by Mennas
                  | ... wielding a +1 sacred scourge of holy wrath
                  | (25 damage)
  3655 | D        | Mangled by Mennas
                  | ... wielding a +1 sacred scourge of holy wrath
                  | (28 damage)
  3658 | D        | Mangled by Mennas
                  | ... wielding a +1 sacred scourge of holy wrath
                  | (19 damage)
  3662 | D        | HP: 4/101 [Mennas/+1 sacred scourge of holy wrath (16)]
  3662 | D        | HP: 1/101 [Mennas/+1 sacred scourge of holy wrath (3)]
  3665 | D        | Annihilated by Mennas
                  | ... wielding a +1 sacred scourge of holy wrath
                  | (30 damage)
  3671 | D        | HP: 2/101 [Mennas/+1 sacred scourge of holy wrath (21)]
  3671 | D        | Demolished by Mennas
                  | ... wielding a +1 sacred scourge of holy wrath
                  | (18 damage)
  3675 | D        | Demolished by Mennas
                  | ... wielding a +1 sacred scourge of holy wrath
                  | (31 damage)
  3680 | D        | Slain by Mennas
                  | ... wielding a +1 sacred scourge of holy wrath
                  | (13 damage)
  3684 | D        | Demolished by Mennas
                  | ... wielding a +1 sacred scourge of holy wrath
                  | (28 damage)
  3686 | D        | Demolished by Mennas
                  | ... wielding a +1 sacred scourge of holy wrath
                  | (26 damage)
  3689 | D        | Slain by Mennas
                  | ... wielding a +1 sacred scourge of holy wrath
                  | (13 damage)
  3691 | D        | Demolished by Mennas
                  | ... wielding a +1 sacred scourge of holy wrath
                  | (25 damage)
  3695 | D        | HP: 1/101 [Mennas/+1 sacred scourge of holy wrath (9)]
  3697 | D        | Annihilated by Mennas
                  | ... wielding a +1 sacred scourge of holy wrath
                  | (28 damage)
  3699 | D        | Mangled by Mennas
                  | ... wielding a +1 sacred scourge of holy wrath
                  | (16 damage)
  3702 | D        | Mangled by Mennas
                  | ... wielding a +1 sacred scourge of holy wrath
                  | (30 damage)
  3708 | D        | Slain by Mennas
                  | ... wielding a +1 sacred scourge of holy wrath
                  | (22 damage)
  3711 | D        | Slain by Mennas
                  | ... wielding a +1 sacred scourge of holy wrath
                  | (6 damage)
  3716 | D        | Annihilated by Mennas
                  | ... wielding a +1 sacred scourge of holy wrath
                  | (36 damage)
  3718 | D        | HP: 3/101 [Mennas/+1 sacred scourge of holy wrath (25)]
  3719 | D        | Annihilated by Mennas
                  | ... wielding a +1 sacred scourge of holy wrath
                  | (26 damage)
  3723 | D        | Demolished by Mennas
                  | ... wielding a +1 sacred scourge of holy wrath
                  | (31 damage)
  3727 | D        | Mangled by Mennas
                  | ... wielding a +1 sacred scourge of holy wrath
                  | (30 damage)
  3734 | D        | Slain by Mennas
                  | ... wielding a +1 sacred scourge of holy wrath
                  | (13 damage)
  3738 | D        | Mangled by Mennas
                  | ... wielding a +1 sacred scourge of holy wrath
                  | (27 damage)
  3742 | D        | Mangled by Mennas
                  | ... wielding a +1 sacred scourge of holy wrath
                  | (15 damage)
  3746 | D        | Slain by Mennas
                  | ... wielding a +1 sacred scourge of holy wrath
                  | (8 damage)
  3748 | D        | Mangled by Mennas
                  | ... wielding a +1 sacred scourge of holy wrath
                  | (27 damage)
  3754 | D        | Annihilated by Mennas
                  | ... wielding a +1 sacred scourge of holy wrath
                  | (30 damage)
  3758 | D        | Mangled by Mennas
                  | ... wielding a +1 sacred scourge of holy wrath
                  | (23 damage)
  3763 | D        | HP: 3/101 [Mennas/+1 sacred scourge of holy wrath (12)]
  3764 | D        | Slain by Mennas
                  | ... wielding a +1 sacred scourge of holy wrath
                  | (5 damage)
  3768 | D        | HP: 2/101 [Mennas/+1 sacred scourge of holy wrath (19)]
  3768 | D        | Mangled by Mennas
                  | ... wielding a +1 sacred scourge of holy wrath
                  | (11 damage)
  3772 | D        | Demolished by Mennas
                  | ... wielding a +1 sacred scourge of holy wrath
                  | (18 damage)
  3775 | D        | Mangled by Mennas
                  | ... wielding a +1 sacred scourge of holy wrath
                  | (22 damage)
  3780 | D        | Mangled by Mennas
                  | ... wielding a +1 sacred scourge of holy wrath
                  | (19 damage)
  3785 | D        | Mangled by Mennas
                  | ... wielding a +1 sacred scourge of holy wrath
                  | (13 damage)
  3788 | D        | Mangled by Mennas
                  | ... wielding a +1 sacred scourge of holy wrath
                  | (19 damage)
  3792 | D        | Slain by Mennas
                  | ... wielding a +1 sacred scourge of holy wrath
                  | (22 damage)
  3797 | D        | HP: 3/101 [Mennas/+1 sacred scourge of holy wrath (16)]
  3798 | D        | Mangled by Mennas
                  | ... wielding a +1 sacred scourge of holy wrath
                  | (11 damage)
  3802 | D        | Demolished by Mennas
                  | ... wielding a +1 sacred scourge of holy wrath
                  | (23 damage)
  3806 | D        | Slain by Mennas
                  | ... wielding a +1 sacred scourge of holy wrath
                  | (18 damage)
  3811 | D        | HP: 2/101 [Mennas/+1 sacred scourge of holy wrath (28)]
  3812 | D        | Demolished by Mennas
                  | ... wielding a +1 sacred scourge of holy wrath
                  | (22 damage)
  3817 | D        | Slain by Mennas
                  | ... wielding a +1 sacred scourge of holy wrath
                  | (20 damage)
  3820 | D        | Slain by Mennas
                  | ... wielding a +1 sacred scourge of holy wrath
                  | (9 damage)
  3824 | D        | Slain by Mennas
                  | ... wielding a +1 sacred scourge of holy wrath
                  | (11 damage)
  3830 | D        | HP: 3/101 [Mennas/+1 sacred scourge of holy wrath (29)]
  3830 | D        | Mangled by Mennas
                  | ... wielding a +1 sacred scourge of holy wrath
                  | (15 damage)
  3835 | D        | Slain by Mennas
                  | ... wielding a +1 sacred scourge of holy wrath
                  | (22 damage)
  3838 | D        | Mangled by Mennas
                  | ... wielding a +1 sacred scourge of holy wrath
                  | (23 damage)
  3842 | D        | Upgraded the game from 0.30.0-11-gf55b779eaf to
                  | 0.30.1-9-gdf580d7c3d
  3842 | D        | HP: 3/101 [Mennas/+1 sacred scourge of holy wrath (20)]
  3842 | D        | HP: 1/101 [Mennas/+1 sacred scourge of holy wrath (2)]
  3843 | D        | Annihilated by Mennas
                  | ... wielding a +1 sacred scourge of holy wrath
                  | (24 damage)
  3847 | D        | Slain by Mennas
                  | ... wielding a +1 sacred scourge of holy wrath
                  | (24 damage)
  3850 | D        | HP: 5/101 [Mennas/+1 sacred scourge of holy wrath (14)]
  3850 | D        | Demolished by Mennas
                  | ... wielding a +1 sacred scourge of holy wrath
                  | (22 damage)
  3855 | D        | HP: 3/101 [Mennas/+1 sacred scourge of holy wrath (23)]
  3855 | D        | Demolished by Mennas
                  | ... wielding a +1 sacred scourge of holy wrath
                  | (24 damage)
  3860 | D        | Mangled by Mennas
                  | ... wielding a +1 sacred scourge of holy wrath
                  | (19 damage)
  3863 | D        | Slain by Mennas
                  | ... wielding a +1 sacred scourge of holy wrath
                  | (34 damage)
  3866 | D        | Mangled by Mennas
                  | ... wielding a +1 sacred scourge of holy wrath
                  | (25 damage)
  3869 | D        | HP: 2/101 [Mennas/+1 sacred scourge of holy wrath (4)]
  3870 | D        | Mangled by Mennas
                  | ... wielding a +1 sacred scourge of holy wrath
                  | (9 damage)
  3876 | D        | Slain by Mennas
                  | ... wielding a +1 sacred scourge of holy wrath
                  | (15 damage)
  3879 | D        | Slain by Mennas
                  | ... wielding a +1 sacred scourge of holy wrath
                  | (19 damage)
  3883 | D        | Mangled by Mennas
                  | ... wielding a +1 sacred scourge of holy wrath
                  | (23 damage)
  3885 | D        | Slain by Mennas
                  | ... wielding a +1 sacred scourge of holy wrath
                  | (14 damage)
  3888 | D        | Slain by Mennas
                  | ... wielding a +1 sacred scourge of holy wrath
                  | (15 damage)
  3892 | D        | HP: 5/101 [Mennas/+1 sacred scourge of holy wrath (20)]
  3892 | D        | Annihilated by Mennas
                  | ... wielding a +1 sacred scourge of holy wrath
                  | (33 damage)
  3895 | D        | Mangled by Mennas
                  | ... wielding a +1 sacred scourge of holy wrath
                  | (19 damage)
  3897 | D        | Demolished by Mennas
                  | ... wielding a +1 sacred scourge of holy wrath
                  | (36 damage)
  3900 | D        | Demolished by Mennas
                  | ... wielding a +1 sacred scourge of holy wrath
                  | (26 damage)
  3904 | D        | Slain by Mennas
                  | ... wielding a +1 sacred scourge of holy wrath
                  | (11 damage)
  3907 | D        | Mangled by Mennas
                  | ... wielding a +1 sacred scourge of holy wrath
                  | (30 damage)
  3908 | D        | Mangled by Mennas
                  | ... wielding a +1 sacred scourge of holy wrath
                  | (18 damage)
  3912 | D        | Demolished by Mennas
                  | ... wielding a +1 sacred scourge of holy wrath
                  | (30 damage)
  3915 | D        | HP: 5/101 [Mennas/+1 sacred scourge of holy wrath (14)]
  3916 | D        | Demolished by Mennas
                  | ... wielding a +1 sacred scourge of holy wrath
                  | (20 damage)
  3919 | D        | Slain by Mennas
                  | ... wielding a +1 sacred scourge of holy wrath
                  | (16 damage)
  3922 | D        | Slain by Mennas
                  | ... wielding a +1 sacred scourge of holy wrath
                  | (35 damage)
  3925 | D        | Mangled by Mennas
                  | ... wielding a +1 sacred scourge of holy wrath
                  | (21 damage)
  3929 | D        | Demolished by Mennas
                  | ... wielding a +1 sacred scourge of holy wrath
                  | (24 damage)
  3933 | D        | Mangled by Mennas
                  | ... wielding a +1 sacred scourge of holy wrath
                  | (26 damage)
  3937 | D        | Mangled by Mennas
                  | ... wielding a +1 sacred scourge of holy wrath
                  | (17 damage)
  3939 | D        | HP: 3/101 [Mennas/+1 sacred scourge of holy wrath (23)]
  3939 | D        | Demolished by Mennas
                  | ... wielding a +1 sacred scourge of holy wrath
                  | (20 damage)
  3943 | D        | Slain by Mennas
                  | ... wielding a +1 sacred scourge of holy wrath
                  | (26 damage)
  3945 | D        | HP: 2/101 [Mennas/+1 sacred scourge of holy wrath (34)]
  3945 | D        | Mangled by Mennas
                  | ... wielding a +1 sacred scourge of holy wrath
                  | (11 damage)
  3948 | D        | Slain by Mennas
                  | ... wielding a +1 sacred scourge of holy wrath
                  | (21 damage)
  3951 | D        | Slain by Mennas
                  | ... wielding a +1 sacred scourge of holy wrath
                  | (37 damage)
  3955 | D        | Mangled by Mennas
                  | ... wielding a +1 sacred scourge of holy wrath
                  | (17 damage)
  3962 | D        | Mangled by Mennas
                  | ... wielding a +1 sacred scourge of holy wrath
                  | (19 damage)
  3965 | D        | Mangled by Mennas
                  | ... wielding a +1 sacred scourge of holy wrath
                  | (30 damage)
  3970 | D        | Demolished by Mennas
                  | ... wielding a +1 sacred scourge of holy wrath
                  | (22 damage)
  3975 | D        | Slain by Mennas
                  | ... wielding a +1 sacred scourge of holy wrath
                  | (13 damage)
  3979 | D        | Mangled by Mennas
                  | ... wielding a +1 sacred scourge of holy wrath
                  | (30 damage)
  3984 | D        | HP: 1/101 [Mennas/+1 sacred scourge of holy wrath (16)]
  3985 | D        | Annihilated by Mennas
                  | ... wielding a +1 sacred scourge of holy wrath
                  | (32 damage)
  3989 | D        | HP: 3/101 [Mennas/+1 sacred scourge of holy wrath (9)]
  3990 | D        | Demolished by Mennas
                  | ... wielding a +1 sacred scourge of holy wrath
                  | (22 damage)
  3992 | D        | Demolished by Mennas
                  | ... wielding a +1 sacred scourge of holy wrath
                  | (23 damage)
  3996 | D        | HP: 4/101 [Mennas/+1 sacred scourge of holy wrath (9)]
  3996 | D        | Demolished by Mennas
                  | ... wielding a +1 sacred scourge of holy wrath
                  | (20 damage)
  4001 | D        | HP: 3/101 [Mennas/+1 sacred scourge of holy wrath (6)]
  4002 | D        | Demolished by Mennas
                  | ... wielding a +1 sacred scourge of holy wrath
                  | (21 damage)
  4005 | D        | Mangled by Mennas
                  | ... wielding a +1 sacred scourge of holy wrath
                  | (17 damage)
  4009 | D        | Slain by Mennas
                  | ... wielding a +1 sacred scourge of holy wrath
                  | (25 damage)
  4011 | D        | Mangled by Mennas
                  | ... wielding a +1 sacred scourge of holy wrath
                  | (18 damage)
  4015 | D        | Demolished by Mennas
                  | ... wielding a +1 sacred scourge of holy wrath
                  | (25 damage)
  4018 | D        | Mangled by Mennas
                  | ... wielding a +1 sacred scourge of holy wrath
                  | (26 damage)
  4025 | D        | HP: 4/101 [Mennas/+1 sacred scourge of holy wrath (23)]
  4025 | D        | Annihilated by Mennas
                  | ... wielding a +1 sacred scourge of holy wrath
                  | (27 damage)
  4026 | D        | Mangled by Mennas
                  | ... wielding a +1 sacred scourge of holy wrath
                  | (19 damage)
  4030 | D        | HP: 2/101 [Mennas/+1 sacred scourge of holy wrath (6)]
  4031 | D        | Mangled by an unseen horror (10 damage)
  4035 | D        | Demolished by Mennas
                  | ... wielding a +1 sacred scourge of holy wrath
                  | (24 damage)
  4039 | D        | HP: 4/101 [Mennas/+1 sacred scourge of holy wrath (14)]
  4039 | D        | Mangled by Mennas
                  | ... wielding a +1 sacred scourge of holy wrath
                  | (10 damage)
  4044 | D        | Slain by Mennas
                  | ... wielding a +1 sacred scourge of holy wrath
                  | (27 damage)
  4047 | D        | Demolished by Mennas
                  | ... wielding a +1 sacred scourge of holy wrath
                  | (24 damage)
  4050 | D        | Annihilated by Mennas
                  | ... wielding a +1 sacred scourge of holy wrath
                  | (35 damage)
  4055 | D        | Slain by Mennas
                  | ... wielding a +1 sacred scourge of holy wrath
                  | (17 damage)
  4062 | D        | Mangled by Mennas
                  | ... wielding a +1 sacred scourge of holy wrath
                  | (18 damage)
  4067 | D        | HP: 4/101 [Mennas/+1 sacred scourge of holy wrath (8)]
  4068 | D        | Mangled by Mennas
                  | ... wielding a +1 sacred scourge of holy wrath
                  | (16 damage)
  4073 | D        | HP: 3/101 [Mennas/+1 sacred scourge of holy wrath (25)]
  4073 | D        | Demolished by Mennas
                  | ... wielding a +1 sacred scourge of holy wrath
                  | (22 damage)
  4078 | D        | Mangled by Mennas
                  | ... wielding a +1 sacred scourge of holy wrath
                  | (22 damage)
  4084 | D        | Mangled by Mennas
                  | ... wielding a +1 sacred scourge of holy wrath
                  | (37 damage)
  4087 | D        | Annihilated by Mennas
                  | ... wielding a +1 sacred scourge of holy wrath
                  | (33 damage)
  4091 | D        | HP: 1/101 [Mennas/+1 sacred scourge of holy wrath (11)]
  4091 | D        | Annihilated by Mennas
                  | ... wielding a +1 sacred scourge of holy wrath
                  | (24 damage)
  4100 | D        | Annihilated by Mennas
                  | ... wielding a +1 sacred scourge of holy wrath
                  | (39 damage)
  4108 | D        | Mangled by Mennas
                  | ... wielding a +1 sacred scourge of holy wrath
                  | (16 damage)
  4113 | D        | Demolished by Mennas
                  | ... wielding a +1 sacred scourge of holy wrath
                  | (29 damage)
  4119 | D        | Annihilated by Mennas
                  | ... wielding a +1 sacred scourge of holy wrath
                  | (31 damage)
  4121 | D        | Mangled by Mennas
                  | ... wielding a +1 sacred scourge of holy wrath
                  | (22 damage)
  4126 | D        | Slain by Mennas
                  | ... wielding a +1 sacred scourge of holy wrath
                  | (15 damage)
  4129 | D        | HP: 4/101 [unseen horror (10)]
  4129 | D        | Slain by Mennas
                  | ... wielding a +1 sacred scourge of holy wrath
                  | (8 damage)
  4134 | D        | Mangled by Mennas
                  | ... wielding a +1 sacred scourge of holy wrath
                  | (20 damage)
  4139 | D        | Slain by Mennas
                  | ... wielding a +1 sacred scourge of holy wrath
                  | (21 damage)
  4144 | D        | HP: 4/101 [Mennas/+1 sacred scourge of holy wrath (18)]
  4144 | D        | Demolished by Mennas
                  | ... wielding a +1 sacred scourge of holy wrath
                  | (25 damage)
  4146 | D        | Slain by Mennas
                  | ... wielding a +1 sacred scourge of holy wrath
                  | (22 damage)
  4150 | D        | Mangled by Mennas
                  | ... wielding a +1 sacred scourge of holy wrath
                  | (29 damage)
  4156 | D        | HP: 3/101 [Mennas/+1 sacred scourge of holy wrath (5)]
  4156 | D        | Mangled by Mennas
                  | ... wielding a +1 sacred scourge of holy wrath
                  | (14 damage)
  4162 | D        | Mangled by Mennas
                  | ... wielding a +1 sacred scourge of holy wrath
                  | (15 damage)
  4166 | D        | HP: 2/101 [unseen horror (10)]
  4166 | D        | Demolished by Mennas
                  | ... wielding a +1 sacred scourge of holy wrath
                  | (16 damage)
  4169 | D        | Mangled by Mennas
                  | ... wielding a +1 sacred scourge of holy wrath
                  | (39 damage)
  4171 | D        | HP: 1/101 [unseen horror (2)]
  4171 | D        | Mangled by Mennas
                  | ... wielding a +1 sacred scourge of holy wrath
                  | (13 damage)
  4173 | D        | Mangled by Mennas
                  | ... wielding a +1 sacred scourge of holy wrath
                  | (18 damage)
  4177 | D        | HP: 4/101 [Mennas/+1 sacred scourge of holy wrath (20)]
  4178 | D        | Annihilated by Mennas
                  | ... wielding a +1 sacred scourge of holy wrath
                  | (33 damage)
  4182 | D        | Slain by Mennas
                  | ... wielding a +1 sacred scourge of holy wrath
                  | (20 damage)
  4189 | D        | Mangled by Mennas
                  | ... wielding a +1 sacred scourge of holy wrath
                  | (17 damage)
  4195 | D        | Mangled by Mennas
                  | ... wielding a +1 sacred scourge of holy wrath
                  | (29 damage)
  4197 | D        | Slain by Mennas
                  | ... wielding a +1 sacred scourge of holy wrath
                  | (35 damage)
  4199 | D        | Mangled by Mennas
                  | ... wielding a +1 sacred scourge of holy wrath
                  | (19 damage)
  4201 | D        | Mangled by Mennas
                  | ... wielding a +1 sacred scourge of holy wrath
                  | (22 damage)
  4205 | D        | HP: 1/101 [unseen horror (5)]
  4205 | D        | Mangled by Mennas
                  | ... wielding a +1 sacred scourge of holy wrath
                  | (13 damage)
  4210 | D        | Reached skill level 1 in Maces & Flails
  4210 | D        | Reached skill level 1 in Evocations
  4210 | D        | Slain by Mennas
                  | ... wielding a +1 sacred scourge of holy wrath
                  | (31 damage)
  4216 | D        | Slain by Mennas
                  | ... wielding a +1 sacred scourge of holy wrath
                  | (10 damage)
  4220 | D        | HP: 1/101 [Mennas/+1 sacred scourge of holy wrath (18)]
  4221 | D        | Annihilated by Mennas
                  | ... wielding a +1 sacred scourge of holy wrath
                  | (28 damage)
  4228 | D        | HP: 3/101 [Mennas/+1 sacred scourge of holy wrath (22)]
  4228 | D        | Mangled by Mennas
                  | ... wielding a +1 sacred scourge of holy wrath
                  | (13 damage)
  4232 | D        | Annihilated by Mennas
                  | ... wielding a +1 sacred scourge of holy wrath
                  | (29 damage)
  4238 | D        | Mangled by Mennas
                  | ... wielding a +1 sacred scourge of holy wrath
                  | (19 damage)
  4241 | D        | HP: 3/101 [Mennas/+1 sacred scourge of holy wrath (9)]
  4243 | D        | Annihilated by Mennas
                  | ... wielding a +1 sacred scourge of holy wrath
                  | (27 damage)
  4246 | D        | Mangled by Mennas
                  | ... wielding a +1 sacred scourge of holy wrath
                  | (17 damage)
  4250 | D        | Demolished by Mennas
                  | ... wielding a +1 sacred scourge of holy wrath
                  | (23 damage)
  4253 | D        | Slain by Mennas
                  | ... wielding a +1 sacred scourge of holy wrath
                  | (6 damage)
  4256 | D        | HP: 4/101 [Mennas/+1 sacred scourge of holy wrath (23)]
  4258 | D        | Slain by Mennas
                  | ... wielding a +1 sacred scourge of holy wrath
                  | (5 damage)
  4264 | D        | Slain by Mennas
                  | ... wielding a +1 sacred scourge of holy wrath
                  | (20 damage)
  4266 | D        | HP: 5/101 [Mennas/+1 sacred scourge of holy wrath (25)]
  4268 | D        | Annihilated by Mennas
                  | ... wielding a +1 sacred scourge of holy wrath
                  | (32 damage)
  4271 | D        | Mangled by Mennas
                  | ... wielding a +1 sacred scourge of holy wrath
                  | (21 damage)
  4274 | D        | Demolished by Mennas
                  | ... wielding a +1 sacred scourge of holy wrath
                  | (29 damage)
  4276 | D        | Mangled by Mennas
                  | ... wielding a +1 sacred scourge of holy wrath
                  | (16 damage)
  4281 | D        | Mangled by Mennas
                  | ... wielding a +1 sacred scourge of holy wrath
                  | (17 damage)
  4286 | D        | Mangled by Mennas
                  | ... wielding a +1 sacred scourge of holy wrath
                  | (28 damage)
  4290 | D        | Slain by Mennas
                  | ... wielding a +1 sacred scourge of holy wrath
                  | (20 damage)
  4294 | D        | HP: 2/101 [Mennas/+1 sacred scourge of holy wrath (13)]
  4294 | D        | Demolished by Mennas
                  | ... wielding a +1 sacred scourge of holy wrath
                  | (21 damage)
  4297 | D        | Mangled by Mennas
                  | ... wielding a +1 sacred scourge of holy wrath
                  | (13 damage)
  4301 | D        | Slain by Mennas
                  | ... wielding a +1 sacred scourge of holy wrath
                  | (16 damage)
  4304 | D        | Mangled by Mennas
                  | ... wielding a +1 sacred scourge of holy wrath
                  | (29 damage)
  4309 | D        | Mangled by Mennas
                  | ... wielding a +1 sacred scourge of holy wrath
                  | (35 damage)
  4314 | D        | HP: 4/101 [Mennas/+1 sacred scourge of holy wrath (18)]
  4314 | D        | Demolished by Mennas
                  | ... wielding a +1 sacred scourge of holy wrath
                  | (24 damage)
  4319 | D        | HP: 4/101 [Mennas/+1 sacred scourge of holy wrath (22)]
  4319 | D        | Slain by Mennas
                  | ... wielding a +1 sacred scourge of holy wrath
                  | (7 damage)
  4325 | D        | Mangled by Mennas
                  | ... wielding a +1 sacred scourge of holy wrath
                  | (19 damage)
  4329 | D        | Slain by Mennas
                  | ... wielding a +1 sacred scourge of holy wrath
                  | (20 damage)
  4335 | D        | Slain by Mennas
                  | ... wielding a +1 sacred scourge of holy wrath
                  | (17 damage)
  4338 | D        | Slain by Mennas
                  | ... wielding a +1 sacred scourge of holy wrath
                  | (32 damage)
  4342 | D        | Slain by Mennas
                  | ... wielding a +1 sacred scourge of holy wrath
                  | (31 damage)
  4350 | D        | Slain by Mennas
                  | ... wielding a +1 sacred scourge of holy wrath
                  | (27 damage)
  4354 | D        | Slain by Mennas
                  | ... wielding a +1 sacred scourge of holy wrath
                  | (33 damage)
  4358 | D        | Slain by Mennas
                  | ... wielding a +1 sacred scourge of holy wrath
                  | (18 damage)
  4360 | D        | Slain by Mennas
                  | ... wielding a +1 sacred scourge of holy wrath
                  | (15 damage)
  4362 | D        | Demolished by Mennas
                  | ... wielding a +1 sacred scourge of holy wrath
                  | (35 damage)
  4365 | D        | HP: 3/101 [Mennas/+1 sacred scourge of holy wrath (18)]
  4365 | D        | Mangled by Mennas
                  | ... wielding a +1 sacred scourge of holy wrath
                  | (16 damage)
  4373 | D        | HP: 2/101 [Mennas/+1 sacred scourge of holy wrath (6)]
  4375 | D        | Mangled by Mennas
                  | ... wielding a +1 sacred scourge of holy wrath
                  | (11 damage)
  4378 | D        | Slain by Mennas
                  | ... wielding a +1 sacred scourge of holy wrath
                  | (23 damage)
  4382 | D        | Mangled by Mennas
                  | ... wielding a +1 sacred scourge of holy wrath
                  | (19 damage)
  4385 | D        | Slain by Mennas
                  | ... wielding a +1 sacred scourge of holy wrath
                  | (22 damage)
  4390 | D        | Mangled by Mennas
                  | ... wielding a +1 sacred scourge of holy wrath
                  | (12 damage)
  4395 | D        | HP: 3/101 [Mennas/+1 sacred scourge of holy wrath (24)]
  4397 | D        | Annihilated by Mennas
                  | ... wielding a +1 sacred scourge of holy wrath
                  | (26 damage)
  4400 | D        | HP: 3/101 [Mennas/+1 sacred scourge of holy wrath (25)]
  4402 | D        | Demolished by Mennas
                  | ... wielding a +1 sacred scourge of holy wrath
                  | (21 damage)
  4404 | D        | Slain by Mennas
                  | ... wielding a +1 sacred scourge of holy wrath
                  | (35 damage)
  4411 | D        | Slain by Mennas
                  | ... wielding a +1 sacred scourge of holy wrath
                  | (7 damage)
  4416 | D        | Demolished by Mennas
                  | ... wielding a +1 sacred scourge of holy wrath
                  | (28 damage)
  4419 | D        | Slain by Mennas
                  | ... wielding a +1 sacred scourge of holy wrath
                  | (19 damage)
  4423 | D        | Mangled by Mennas
                  | ... wielding a +1 sacred scourge of holy wrath
                  | (21 damage)
  4428 | D        | Demolished by Mennas
                  | ... wielding a +1 sacred scourge of holy wrath
                  | (30 damage)
  4430 | D        | HP: 3/101 [Mennas/+1 sacred scourge of holy wrath (9)]
  4431 | D        | Demolished by Mennas
                  | ... wielding a +1 sacred scourge of holy wrath
                  | (22 damage)
  4435 | D        | Demolished by Mennas
                  | ... wielding a +1 sacred scourge of holy wrath
                  | (28 damage)
  4441 | D        | Mangled by Mennas
                  | ... wielding a +1 sacred scourge of holy wrath
                  | (20 damage)
  4445 | D        | HP: 3/101 [Mennas/+1 sacred scourge of holy wrath (16)]
  4445 | D        | Demolished by Mennas
                  | ... wielding a +1 sacred scourge of holy wrath
                  | (20 damage)
  4450 | D        | Demolished by Mennas
                  | ... wielding a +1 sacred scourge of holy wrath
                  | (26 damage)
  4454 | D        | HP: 5/101 [Mennas/+1 sacred scourge of holy wrath (13)]
  4454 | D        | Slain by Mennas
                  | ... wielding a +1 sacred scourge of holy wrath
                  | (7 damage)
  4456 | D        | Annihilated by Mennas
                  | ... wielding a +1 sacred scourge of holy wrath
                  | (28 damage)
  4458 | D        | Mangled by Mennas
                  | ... wielding a +1 sacred scourge of holy wrath
                  | (21 damage)
  4463 | D        | Mangled by Mennas
                  | ... wielding a +1 sacred scourge of holy wrath
                  | (18 damage)
  4465 | D        | Slain by Mennas
                  | ... wielding a +1 sacred scourge of holy wrath
                  | (24 damage)
  4469 | D        | HP: 1/101 [Mennas/+1 sacred scourge of holy wrath (9)]
  4470 | D        | Annihilated by Mennas
                  | ... wielding a +1 sacred scourge of holy wrath
                  | (24 damage)
  4474 | D        | Demolished by Mennas
                  | ... wielding a +1 sacred scourge of holy wrath
                  | (22 damage)
  4479 | D        | Mangled by Mennas
                  | ... wielding a +1 sacred scourge of holy wrath
                  | (17 damage)
  4482 | D        | Mangled by Mennas
                  | ... wielding a +1 sacred scourge of holy wrath
                  | (21 damage)
  4487 | D        | Slain by Mennas
                  | ... wielding a +1 sacred scourge of holy wrath
                  | (32 damage)
  4492 | D        | HP: 4/101 [Mennas/+1 sacred scourge of holy wrath (29)]
  4493 | D        | Demolished by Mennas
                  | ... wielding a +1 sacred scourge of holy wrath
                  | (25 damage)
  4496 | D        | Annihilated by Mennas
                  | ... wielding a +1 sacred scourge of holy wrath
                  | (33 damage)
  4503 | D        | Slain by Mennas
                  | ... wielding a +1 sacred scourge of holy wrath
                  | (24 damage)
  4507 | D        | Mangled by Mennas
                  | ... wielding a +1 sacred scourge of holy wrath
                  | (21 damage)
  4510 | D        | HP: 3/101 [Mennas/+1 sacred scourge of holy wrath (21)]
  4510 | D        | Slain by Mennas
                  | ... wielding a +1 sacred scourge of holy wrath
                  | (8 damage)
  4515 | D        | HP: 2/101 [Mennas/+1 sacred scourge of holy wrath (27)]
  4516 | D        | Demolished by Mennas
                  | ... wielding a +1 sacred scourge of holy wrath
                  | (16 damage)
  4519 | D        | Mangled by Mennas
                  | ... wielding a +1 sacred scourge of holy wrath
                  | (11 damage)
  4523 | D        | Mangled by Mennas
                  | ... wielding a +1 sacred scourge of holy wrath
                  | (22 damage)
  4526 | D        | HP: 3/101 [Mennas/+1 sacred scourge of holy wrath (7)]
  4527 | D        | Annihilated by Mennas
                  | ... wielding a +1 sacred scourge of holy wrath
                  | (29 damage)
  4530 | D        | Mangled by Mennas
                  | ... wielding a +1 sacred scourge of holy wrath
                  | (20 damage)
  4534 | D        | HP: 2/101 [Mennas/+1 sacred scourge of holy wrath (14)]
  4535 | D        | Mangled by Mennas
                  | ... wielding a +1 sacred scourge of holy wrath
                  | (14 damage)
  4542 | D        | Slain by Mennas
                  | ... wielding a +1 sacred scourge of holy wrath
                  | (8 damage)
  4544 | D        | Slain by Mennas
                  | ... wielding a +1 sacred scourge of holy wrath
                  | (6 damage)
  4548 | D        | Slain by Mennas
                  | ... wielding a +1 sacred scourge of holy wrath
                  | (25 damage)
  4554 | D        | HP: 3/101 [Mennas/+1 sacred scourge of holy wrath (4)]
  4554 | D        | Slain by Mennas
                  | ... wielding a +1 sacred scourge of holy wrath
                  | (8 damage)
  4559 | D        | Mangled by Mennas
                  | ... wielding a +1 sacred scourge of holy wrath
                  | (14 damage)
  4564 | D        | HP: 5/101 [Mennas/+1 sacred scourge of holy wrath (6)]
  4565 | D        | Slain by Mennas
                  | ... wielding a +1 sacred scourge of holy wrath
                  | (8 damage)
  4567 | D        | Slain by Mennas
                  | ... wielding a +1 sacred scourge of holy wrath
                  | (10 damage)
  4571 | D        | Slain by Mennas
                  | ... wielding a +1 sacred scourge of holy wrath
                  | (26 damage)
  4577 | D        | Mangled by a spatial vortex (18 damage)
  4584 | D        | Slain by Mennas
                  | ... wielding a +1 sacred scourge of holy wrath
                  | (18 damage)
  4587 | D        | Mangled by Mennas
                  | ... wielding a +1 sacred scourge of holy wrath
                  | (21 damage)
  4589 | D        | Slain by Mennas
                  | ... wielding a +1 sacred scourge of holy wrath
                  | (20 damage)
  4593 | D        | HP: 3/101 [Mennas/+1 sacred scourge of holy wrath (12)]
  4594 | D        | Demolished by Mennas
                  | ... wielding a +1 sacred scourge of holy wrath
                  | (24 damage)
  4598 | D        | HP: 3/101 [Mennas/+1 sacred scourge of holy wrath (18)]
  4599 | D        | Mangled by Mennas
                  | ... wielding a +1 sacred scourge of holy wrath
                  | (13 damage)
  4603 | D        | Mangled by Mennas
                  | ... wielding a +1 sacred scourge of holy wrath
                  | (30 damage)
  4608 | D        | Slain by Mennas
                  | ... wielding a +1 sacred scourge of holy wrath
                  | (19 damage)
  4610 | D        | Slain by Mennas
                  | ... wielding a +1 sacred scourge of holy wrath
                  | (15 damage)
  4612 | D        | Mangled by Mennas
                  | ... wielding a +1 sacred scourge of holy wrath
                  | (19 damage)
  4618 | D        | HP: 5/101 [Mennas/+1 sacred scourge of holy wrath (16)]
  4620 | D        | Demolished by Mennas
                  | ... wielding a +1 sacred scourge of holy wrath
                  | (25 damage)
  4625 | D        | HP: 2/101 [Mennas/+1 sacred scourge of holy wrath (16)]
  4626 | D        | Annihilated by Mennas
                  | ... wielding a +1 sacred scourge of holy wrath
                  | (24 damage)
  4629 | D        | Mangled by Mennas
                  | ... wielding a +1 sacred scourge of holy wrath
                  | (27 damage)
  4634 | D        | HP: 2/101 [Mennas/+1 sacred scourge of holy wrath (15)]
  4636 | D        | Slain by Mennas
                  | ... wielding a +1 sacred scourge of holy wrath
                  | (4 damage)
  4643 | D        | Mangled by Mennas
                  | ... wielding a +1 sacred scourge of holy wrath
                  | (15 damage)
  4650 | D        | Mangled by Mennas
                  | ... wielding a +1 sacred scourge of holy wrath
                  | (20 damage)
  4654 | D        | Slain by Mennas
                  | ... wielding a +1 sacred scourge of holy wrath
                  | (12 damage)
  4660 | D        | Mangled by Mennas
                  | ... wielding a +1 sacred scourge of holy wrath
                  | (24 damage)
  4663 | D        | HP: 3/101 [Mennas/+1 sacred scourge of holy wrath (15)]
  4664 | D        | Demolished by Mennas
                  | ... wielding a +1 sacred scourge of holy wrath
                  | (21 damage)
  4671 | D        | Mangled by Mennas
                  | ... wielding a +1 sacred scourge of holy wrath
                  | (27 damage)
  4674 | D        | HP: 1/101 [Mennas/+1 sacred scourge of holy wrath (32)]
  4674 | D        | Slain by Mennas
                  | ... wielding a +1 sacred scourge of holy wrath
                  | (4 damage)
  4677 | D        | Slain by Mennas
                  | ... wielding a +1 sacred scourge of holy wrath
                  | (22 damage)
  4682 | D        | Demolished by Mennas
                  | ... wielding a +1 sacred scourge of holy wrath
                  | (22 damage)
  4685 | D        | Demolished by Mennas
                  | ... wielding a +1 sacred scourge of holy wrath
                  | (28 damage)
  4688 | D        | HP: 2/101 [Mennas/+1 sacred scourge of holy wrath (29)]
  4688 | D        | Demolished by Mennas
                  | ... wielding a +1 sacred scourge of holy wrath
                  | (16 damage)
  4692 | D        | Demolished by Mennas
                  | ... wielding a +1 sacred scourge of holy wrath
                  | (21 damage)
  4698 | D        | Mangled by Mennas
                  | ... wielding a +1 sacred scourge of holy wrath
                  | (20 damage)
  4702 | D        | Slain by Mennas
                  | ... wielding a +1 sacred scourge of holy wrath
                  | (8 damage)
  4707 | D        | Slain by Mennas
                  | ... wielding a +1 sacred scourge of holy wrath
                  | (17 damage)
  4710 | D        | Mangled by Mennas
                  | ... wielding a +1 sacred scourge of holy wrath
                  | (20 damage)
  4713 | D        | HP: 1/101 [Mennas/+1 sacred scourge of holy wrath (20)]
  4714 | D        | Annihilated by Mennas
                  | ... wielding a +1 sacred scourge of holy wrath
                  | (24 damage)
  4719 | D        | Slain by Mennas
                  | ... wielding a +1 sacred scourge of holy wrath
                  | (13 damage)
  4723 | D        | HP: 5/101 [Mennas/+1 sacred scourge of holy wrath (17)]
  4725 | D        | Slain by Mennas
                  | ... wielding a +1 sacred scourge of holy wrath
                  | (9 damage)
  4732 | D        | Mangled by Mennas
                  | ... wielding a +1 sacred scourge of holy wrath
                  | (20 damage)
  4735 | D        | HP: 4/101 [Mennas/+1 sacred scourge of holy wrath (21)]
  4736 | D        | Demolished by Mennas
                  | ... wielding a +1 sacred scourge of holy wrath
                  | (21 damage)
  4741 | D        | Demolished by Mennas
                  | ... wielding a +1 sacred scourge of holy wrath
                  | (26 damage)
  4745 | D        | HP: 1/101 [Mennas/+1 sacred scourge of holy wrath (15)]
  4746 | D        | Demolished by Mennas
                  | ... wielding a +1 sacred scourge of holy wrath
                  | (18 damage)
  4750 | D        | HP: 5/101 [Mennas/+1 sacred scourge of holy wrath (22)]
  4752 | D        | Mangled by Mennas
                  | ... wielding a +1 sacred scourge of holy wrath
                  | (15 damage)
  4756 | D        | Slain by Mennas
                  | ... wielding a +1 sacred scourge of holy wrath
                  | (16 damage)
  4761 | D        | Slain by Mennas
                  | ... wielding a +1 sacred scourge of holy wrath
                  | (28 damage)
  4765 | D        | Mangled by Mennas
                  | ... wielding a +1 sacred scourge of holy wrath
                  | (29 damage)
  4767 | D        | HP: 5/101 [Mennas/+1 sacred scourge of holy wrath (20)]
  4768 | D        | Slain by Mennas
                  | ... wielding a +1 sacred scourge of holy wrath
                  | (9 damage)
  4771 | D        | Demolished by Mennas
                  | ... wielding a +1 sacred scourge of holy wrath
                  | (31 damage)
  4776 | D        | Mangled by Mennas
                  | ... wielding a +1 sacred scourge of holy wrath
                  | (17 damage)
  4779 | D        | HP: 2/101 [Mennas/+1 sacred scourge of holy wrath (20)]
  4779 | D        | Mangled by Mennas
                  | ... wielding a +1 sacred scourge of holy wrath
                  | (11 damage)
  4784 | D        | Slain by Mennas
                  | ... wielding a +1 sacred scourge of holy wrath
                  | (6 damage)
  4789 | D        | Mangled by Mennas
                  | ... wielding a +1 sacred scourge of holy wrath
                  | (21 damage)
  4793 | D        | HP: 4/101 [Mennas/+1 sacred scourge of holy wrath (10)]
  4793 | D        | Demolished by Mennas
                  | ... wielding a +1 sacred scourge of holy wrath
                  | (18 damage)
  4796 | D        | Slain by Mennas
                  | ... wielding a +1 sacred scourge of holy wrath
                  | (14 damage)
  4807 | D        | Demolished by Mennas
                  | ... wielding a +1 sacred scourge of holy wrath
                  | (25 damage)
  4814 | D        | HP: 3/101 [Mennas/+1 sacred scourge of holy wrath (17)]
  4815 | D        | Slain by Mennas
                  | ... wielding a +1 sacred scourge of holy wrath
                  | (7 damage)
  4819 | D        | Slain by Mennas
                  | ... wielding a +1 sacred scourge of holy wrath
                  | (18 damage)
  4825 | D        | Slain by Mennas
                  | ... wielding a +1 sacred scourge of holy wrath
                  | (9 damage)
  4829 | D        | HP: 3/101 [Mennas/+1 sacred scourge of holy wrath (36)]
  4829 | D        | HP: 1/101 [Mennas/+1 sacred scourge of holy wrath (2)]
  4830 | D        | Mangled by Mennas
                  | ... wielding a +1 sacred scourge of holy wrath
                  | (7 damage)
  4836 | D        | HP: 5/101 [Mennas/+1 sacred scourge of holy wrath (7)]
  4838 | D        | Demolished by Mennas
                  | ... wielding a +1 sacred scourge of holy wrath
                  | (25 damage)
  4842 | D        | Demolished by Mennas
                  | ... wielding a +1 sacred scourge of holy wrath
                  | (27 damage)
  4846 | D        | HP: 5/101 [Mennas/+1 sacred scourge of holy wrath (22)]
  4846 | D        | Slain by Mennas
                  | ... wielding a +1 sacred scourge of holy wrath
                  | (7 damage)
  4853 | D        | Mangled by Mennas
                  | ... wielding a +1 sacred scourge of holy wrath
                  | (22 damage)
  4858 | D        | Demolished by Mennas
                  | ... wielding a +1 sacred scourge of holy wrath
                  | (24 damage)
  4863 | D        | Mangled by Mennas
                  | ... wielding a +1 sacred scourge of holy wrath
                  | (30 damage)
  4871 | D        | Mangled by Mennas
                  | ... wielding a +1 sacred scourge of holy wrath
                  | (19 damage)
  4877 | D        | Mangled by Mennas
                  | ... wielding a +1 sacred scourge of holy wrath
                  | (24 damage)
  4879 | D        | Mangled by Mennas
                  | ... wielding a +1 sacred scourge of holy wrath
                  | (24 damage)
  4889 | D        | Mangled by Mennas
                  | ... wielding a +1 sacred scourge of holy wrath
                  | (17 damage)
  4891 | D        | HP: 4/99 [Mennas/+1 sacred scourge of holy wrath (1)]
  4892 | D        | Demolished by Mennas
                  | ... wielding a +1 sacred scourge of holy wrath
                  | (22 damage)
  4896 | D        | Annihilated by Mennas
                  | ... wielding a +1 sacred scourge of holy wrath
                  | (32 damage)
  4900 | D        | HP: 4/99 [Mennas/+1 sacred scourge of holy wrath (25)]
  4900 | D        | Demolished by Mennas
                  | ... wielding a +1 sacred scourge of holy wrath
                  | (23 damage)
  4905 | D        | Demolished by Mennas
                  | ... wielding a +1 sacred scourge of holy wrath
                  | (29 damage)
  4909 | D        | Mangled by Mennas
                  | ... wielding a +1 sacred scourge of holy wrath
                  | (14 damage)
  4912 | D        | Slain by Mennas

Illustrated notes

Levels and vault maps discovered:
D:        dungeon_sprint_mu [sprint_mu_entry_forest, sprint_mu_temple_rooms,
          sprint_mu_d1_horrors, sprint_mu_d2_genie, sprint_mu_d3_branching,
          sprint_mu_orc_legion, sprint_mu_elf_gauntlet, sprint_mu_hive_nellie,
          sprint_mu_lair_fedhas, sprint_mu_vaults_butterflies,
          sprint_mu_slime_circle, sprint_mu_swamp_cave, sprint_mu_snake_twists,
          sprint_mu_blade_basic, sprint_mu_crypt_fortress,
          sprint_mu_tomb_spiral, sprint_mu_vestibule_basic,
          sprint_mu_gehenna_hellfire, sprint_mu_dis_giant,
          sprint_mu_tartarus_statrot, sprint_mu_cocytus_islands, sprint_mu_zot1]

Skill      XL: |  1  2  3  4  5  6  7  8  9 10 11 |
---------------+----------------------------------+-----
Short Blades   | 3 4 6 7 8 9 |  9.7
Dodging        | 3 4 5 6 7 9 |  9.9
Fighting       | 2 3 5 7 8 9 10 | 10.7
Long Blades    | 1 2 4 6 8 10 11 | 11.3
Throwing       | 2 3 4 5 6 7 8 9 |  9.2
Armour         | 1 2 4 6 7 |  7.8
Stealth        | 1 2 4 5 6 7 8 9 |  9.6
Unarmed Combat | 1 2 4 5 7 8 |  8.7
Spellcasting   | 1 3 4 5 6 7 |  7.8
Transmutations | 2 4 |  4.0
Maces & Flails | 1 |  1.2
Evocations     | 1 |  1.1

Action                     |  1- 3 |  4- 6 |  7- 9 | 10-12 || total
---------------------------+-------+-------+-------+-------++-------
  Melee: Rapier            |    60 |    25 |       |   218 ||   303
         Punch             |     1 |       |    18 |   115 ||   134
         Long sword        |       |    21 |   384 |  2010 ||  2415
         Scimitar          |       |       |       |   249 ||   249
         Kick              |       |       |       |    11 ||    11
         Headbutt          |       |       |       |     4 ||     4
  Throw: Throwing net      |       |       |       |     7 ||     7
         Javelin           |       |       |       |     2 ||     2
   Cast: Beastly Appendage |       |       |       |     2 ||     2
  Evoke: Wand              |       |       |       |     1 ||     1
    Use: Potion            |       |       |       |     1 ||     1
   Stab: Sleeping          |       |     1 |       |       ||     1
 Armour: Leather armour    |    14 |    10 |   234 |   535 ||   793
         Plate armour      |       |       |       |    41 ||    41
  Dodge: Dodged            |    34 |    22 |   486 |  3704 ||  4246
